Workbook
Name additional_provider: 'Additional Provider'!$B$23:$R$37
Name BillType: [1]Crossreference!$BF$2:$BF$3
Name BillType: Crossreference!$BF$2:$BF$3
Name CXArray: [1]Crossreference!$B$2:$BD$55
Name CXArray: Crossreference!$B$2:$BD$55
Name CXNumber: [1]Crossreference!$A$2:$A$55
Name CXNumber: Crossreference!$A$2:$A$55
Name CXState: [1]Crossreference!$B$1:$BD$1
Name CXState: Crossreference!$B$1:$BD$1
Name lstToDoHighlights: #REF!
Name National: #REF!
Name ParStatus: [1]Crossreference!$BH$2:$BH$4
Name ParStatus: Crossreference!$BH$2:$BH$6
Name RHINSTTable: 'Relay INST 10.12.2023'!$1:$1048576
Name RHTABLE: '[1]Relay Sept 2015'!$A$2:$L$5312
Name RHTABLE: 'Relay 01.02.2024'!$A$2:$L$14627
Name Tabledata: #REF!
Name Tabledata: #REF!
Name Tabledata: #REF!
Name Top40Unique: '[1]AMD Top 40 Unique'!$A$1:$O$2089
Name Top40Unique: 'AMD Top 40 Unique'!$A$1:$P$2089
Name valHEnd: #REF!
Name valHStart: #REF!
Name YesNo: [1]Crossreference!$BG$2:$BG$3
Name YesNo: Crossreference!$BG$2:$BG$3

Sheet Instructions
A1: Welcome!
A3: We're excited to welcome you to AdvancedMD! The Professional Services team is anxious to have everything ready for you as quickly as possible! We need to gather some additional information that will help clear up questions we may need to answer later. Sending this information over quickly will result in a more efficient set up of your system. If you have any questions about these requests please let us know.
A7: One of the most important things that will be completed during our time together is EDI Agreements for electronic Claim submission and ERAs. To ensure accuracy and to avoid any delays with submitting claims or receiving payment we ask for a copy of your Welcome Letter, or an EOB or ERA from your most billed carriers. To be compliant with HIPAA and protecting PHI the patient information can and should be blocked out prior to uploading these documents. The link to securely send us those documents was included in the main email you have already received.
A12: We've separated out the information we need into multiple tabs across the bottom of this document. We've color coded those tabs for convenience. From this tab please go to the Green tab labeled "Group and Provider Info". Please include the associated Address, NPIs, Tax ID, and contact information for your Practice, Group(s) and Provider(s).
A15: Next go to the Blue tab labeled "Carriers". This tab includes carriers we've identified for your state and nationally. Next to each carrier please identify if you are currently credentialed, pending credentialing, planning on credentialing or not participating with that carrier. If you are credentialed with a carrier please let us know if it as a Group or Provider. This information can also be found on your welcome letter from the carrier or an EOB/ERA.
A19: If we do not have a carrier you bill listed on the Blue tab you can add it to the Red tab labeled "Additional Carriers". We'll make sure these carriers are set up in your software and ready to use. We ask for the same information (credentialing status etc) and ask for the mailing address you use for paper claims.
A23: Your Implementation Consultant will review all of this with you and be able to make any changes as needed.

Sheet Group and Provider Info
B1: Practice, Group and Provider Information
B3: Practice | E3: Practice EDI Contact
B4: Practice Name | C4: Capital Chiropractic and Pain | E4: Please identify the contact in your office for EDI Agreements
B5: Practice Street Address | C5: Office Suite | E5: Name
B6: City | C6: Detroit | E6: Title
B7: State | C7: Michigan | E7: Email
B8: Zip (9-digit) | E8: Phone
B9: Pay to Address (if different than above) | E9: Fax
B10: City, St Zip (9-digit) | E10: eClaims Activation Date
B11: Phone # | E11: ERA Activation Date
B12: Fax # | E12: Previous Clearinghouse
B13: Tax ID | E13: Set-up EDI Agreements | F13: Yes
B14: Authorized Signee for Practice | E14: Add'l state credentialed in? | F14: Click Here
B15: Click here to open the NPPES website to look up your taxonomy code
B17: Groups
B18: Name | C18: Address | D18: Zip | E18: City, ST | F18: Tax ID | G18: CLIA | H18: Taxonomy | I18: NPI
B26: Providers | J26: *Required if EPCS is purchased | L26: Does this Provider need EPCS?
B27: Name & Title (ex: John Doe, MD) | C27: Address | D27: Zip | E27: City, ST | F27: Tax ID | G27: CLIA | H27: Taxonomy | I27: NPI | J27: DEA* | K27: Prescribing Email*
B53: 10.2024

Sheet Carriers
A1: State: | C1: ='Group and Provider Info'!C7 -> Michigan | H1: ='Group and Provider Info'!F14 -> Click Here | I1: =15-COUNTIF(H30:H44,"Error") -> 15
A3: AdvancedMD has identied the top carriers for the state you selected on the previous page. Your office key will be setup with the following carriers. On any carrier you bill please indicate your credentialing status with that carrier and if you are credentialed as a group or a provider. If you would like additional carriers setup outside of this list, please fill out the "Additional Carriers" tab. Please attach copies of Welcome Letters or EOBs with this form.
A4: Please complete the 4 columns that are indicated as Client Information. Each column can be hovered over to review a definition of what information should be provided. If you have any questions about how to complete this sheet, please contact your sales representative.
A6: Internal Use | B6: Client Information | H6: Carrier Information | J6: ChangeHealthcare information
A7: Setup EDI Agreements | B7: Credentialing Status | C7: Bill as Group or Provider | D7: Group/Provider IDs | E7: Top Carrier | H7: Carrier Name | I7: Payer ID | J7: CPID | K7: Connections Available | P7: Agreement(s) Required
K8: Claims | L8: Remittance | M8: Eligibility | N8: Claim Status | O8: Attachment
H9: National Carriers
H10: AARP | I10: =VLOOKUP(J10,RHTABLE,3,FALSE) -> 36273 | J10: 5271 | K10: =IFERROR(IF(OR(VLOOKUP(J10,RHTABLE,8,FALSE)="Yes",VLOOKUP(J10,RHTABLE,8,FALSE)="Yes-Agreement"),"Yes","No"),"Error") -> Yes | L10: =IFERROR(IF(OR(VLOOKUP(J10,RHTABLE,9,FALSE)="Yes",VLOOKUP(J10,RHTABLE,9,FALSE)="Yes-Agreement"),"Yes","No"),"Error") -> Yes | M10: =IFERROR(IF(OR(VLOOKUP(J10,RHTABLE,10,FALSE)="Yes",VLOOKUP(J10,RHTABLE,10,FALSE)="Yes-Agreement"),"Yes","No"),"Error") -> Yes | N10: =IFERROR(IF(OR(VLOOKUP(J10,RHTABLE,11,FALSE)="Yes",VLOOKUP(J10,RHTABLE,11,FALSE)="Yes-Agreement"),"Yes","No"),"Error") -> No | O10: =IFERROR(IF(OR(VLOOKUP(J10,RHTABLE,12,FALSE)="Yes",VLOOKUP(J10,RHTABLE,12,FALSE)="Yes-Agreement"),"Yes","No"),"Error") -> No | P10: =VLOOKUP(J10,RHTABLE,12,FALSE) -> R
H11: AETNA | I11: =VLOOKUP(J11,RHTABLE,3,FALSE) -> 60054 | J11: 6400 | K11: =IFERROR(IF(OR(VLOOKUP(J11,RHTABLE,8,FALSE)="Yes",VLOOKUP(J11,RHTABLE,8,FALSE)="Yes-Agreement"),"Yes","No"),"Error") -> Yes | L11: =IFERROR(IF(OR(VLOOKUP(J11,RHTABLE,9,FALSE)="Yes",VLOOKUP(J11,RHTABLE,9,FALSE)="Yes-Agreement"),"Yes","No"),"Error") -> Yes | M11: =IFERROR(IF(OR(VLOOKUP(J11,RHTABLE,10,FALSE)="Yes",VLOOKUP(J11,RHTABLE,10,FALSE)="Yes-Agreement"),"Yes","No"),"Error") -> Yes | N11: =IFERROR(IF(OR(VLOOKUP(J11,RHTABLE,11,FALSE)="Yes",VLOOKUP(J11,RHTABLE,11,FALSE)="Yes-Agreement"),"Yes","No"),"Error") -> Yes | O11: =IFERROR(IF(OR(VLOOKUP(J11,RHTABLE,12,FALSE)="Yes",VLOOKUP(J11,RHTABLE,12,FALSE)="Yes-Agreement"),"Yes","No"),"Error") -> No | P11: =VLOOKUP(J11,RHTABLE,12,FALSE) -> R
H12: AMERICAN SPECIALTY HEALTH | I12: =VLOOKUP(J12,RHTABLE,3,FALSE) -> 43146 | J12: 4875 | K12: =IFERROR(IF(OR(VLOOKUP(J12,RHTABLE,8,FALSE)="Yes",VLOOKUP(J12,RHTABLE,8,FALSE)="Yes-Agreement"),"Yes","No"),"Error") -> Yes | L12: =IFERROR(IF(OR(VLOOKUP(J12,RHTABLE,9,FALSE)="Yes",VLOOKUP(J12,RHTABLE,9,FALSE)="Yes-Agreement"),"Yes","No"),"Error") -> No | M12: =IFERROR(IF(OR(VLOOKUP(J12,RHTABLE,10,FALSE)="Yes",VLOOKUP(J12,RHTABLE,10,FALSE)="Yes-Agreement"),"Yes","No"),"Error") -> No | N12: =IFERROR(IF(OR(VLOOKUP(J12,RHTABLE,11,FALSE)="Yes",VLOOKUP(J12,RHTABLE,11,FALSE)="Yes-Agreement"),"Yes","No"),"Error") -> No | O12: =IFERROR(IF(OR(VLOOKUP(J12,RHTABLE,12,FALSE)="Yes",VLOOKUP(J12,RHTABLE,12,FALSE)="Yes-Agreement"),"Yes","No"),"Error") -> No | P12: =VLOOKUP(J12,RHTABLE,12,FALSE) -> R
H13: AMERIGROUP CORPORATION | I13: =VLOOKUP(J13,RHTABLE,3,FALSE) -> 26375 | J13: 1741 | K13: =IFERROR(IF(OR(VLOOKUP(J13,RHTABLE,8,FALSE)="Yes",VLOOKUP(J13,RHTABLE,8,FALSE)="Yes-Agreement"),"Yes","No"),"Error") -> Yes | L13: =IFERROR(IF(OR(VLOOKUP(J13,RHTABLE,9,FALSE)="Yes",VLOOKUP(J13,RHTABLE,9,FALSE)="Yes-Agreement"),"Yes","No"),"Error") -> Yes | M13: =IFERROR(IF(OR(VLOOKUP(J13,RHTABLE,10,FALSE)="Yes",VLOOKUP(J13,RHTABLE,10,FALSE)="Yes-Agreement"),"Yes","No"),"Error") -> Yes | N13: =IFERROR(IF(OR(VLOOKUP(J13,RHTABLE,11,FALSE)="Yes",VLOOKUP(J13,RHTABLE,11,FALSE)="Yes-Agreement"),"Yes","No"),"Error") -> Yes | O13: =IFERROR(IF(OR(VLOOKUP(J13,RHTABLE,12,FALSE)="Yes",VLOOKUP(J13,RHTABLE,12,FALSE)="Yes-Agreement"),"Yes","No"),"Error") -> No | P13: =VLOOKUP(J13,RHTABLE,12,FALSE) -> R
H14: ANTHEM BLUE CROSS | I14: =VLOOKUP(J14,RHTABLE,3,FALSE) -> 47198 | J14: 4417 | K14: =IFERROR(IF(OR(VLOOKUP(J14,RHTABLE,8,FALSE)="Yes",VLOOKUP(J14,RHTABLE,8,FALSE)="Yes-Agreement"),"Yes","No"),"Error") -> Yes | L14: =IFERROR(IF(OR(VLOOKUP(J14,RHTABLE,9,FALSE)="Yes",VLOOKUP(J14,RHTABLE,9,FALSE)="Yes-Agreement"),"Yes","No"),"Error") -> Yes | M14: =IFERROR(IF(OR(VLOOKUP(J14,RHTABLE,10,FALSE)="Yes",VLOOKUP(J14,RHTABLE,10,FALSE)="Yes-Agreement"),"Yes","No"),"Error") -> Yes | N14: =IFERROR(IF(OR(VLOOKUP(J14,RHTABLE,11,FALSE)="Yes",VLOOKUP(J14,RHTABLE,11,FALSE)="Yes-Agreement"),"Yes","No"),"Error") -> Yes | O14: =IFERROR(IF(OR(VLOOKUP(J14,RHTABLE,12,FALSE)="Yes",VLOOKUP(J14,RHTABLE,12,FALSE)="Yes-Agreement"),"Yes","No"),"Error") -> No | P14: =VLOOKUP(J14,RHTABLE,12,FALSE) -> R
H15: CHAMPVA | I15: =VLOOKUP(J15,RHTABLE,3,FALSE) -> 84146 | J15: 3807 | K15: =IFERROR(IF(OR(VLOOKUP(J15,RHTABLE,8,FALSE)="Yes",VLOOKUP(J15,RHTABLE,8,FALSE)="Yes-Agreement"),"Yes","No"),"Error") -> Yes | L15: =IFERROR(IF(OR(VLOOKUP(J15,RHTABLE,9,FALSE)="Yes",VLOOKUP(J15,RHTABLE,9,FALSE)="Yes-Agreement"),"Yes","No"),"Error") -> Yes | M15: =IFERROR(IF(OR(VLOOKUP(J15,RHTABLE,10,FALSE)="Yes",VLOOKUP(J15,RHTABLE,10,FALSE)="Yes-Agreement"),"Yes","No"),"Error") -> Yes | N15: =IFERROR(IF(OR(VLOOKUP(J15,RHTABLE,11,FALSE)="Yes",VLOOKUP(J15,RHTABLE,11,FALSE)="Yes-Agreement"),"Yes","No"),"Error") -> Yes | O15: =IFERROR(IF(OR(VLOOKUP(J15,RHTABLE,12,FALSE)="Yes",VLOOKUP(J15,RHTABLE,12,FALSE)="Yes-Agreement"),"Yes","No"),"Error") -> No | P15: =VLOOKUP(J15,RHTABLE,12,FALSE) -> R
H16: CIGNA | I16: =VLOOKUP(J16,RHTABLE,3,FALSE) -> 62308 | J16: 6405 | K16: =IFERROR(IF(OR(VLOOKUP(J16,RHTABLE,8,FALSE)="Yes",VLOOKUP(J16,RHTABLE,8,FALSE)="Yes-Agreement"),"Yes","No"),"Error") -> Yes | L16: =IFERROR(IF(OR(VLOOKUP(J16,RHTABLE,9,FALSE)="Yes",VLOOKUP(J16,RHTABLE,9,FALSE)="Yes-Agreement"),"Yes","No"),"Error") -> Yes | M16: =IFERROR(IF(OR(VLOOKUP(J16,RHTABLE,10,FALSE)="Yes",VLOOKUP(J16,RHTABLE,10,FALSE)="Yes-Agreement"),"Yes","No"),"Error") -> Yes | N16: =IFERROR(IF(OR(VLOOKUP(J16,RHTABLE,11,FALSE)="Yes",VLOOKUP(J16,RHTABLE,11,FALSE)="Yes-Agreement"),"Yes","No"),"Error") -> No | O16: =IFERROR(IF(OR(VLOOKUP(J16,RHTABLE,12,FALSE)="Yes",VLOOKUP(J16,RHTABLE,12,FALSE)="Yes-Agreement"),"Yes","No"),"Error") -> No | P16: =VLOOKUP(J16,RHTABLE,12,FALSE) -> R
H17: CIGNA SELECT | I17: =VLOOKUP(J17,RHTABLE,3,FALSE) -> 62308 | J17: 6408 | K17: =IFERROR(IF(OR(VLOOKUP(J17,RHTABLE,8,FALSE)="Yes",VLOOKUP(J17,RHTABLE,8,FALSE)="Yes-Agreement"),"Yes","No"),"Error") -> Yes | L17: =IFERROR(IF(OR(VLOOKUP(J17,RHTABLE,9,FALSE)="Yes",VLOOKUP(J17,RHTABLE,9,FALSE)="Yes-Agreement"),"Yes","No"),"Error") -> Yes | M17: =IFERROR(IF(OR(VLOOKUP(J17,RHTABLE,10,FALSE)="Yes",VLOOKUP(J17,RHTABLE,10,FALSE)="Yes-Agreement"),"Yes","No"),"Error") -> No | N17: =IFERROR(IF(OR(VLOOKUP(J17,RHTABLE,11,FALSE)="Yes",VLOOKUP(J17,RHTABLE,11,FALSE)="Yes-Agreement"),"Yes","No"),"Error") -> No | O17: =IFERROR(IF(OR(VLOOKUP(J17,RHTABLE,12,FALSE)="Yes",VLOOKUP(J17,RHTABLE,12,FALSE)="Yes-Agreement"),"Yes","No"),"Error") -> No | P17: =VLOOKUP(J17,RHTABLE,12,FALSE) -> R
H18: GEHA | I18: =VLOOKUP(J18,RHTABLE,3,FALSE) -> 44054 | J18: 6467 | K18: =IFERROR(IF(OR(VLOOKUP(J18,RHTABLE,8,FALSE)="Yes",VLOOKUP(J18,RHTABLE,8,FALSE)="Yes-Agreement"),"Yes","No"),"Error") -> Yes | L18: =IFERROR(IF(OR(VLOOKUP(J18,RHTABLE,9,FALSE)="Yes",VLOOKUP(J18,RHTABLE,9,FALSE)="Yes-Agreement"),"Yes","No"),"Error") -> Yes | M18: =IFERROR(IF(OR(VLOOKUP(J18,RHTABLE,10,FALSE)="Yes",VLOOKUP(J18,RHTABLE,10,FALSE)="Yes-Agreement"),"Yes","No"),"Error") -> Yes | N18: =IFERROR(IF(OR(VLOOKUP(J18,RHTABLE,11,FALSE)="Yes",VLOOKUP(J18,RHTABLE,11,FALSE)="Yes-Agreement"),"Yes","No"),"Error") -> No | O18: =IFERROR(IF(OR(VLOOKUP(J18,RHTABLE,12,FALSE)="Yes",VLOOKUP(J18,RHTABLE,12,FALSE)="Yes-Agreement"),"Yes","No"),"Error") -> No | P18: =VLOOKUP(J18,RHTABLE,12,FALSE) -> R
H19: GOLDEN RULE | I19: =VLOOKUP(J19,RHTABLE,3,FALSE) -> 37602 | J19: 6483 | K19: =IFERROR(IF(OR(VLOOKUP(J19,RHTABLE,8,FALSE)="Yes",VLOOKUP(J19,RHTABLE,8,FALSE)="Yes-Agreement"),"Yes","No"),"Error") -> Yes | L19: =IFERROR(IF(OR(VLOOKUP(J19,RHTABLE,9,FALSE)="Yes",VLOOKUP(J19,RHTABLE,9,FALSE)="Yes-Agreement"),"Yes","No"),"Error") -> Yes | M19: =IFERROR(IF(OR(VLOOKUP(J19,RHTABLE,10,FALSE)="Yes",VLOOKUP(J19,RHTABLE,10,FALSE)="Yes-Agreement"),"Yes","No"),"Error") -> Yes | N19: =IFERROR(IF(OR(VLOOKUP(J19,RHTABLE,11,FALSE)="Yes",VLOOKUP(J19,RHTABLE,11,FALSE)="Yes-Agreement"),"Yes","No"),"Error") -> No | O19: =IFERROR(IF(OR(VLOOKUP(J19,RHTABLE,12,FALSE)="Yes",VLOOKUP(J19,RHTABLE,12,FALSE)="Yes-Agreement"),"Yes","No"),"Error") -> No | P19: =VLOOKUP(J19,RHTABLE,12,FALSE) -> R
H20: HUMANA | I20: =VLOOKUP(J20,RHTABLE,3,FALSE) -> 61101 | J20: 2449 | K20: =IFERROR(IF(OR(VLOOKUP(J20,RHTABLE,8,FALSE)="Yes",VLOOKUP(J20,RHTABLE,8,FALSE)="Yes-Agreement"),"Yes","No"),"Error") -> Yes | L20: =IFERROR(IF(OR(VLOOKUP(J20,RHTABLE,9,FALSE)="Yes",VLOOKUP(J20,RHTABLE,9,FALSE)="Yes-Agreement"),"Yes","No"),"Error") -> Yes | M20: =IFERROR(IF(OR(VLOOKUP(J20,RHTABLE,10,FALSE)="Yes",VLOOKUP(J20,RHTABLE,10,FALSE)="Yes-Agreement"),"Yes","No"),"Error") -> Yes | N20: =IFERROR(IF(OR(VLOOKUP(J20,RHTABLE,11,FALSE)="Yes",VLOOKUP(J20,RHTABLE,11,FALSE)="Yes-Agreement"),"Yes","No"),"Error") -> No | O20: =IFERROR(IF(OR(VLOOKUP(J20,RHTABLE,12,FALSE)="Yes",VLOOKUP(J20,RHTABLE,12,FALSE)="Yes-Agreement"),"Yes","No"),"Error") -> No | P20: =VLOOKUP(J20,RHTABLE,12,FALSE) -> R
H21: MERITAIN HEALTH | I21: =VLOOKUP(J21,RHTABLE,3,FALSE) -> 41124 | J21: 1708 | K21: =IFERROR(IF(OR(VLOOKUP(J21,RHTABLE,8,FALSE)="Yes",VLOOKUP(J21,RHTABLE,8,FALSE)="Yes-Agreement"),"Yes","No"),"Error") -> Yes | L21: =IFERROR(IF(OR(VLOOKUP(J21,RHTABLE,9,FALSE)="Yes",VLOOKUP(J21,RHTABLE,9,FALSE)="Yes-Agreement"),"Yes","No"),"Error") -> Yes | M21: =IFERROR(IF(OR(VLOOKUP(J21,RHTABLE,10,FALSE)="Yes",VLOOKUP(J21,RHTABLE,10,FALSE)="Yes-Agreement"),"Yes","No"),"Error") -> Yes | N21: =IFERROR(IF(OR(VLOOKUP(J21,RHTABLE,11,FALSE)="Yes",VLOOKUP(J21,RHTABLE,11,FALSE)="Yes-Agreement"),"Yes","No"),"Error") -> No | O21: =IFERROR(IF(OR(VLOOKUP(J21,RHTABLE,12,FALSE)="Yes",VLOOKUP(J21,RHTABLE,12,FALSE)="Yes-Agreement"),"Yes","No"),"Error") -> No | P21: =VLOOKUP(J21,RHTABLE,12,FALSE) -> R
... H27: WELLCARE | I27: =VLOOKUP(J27,RHTABLE,3,FALSE) -> 14163 | J27: 1844 | K27: =IFERROR(IF(OR(VLOOKUP(J27,RHTABLE,8,FALSE)="Yes",VLOOKUP(J27,RHTABLE,8,FALSE)="Yes-Agreement"),"Yes","No"),"Error") -> Yes | L27: =IFERROR(IF(OR(VLOOKUP(J27,RHTABLE,9,FALSE)="Yes",VLOOKUP(J27,RHTABLE,9,FALSE)="Yes-Agreement"),"Yes","No"),"Error") -> Yes | M27: =IFERROR(IF(OR(VLOOKUP(J27,RHTABLE,10,FALSE)="Yes",VLOOKUP(J27,RHTABLE,10,FALSE)="Yes-Agreement"),"Yes","No"),"Error") -> Yes | N27: =IFERROR(IF(OR(VLOOKUP(J27,RHTABLE,11,FALSE)="Yes",VLOOKUP(J27,RHTABLE,11,FALSE)="Yes-Agreement"),"Yes","No"),"Error") -> Yes | O27: =IFERROR(IF(OR(VLOOKUP(J27,RHTABLE,12,FALSE)="Yes",VLOOKUP(J27,RHTABLE,12,FALSE)="Yes-Agreement"),"Yes","No"),"Error") -> No | P27: =VLOOKUP(J27,RHTABLE,12,FALSE) -> R
H29: =IF(C1="Click Here","",C1&" "&"Carriers") -> Michigan Carriers
G30: 1 | H30: =IFERROR(VLOOKUP(INDEX(CXArray,MATCH(G30,CXNumber,0),MATCH($C$1,[0]!CXState,0)),Top40Unique,4,FALSE),"Error") -> BLUE CARE NETWORK HMO | I30: =IFERROR(VLOOKUP(INDEX(CXArray,MATCH(G30,CXNumber,0),MATCH($C$1,CXState,0)),Top40Unique,6,FALSE),1) -> 710 | J30: =IFERROR(VLOOKUP(INDEX(CXArray,MATCH(G30,CXNumber,0),MATCH($C$1,CXState,0)),Top40Unique,3,FALSE),1) -> 2426 | K30: =IFERROR(IF(OR(VLOOKUP(J30,RHTABLE,8,FALSE)="Yes",VLOOKUP(J30,RHTABLE,8,FALSE)="Yes-Agreement"),"Yes","No"),"Error") -> Yes | L30: =IFERROR(IF(OR(VLOOKUP(J30,RHTABLE,9,FALSE)="Yes",VLOOKUP(J30,RHTABLE,9,FALSE)="Yes-Agreement"),"Yes","No"),"Error") -> Yes | M30: =IFERROR(IF(OR(VLOOKUP(J30,RHTABLE,10,FALSE)="Yes",VLOOKUP(J30,RHTABLE,10,FALSE)="Yes-Agreement"),"Yes","No"),"Error") -> Yes | N30: =IFERROR(IF(OR(VLOOKUP(J30,RHTABLE,11,FALSE)="Yes",VLOOKUP(J30,RHTABLE,11,FALSE)="Yes-Agreement"),"Yes","No"),"Error") -> No | O30: =IFERROR(IF(OR(VLOOKUP(J30,RHTABLE,12,FALSE)="Yes",VLOOKUP(J30,RHTABLE,12,FALSE)="Yes-Agreement"),"Yes","No"),"Error") -> No | P30: =VLOOKUP(J30,RHTABLE,12,FALSE) -> R
G31: =IF(H30<>0,G30+1,IF(G30>G29,1,0)) -> 2 | H31: =IFERROR(VLOOKUP(INDEX(CXArray,MATCH(G31,CXNumber,0),MATCH($C$1,CXState,0)),Top40Unique,4,FALSE),"Error") -> HEALTH ALLIANCE PLAN | I31: =IFERROR(VLOOKUP(INDEX(CXArray,MATCH(G31,CXNumber,0),MATCH($C$1,CXState,0)),Top40Unique,6,FALSE),1) -> 382242827 | J31: =IFERROR(VLOOKUP(INDEX(CXArray,MATCH(G31,CXNumber,0),MATCH($C$1,CXState,0)),Top40Unique,3,FALSE),1) -> 6466 | K31: =IFERROR(IF(OR(VLOOKUP(J31,RHTABLE,8,FALSE)="Yes",VLOOKUP(J31,RHTABLE,8,FALSE)="Yes-Agreement"),"Yes","No"),"Error") -> Yes | L31: =IFERROR(IF(OR(VLOOKUP(J31,RHTABLE,9,FALSE)="Yes",VLOOKUP(J31,RHTABLE,9,FALSE)="Yes-Agreement"),"Yes","No"),"Error") -> Yes | M31: =IFERROR(IF(OR(VLOOKUP(J31,RHTABLE,10,FALSE)="Yes",VLOOKUP(J31,RHTABLE,10,FALSE)="Yes-Agreement"),"Yes","No"),"Error") -> Yes | N31: =IFERROR(IF(OR(VLOOKUP(J31,RHTABLE,11,FALSE)="Yes",VLOOKUP(J31,RHTABLE,11,FALSE)="Yes-Agreement"),"Yes","No"),"Error") -> No | O31: =IFERROR(IF(OR(VLOOKUP(J31,RHTABLE,12,FALSE)="Yes",VLOOKUP(J31,RHTABLE,12,FALSE)="Yes-Agreement"),"Yes","No"),"Error") -> No | P31: =VLOOKUP(J31,RHTABLE,12,FALSE) -> R
G32: =IF(H31<>"Error",G31+1,IF(G31>G30,1,0)) -> 3 | H32: =IFERROR(VLOOKUP(INDEX(CXArray,MATCH(G32,CXNumber,0),MATCH($C$1,CXState,0)),Top40Unique,4,FALSE),"Error") -> HEALTH PLAN OF MICHIGAN | I32: =IFERROR(VLOOKUP(INDEX(CXArray,MATCH(G32,CXNumber,0),MATCH($C$1,CXState,0)),Top40Unique,6,FALSE),1) -> 52563 | J32: =IFERROR(VLOOKUP(INDEX(CXArray,MATCH(G32,CXNumber,0),MATCH($C$1,CXState,0)),Top40Unique,3,FALSE),1) -> 2262 | K32: =IFERROR(IF(OR(VLOOKUP(J32,RHTABLE,8,FALSE)="Yes",VLOOKUP(J32,RHTABLE,8,FALSE)="Yes-Agreement"),"Yes","No"),"Error") -> Yes | L32: =IFERROR(IF(OR(VLOOKUP(J32,RHTABLE,9,FALSE)="Yes",VLOOKUP(J32,RHTABLE,9,FALSE)="Yes-Agreement"),"Yes","No"),"Error") -> No | M32: =IFERROR(IF(OR(VLOOKUP(J32,RHTABLE,10,FALSE)="Yes",VLOOKUP(J32,RHTABLE,10,FALSE)="Yes-Agreement"),"Yes","No"),"Error") -> Yes | N32: =IFERROR(IF(OR(VLOOKUP(J32,RHTABLE,11,FALSE)="Yes",VLOOKUP(J32,RHTABLE,11,FALSE)="Yes-Agreement"),"Yes","No"),"Error") -> No | O32: =IFERROR(IF(OR(VLOOKUP(J32,RHTABLE,12,FALSE)="Yes",VLOOKUP(J32,RHTABLE,12,FALSE)="Yes-Agreement"),"Yes","No"),"Error") -> No | P32: =VLOOKUP(J32,RHTABLE,12,FALSE) -> R
G33: =IF(H32<>"Error",G32+1,IF(G32>G31,1,0)) -> 4 | H33: =IFERROR(VLOOKUP(INDEX(CXArray,MATCH(G33,CXNumber,0),MATCH($C$1,CXState,0)),Top40Unique,4,FALSE),"Error") -> MEDICARE PLUS BLUE | I33: =IFERROR(VLOOKUP(INDEX(CXArray,MATCH(G33,CXNumber,0),MATCH($C$1,CXState,0)),Top40Unique,6,FALSE),1) -> 710 | J33: =IFERROR(VLOOKUP(INDEX(CXArray,MATCH(G33,CXNumber,0),MATCH($C$1,CXState,0)),Top40Unique,3,FALSE),1) -> 2287 | K33: =IFERROR(IF(OR(VLOOKUP(J33,RHTABLE,8,FALSE)="Yes",VLOOKUP(J33,RHTABLE,8,FALSE)="Yes-Agreement"),"Yes","No"),"Error") -> Yes | L33: =IFERROR(IF(OR(VLOOKUP(J33,RHTABLE,9,FALSE)="Yes",VLOOKUP(J33,RHTABLE,9,FALSE)="Yes-Agreement"),"Yes","No"),"Error") -> Yes | M33: =IFERROR(IF(OR(VLOOKUP(J33,RHTABLE,10,FALSE)="Yes",VLOOKUP(J33,RHTABLE,10,FALSE)="Yes-Agreement"),"Yes","No"),"Error") -> Yes | N33: =IFERROR(IF(OR(VLOOKUP(J33,RHTABLE,11,FALSE)="Yes",VLOOKUP(J33,RHTABLE,11,FALSE)="Yes-Agreement"),"Yes","No"),"Error") -> No | O33: =IFERROR(IF(OR(VLOOKUP(J33,RHTABLE,12,FALSE)="Yes",VLOOKUP(J33,RHTABLE,12,FALSE)="Yes-Agreement"),"Yes","No"),"Error") -> No | P33: =VLOOKUP(J33,RHTABLE,12,FALSE) -> R
G34: =IF(H33<>"Error",G33+1,IF(G33>G32,1,0)) -> 5 | H34: =IFERROR(VLOOKUP(INDEX(CXArray,MATCH(G34,CXNumber,0),MATCH($C$1,CXState,0)),Top40Unique,4,FALSE),"Error") -> MERIDIAN HEALTH PLAN | I34: =IFERROR(VLOOKUP(INDEX(CXArray,MATCH(G34,CXNumber,0),MATCH($C$1,CXState,0)),Top40Unique,6,FALSE),1) -> 13189 | J34: =IFERROR(VLOOKUP(INDEX(CXArray,MATCH(G34,CXNumber,0),MATCH($C$1,CXState,0)),Top40Unique,3,FALSE),1) -> 4777 | K34: =IFERROR(IF(OR(VLOOKUP(J34,RHTABLE,8,FALSE)="Yes",VLOOKUP(J34,RHTABLE,8,FALSE)="Yes-Agreement"),"Yes","No"),"Error") -> Yes | L34: =IFERROR(IF(OR(VLOOKUP(J34,RHTABLE,9,FALSE)="Yes",VLOOKUP(J34,RHTABLE,9,FALSE)="Yes-Agreement"),"Yes","No"),"Error") -> Yes | M34: =IFERROR(IF(OR(VLOOKUP(J34,RHTABLE,10,FALSE)="Yes",VLOOKUP(J34,RHTABLE,10,FALSE)="Yes-Agreement"),"Yes","No"),"Error") -> No | N34: =IFERROR(IF(OR(VLOOKUP(J34,RHTABLE,11,FALSE)="Yes",VLOOKUP(J34,RHTABLE,11,FALSE)="Yes-Agreement"),"Yes","No"),"Error") -> No | O34: =IFERROR(IF(OR(VLOOKUP(J34,RHTABLE,12,FALSE)="Yes",VLOOKUP(J34,RHTABLE,12,FALSE)="Yes-Agreement"),"Yes","No"),"Error") -> No | P34: =VLOOKUP(J34,RHTABLE,12,FALSE) -> R
G35: =IF(H34<>"Error",G34+1,IF(G34>G33,1,0)) -> 6 | H35: =IFERROR(VLOOKUP(INDEX(CXArray,MATCH(G35,CXNumber,0),MATCH($C$1,CXState,0)),Top40Unique,4,FALSE),"Error") -> MICHIGAN BLUE SHIELD | I35: =IFERROR(VLOOKUP(INDEX(CXArray,MATCH(G35,CXNumber,0),MATCH($C$1,CXState,0)),Top40Unique,6,FALSE),1) -> 710 | J35: =IFERROR(VLOOKUP(INDEX(CXArray,MATCH(G35,CXNumber,0),MATCH($C$1,CXState,0)),Top40Unique,3,FALSE),1) -> 1421 | K35: =IFERROR(IF(OR(VLOOKUP(J35,RHTABLE,8,FALSE)="Yes",VLOOKUP(J35,RHTABLE,8,FALSE)="Yes-Agreement"),"Yes","No"),"Error") -> Yes | L35: =IFERROR(IF(OR(VLOOKUP(J35,RHTABLE,9,FALSE)="Yes",VLOOKUP(J35,RHTABLE,9,FALSE)="Yes-Agreement"),"Yes","No"),"Error") -> Yes | M35: =IFERROR(IF(OR(VLOOKUP(J35,RHTABLE,10,FALSE)="Yes",VLOOKUP(J35,RHTABLE,10,FALSE)="Yes-Agreement"),"Yes","No"),"Error") -> Yes | N35: =IFERROR(IF(OR(VLOOKUP(J35,RHTABLE,11,FALSE)="Yes",VLOOKUP(J35,RHTABLE,11,FALSE)="Yes-Agreement"),"Yes","No"),"Error") -> No | O35: =IFERROR(IF(OR(VLOOKUP(J35,RHTABLE,12,FALSE)="Yes",VLOOKUP(J35,RHTABLE,12,FALSE)="Yes-Agreement"),"Yes","No"),"Error") -> No | P35: =VLOOKUP(J35,RHTABLE,12,FALSE) -> R
G36: =IF(H35<>"Error",G35+1,IF(G35>G34,1,0)) -> 7 | H36: =IFERROR(VLOOKUP(INDEX(CXArray,MATCH(G36,CXNumber,0),MATCH($C$1,CXState,0)),Top40Unique,4,FALSE),"Error") -> MICHIGAN MEDICAID | I36: =IFERROR(VLOOKUP(INDEX(CXArray,MATCH(G36,CXNumber,0),MATCH($C$1,CXState,0)),Top40Unique,6,FALSE),1) -> D00111 | J36: =IFERROR(VLOOKUP(INDEX(CXArray,MATCH(G36,CXNumber,0),MATCH($C$1,CXState,0)),Top40Unique,3,FALSE),1) -> 2480 | K36: =IFERROR(IF(OR(VLOOKUP(J36,RHTABLE,8,FALSE)="Yes",VLOOKUP(J36,RHTABLE,8,FALSE)="Yes-Agreement"),"Yes","No"),"Error") -> Yes | L36: =IFERROR(IF(OR(VLOOKUP(J36,RHTABLE,9,FALSE)="Yes",VLOOKUP(J36,RHTABLE,9,FALSE)="Yes-Agreement"),"Yes","No"),"Error") -> Yes | M36: =IFERROR(IF(OR(VLOOKUP(J36,RHTABLE,10,FALSE)="Yes",VLOOKUP(J36,RHTABLE,10,FALSE)="Yes-Agreement"),"Yes","No"),"Error") -> Yes | N36: =IFERROR(IF(OR(VLOOKUP(J36,RHTABLE,11,FALSE)="Yes",VLOOKUP(J36,RHTABLE,11,FALSE)="Yes-Agreement"),"Yes","No"),"Error") -> No | O36: =IFERROR(IF(OR(VLOOKUP(J36,RHTABLE,12,FALSE)="Yes",VLOOKUP(J36,RHTABLE,12,FALSE)="Yes-Agreement"),"Yes","No"),"Error") -> No | P36: =VLOOKUP(J36,RHTABLE,12,FALSE) -> C,R,E
G37: =IF(H36<>"Error",G36+1,IF(G36>G35,1,0)) -> 8 | H37: =IFERROR(VLOOKUP(INDEX(CXArray,MATCH(G37,CXNumber,0),MATCH($C$1,CXState,0)),Top40Unique,4,FALSE),"Error") -> MICHIGAN MEDICARE | I37: =IFERROR(VLOOKUP(INDEX(CXArray,MATCH(G37,CXNumber,0),MATCH($C$1,CXState,0)),Top40Unique,6,FALSE),1) -> 8202 | J37: =IFERROR(VLOOKUP(INDEX(CXArray,MATCH(G37,CXNumber,0),MATCH($C$1,CXState,0)),Top40Unique,3,FALSE),1) -> 1461 | K37: =IFERROR(IF(OR(VLOOKUP(J37,RHTABLE,8,FALSE)="Yes",VLOOKUP(J37,RHTABLE,8,FALSE)="Yes-Agreement"),"Yes","No"),"Error") -> Yes | L37: =IFERROR(IF(OR(VLOOKUP(J37,RHTABLE,9,FALSE)="Yes",VLOOKUP(J37,RHTABLE,9,FALSE)="Yes-Agreement"),"Yes","No"),"Error") -> Yes | M37: =IFERROR(IF(OR(VLOOKUP(J37,RHTABLE,10,FALSE)="Yes",VLOOKUP(J37,RHTABLE,10,FALSE)="Yes-Agreement"),"Yes","No"),"Error") -> Yes | N37: =IFERROR(IF(OR(VLOOKUP(J37,RHTABLE,11,FALSE)="Yes",VLOOKUP(J37,RHTABLE,11,FALSE)="Yes-Agreement"),"Yes","No"),"Error") -> Yes | O37: =IFERROR(IF(OR(VLOOKUP(J37,RHTABLE,12,FALSE)="Yes",VLOOKUP(J37,RHTABLE,12,FALSE)="Yes-Agreement"),"Yes","No"),"Error") -> No | P37: =VLOOKUP(J37,RHTABLE,12,FALSE) -> C,R,E,CS
G38: =IF(H37<>"Error",G37+1,IF(G37>G36,1,0)) -> 9 | H38: =IFERROR(VLOOKUP(INDEX(CXArray,MATCH(G38,CXNumber,0),MATCH($C$1,CXState,0)),Top40Unique,4,FALSE),"Error") -> MOLINA HEALTHCARE OF MICHIGAN | I38: =IFERROR(VLOOKUP(INDEX(CXArray,MATCH(G38,CXNumber,0),MATCH($C$1,CXState,0)),Top40Unique,6,FALSE),1) -> 38334 | J38: =IFERROR(VLOOKUP(INDEX(CXArray,MATCH(G38,CXNumber,0),MATCH($C$1,CXState,0)),Top40Unique,3,FALSE),1) -> 5443 | K38: =IFERROR(IF(OR(VLOOKUP(J38,RHTABLE,8,FALSE)="Yes",VLOOKUP(J38,RHTABLE,8,FALSE)="Yes-Agreement"),"Yes","No"),"Error") -> Yes | L38: =IFERROR(IF(OR(VLOOKUP(J38,RHTABLE,9,FALSE)="Yes",VLOOKUP(J38,RHTABLE,9,FALSE)="Yes-Agreement"),"Yes","No"),"Error") -> Yes | M38: =IFERROR(IF(OR(VLOOKUP(J38,RHTABLE,10,FALSE)="Yes",VLOOKUP(J38,RHTABLE,10,FALSE)="Yes-Agreement"),"Yes","No"),"Error") -> Yes | N38: =IFERROR(IF(OR(VLOOKUP(J38,RHTABLE,11,FALSE)="Yes",VLOOKUP(J38,RHTABLE,11,FALSE)="Yes-Agreement"),"Yes","No"),"Error") -> No | O38: =IFERROR(IF(OR(VLOOKUP(J38,RHTABLE,12,FALSE)="Yes",VLOOKUP(J38,RHTABLE,12,FALSE)="Yes-Agreement"),"Yes","No"),"Error") -> No | P38: =VLOOKUP(J38,RHTABLE,12,FALSE) -> R
G39: =IF(H38<>"Error",G38+1,IF(G38>G37,1,0)) -> 10 | H39: =IFERROR(VLOOKUP(INDEX(CXArray,MATCH(G39,CXNumber,0),MATCH($C$1,CXState,0)),Top40Unique,4,FALSE),"Error") -> PRIORITY HEALTH OF MICHIGAN | I39: =IFERROR(VLOOKUP(INDEX(CXArray,MATCH(G39,CXNumber,0),MATCH($C$1,CXState,0)),Top40Unique,6,FALSE),1) -> 38217 | J39: =IFERROR(VLOOKUP(INDEX(CXArray,MATCH(G39,CXNumber,0),MATCH($C$1,CXState,0)),Top40Unique,3,FALSE),1) -> 7459 | K39: =IFERROR(IF(OR(VLOOKUP(J39,RHTABLE,8,FALSE)="Yes",VLOOKUP(J39,RHTABLE,8,FALSE)="Yes-Agreement"),"Yes","No"),"Error") -> Yes | L39: =IFERROR(IF(OR(VLOOKUP(J39,RHTABLE,9,FALSE)="Yes",VLOOKUP(J39,RHTABLE,9,FALSE)="Yes-Agreement"),"Yes","No"),"Error") -> Yes | M39: =IFERROR(IF(OR(VLOOKUP(J39,RHTABLE,10,FALSE)="Yes",VLOOKUP(J39,RHTABLE,10,FALSE)="Yes-Agreement"),"Yes","No"),"Error") -> Yes | N39: =IFERROR(IF(OR(VLOOKUP(J39,RHTABLE,11,FALSE)="Yes",VLOOKUP(J39,RHTABLE,11,FALSE)="Yes-Agreement"),"Yes","No"),"Error") -> No | O39: =IFERROR(IF(OR(VLOOKUP(J39,RHTABLE,12,FALSE)="Yes",VLOOKUP(J39,RHTABLE,12,FALSE)="Yes-Agreement"),"Yes","No"),"Error") -> No | P39: =VLOOKUP(J39,RHTABLE,12,FALSE) -> R
G40: =IF(H39<>"Error",G39+1,IF(G39>G38,1,0)) -> 11 | H40: =IFERROR(VLOOKUP(INDEX(CXArray,MATCH(G40,CXNumber,0),MATCH($C$1,CXState,0)),Top40Unique,4,FALSE),"Error") -> TRICARE EAST | I40: =IFERROR(VLOOKUP(INDEX(CXArray,MATCH(G40,CXNumber,0),MATCH($C$1,CXState,0)),Top40Unique,6,FALSE),1) -> TREST | J40: =IFERROR(VLOOKUP(INDEX(CXArray,MATCH(G40,CXNumber,0),MATCH($C$1,CXState,0)),Top40Unique,3,FALSE),1) -> 1253 | K40: =IFERROR(IF(OR(VLOOKUP(J40,RHTABLE,8,FALSE)="Yes",VLOOKUP(J40,RHTABLE,8,FALSE)="Yes-Agreement"),"Yes","No"),"Error") -> Yes | L40: =IFERROR(IF(OR(VLOOKUP(J40,RHTABLE,9,FALSE)="Yes",VLOOKUP(J40,RHTABLE,9,FALSE)="Yes-Agreement"),"Yes","No"),"Error") -> Yes | M40: =IFERROR(IF(OR(VLOOKUP(J40,RHTABLE,10,FALSE)="Yes",VLOOKUP(J40,RHTABLE,10,FALSE)="Yes-Agreement"),"Yes","No"),"Error") -> No | N40: =IFERROR(IF(OR(VLOOKUP(J40,RHTABLE,11,FALSE)="Yes",VLOOKUP(J40,RHTABLE,11,FALSE)="Yes-Agreement"),"Yes","No"),"Error") -> No | O40: =IFERROR(IF(OR(VLOOKUP(J40,RHTABLE,12,FALSE)="Yes",VLOOKUP(J40,RHTABLE,12,FALSE)="Yes-Agreement"),"Yes","No"),"Error") -> No | P40: =VLOOKUP(J40,RHTABLE,12,FALSE) -> C,R
G41: =IF(H40<>"Error",G40+1,IF(G40>G39,1,0)) -> 12 | H41: =IFERROR(VLOOKUP(INDEX(CXArray,MATCH(G41,CXNumber,0),MATCH($C$1,CXState,0)),Top40Unique,4,FALSE),"Error") -> 0 | I41: =IFERROR(VLOOKUP(INDEX(CXArray,MATCH(G41,CXNumber,0),MATCH($C$1,CXState,0)),Top40Unique,6,FALSE),1) -> 1 | J41: =IFERROR(VLOOKUP(INDEX(CXArray,MATCH(G41,CXNumber,0),MATCH($C$1,CXState,0)),Top40Unique,3,FALSE),1) -> 0 | K41: =IFERROR(IF(OR(VLOOKUP(J41,RHTABLE,8,FALSE)="Yes",VLOOKUP(J41,RHTABLE,8,FALSE)="Yes-Agreement"),"Yes","No"),"Error") -> Error | L41: =IFERROR(IF(OR(VLOOKUP(J41,RHTABLE,9,FALSE)="Yes",VLOOKUP(J41,RHTABLE,9,FALSE)="Yes-Agreement"),"Yes","No"),"Error") -> Error | M41: =IFERROR(IF(OR(VLOOKUP(J41,RHTABLE,10,FALSE)="Yes",VLOOKUP(J41,RHTABLE,10,FALSE)="Yes-Agreement"),"Yes","No"),"Error") -> Error | N41: =IFERROR(IF(OR(VLOOKUP(J41,RHTABLE,11,FALSE)="Yes",VLOOKUP(J41,RHTABLE,11,FALSE)="Yes-Agreement"),"Yes","No"),"Error") -> Error | O41: =IFERROR(IF(OR(VLOOKUP(J41,RHTABLE,12,FALSE)="Yes",VLOOKUP(J41,RHTABLE,12,FALSE)="Yes-Agreement"),"Yes","No"),"Error") -> Error | P41: =VLOOKUP(J41,RHTABLE,12,FALSE) -> #N/A
G42: =IF(H41<>"Error",G41+1,IF(G41>G40,1,0)) -> 13 | H42: =IFERROR(VLOOKUP(INDEX(CXArray,MATCH(G42,CXNumber,0),MATCH($C$1,CXState,0)),Top40Unique,4,FALSE),"Error") -> 0 | I42: =IFERROR(VLOOKUP(INDEX(CXArray,MATCH(G42,CXNumber,0),MATCH($C$1,CXState,0)),Top40Unique,6,FALSE),1) -> 1 | J42: =IFERROR(VLOOKUP(INDEX(CXArray,MATCH(G42,CXNumber,0),MATCH($C$1,CXState,0)),Top40Unique,3,FALSE),1) -> 0 | K42: =IFERROR(IF(OR(VLOOKUP(J42,RHTABLE,8,FALSE)="Yes",VLOOKUP(J42,RHTABLE,8,FALSE)="Yes-Agreement"),"Yes","No"),"Error") -> Error | L42: =IFERROR(IF(OR(VLOOKUP(J42,RHTABLE,9,FALSE)="Yes",VLOOKUP(J42,RHTABLE,9,FALSE)="Yes-Agreement"),"Yes","No"),"Error") -> Error | M42: =IFERROR(IF(OR(VLOOKUP(J42,RHTABLE,10,FALSE)="Yes",VLOOKUP(J42,RHTABLE,10,FALSE)="Yes-Agreement"),"Yes","No"),"Error") -> Error | N42: =IFERROR(IF(OR(VLOOKUP(J42,RHTABLE,11,FALSE)="Yes",VLOOKUP(J42,RHTABLE,11,FALSE)="Yes-Agreement"),"Yes","No"),"Error") -> Error | O42: =IFERROR(IF(OR(VLOOKUP(J42,RHTABLE,12,FALSE)="Yes",VLOOKUP(J42,RHTABLE,12,FALSE)="Yes-Agreement"),"Yes","No"),"Error") -> Error | P42: =VLOOKUP(J42,RHTABLE,12,FALSE) -> #N/A
G43: =IF(H42<>"Error",G42+1,IF(G42>G41,1,0)) -> 14 | H43: =IFERROR(VLOOKUP(INDEX(CXArray,MATCH(G43,CXNumber,0),MATCH($C$1,CXState,0)),Top40Unique,4,FALSE),"Error") -> 0 | I43: =IFERROR(VLOOKUP(INDEX(CXArray,MATCH(G43,CXNumber,0),MATCH($C$1,CXState,0)),Top40Unique,6,FALSE),1) -> 1 | J43: =IFERROR(VLOOKUP(INDEX(CXArray,MATCH(G43,CXNumber,0),MATCH($C$1,CXState,0)),Top40Unique,3,FALSE),1) -> 0 | K43: =IFERROR(IF(OR(VLOOKUP(J43,RHTABLE,8,FALSE)="Yes",VLOOKUP(J43,RHTABLE,8,FALSE)="Yes-Agreement"),"Yes","No"),"Error") -> Error | L43: =IFERROR(IF(OR(VLOOKUP(J43,RHTABLE,9,FALSE)="Yes",VLOOKUP(J43,RHTABLE,9,FALSE)="Yes-Agreement"),"Yes","No"),"Error") -> Error | M43: =IFERROR(IF(OR(VLOOKUP(J43,RHTABLE,10,FALSE)="Yes",VLOOKUP(J43,RHTABLE,10,FALSE)="Yes-Agreement"),"Yes","No"),"Error") -> Error | N43: =IFERROR(IF(OR(VLOOKUP(J43,RHTABLE,11,FALSE)="Yes",VLOOKUP(J43,RHTABLE,11,FALSE)="Yes-Agreement"),"Yes","No"),"Error") -> Error | O43: =IFERROR(IF(OR(VLOOKUP(J43,RHTABLE,12,FALSE)="Yes",VLOOKUP(J43,RHTABLE,12,FALSE)="Yes-Agreement"),"Yes","No"),"Error") -> Error | P43: =VLOOKUP(J43,RHTABLE,12,FALSE) -> #N/A
G44: =IF(H43<>"Error",G43+1,IF(G43>G42,1,0)) -> 15 | H44: =IFERROR(VLOOKUP(INDEX(CXArray,MATCH(G44,CXNumber,0),MATCH($C$1,CXState,0)),Top40Unique,4,FALSE),"Error") -> 0 | I44: =IFERROR(VLOOKUP(INDEX(CXArray,MATCH(G44,CXNumber,0),MATCH($C$1,CXState,0)),Top40Unique,6,FALSE),1) -> 1 | J44: =IFERROR(VLOOKUP(INDEX(CXArray,MATCH(G44,CXNumber,0),MATCH($C$1,CXState,0)),Top40Unique,3,FALSE),1) -> 0 | K44: =IFERROR(IF(OR(VLOOKUP(J44,RHTABLE,8,FALSE)="Yes",VLOOKUP(J44,RHTABLE,8,FALSE)="Yes-Agreement"),"Yes","No"),"Error") -> Error | L44: =IFERROR(IF(OR(VLOOKUP(J44,RHTABLE,9,FALSE)="Yes",VLOOKUP(J44,RHTABLE,9,FALSE)="Yes-Agreement"),"Yes","No"),"Error") -> Error | M44: =IFERROR(IF(OR(VLOOKUP(J44,RHTABLE,10,FALSE)="Yes",VLOOKUP(J44,RHTABLE,10,FALSE)="Yes-Agreement"),"Yes","No"),"Error") -> Error | N44: =IFERROR(IF(OR(VLOOKUP(J44,RHTABLE,11,FALSE)="Yes",VLOOKUP(J44,RHTABLE,11,FALSE)="Yes-Agreement"),"Yes","No"),"Error") -> Error | O44: =IFERROR(IF(OR(VLOOKUP(J44,RHTABLE,12,FALSE)="Yes",VLOOKUP(J44,RHTABLE,12,FALSE)="Yes-Agreement"),"Yes","No"),"Error") -> Error | P44: =VLOOKUP(J44,RHTABLE,12,FALSE) -> #N/A
P45: =VLOOKUP(J45,RHTABLE,12,FALSE) -> #N/A
H46: =IF(H1="Click Here","",H1&" "&"Carriers") | P46: =VLOOKUP(J46,RHTABLE,12,FALSE) -> #N/A
G47: 1 | H47: =IFERROR(VLOOKUP(INDEX(CXArray,MATCH(G47,CXNumber,0),MATCH($H$1,CXState,0)),Top40Unique,4,FALSE),"Error") -> Error | I47: =IFERROR(VLOOKUP(INDEX(CXArray,MATCH(G47,CXNumber,0),MATCH($H$1,CXState,0)),Top40Unique,6,FALSE),1) -> 1 | J47: =IFERROR(VLOOKUP(INDEX(CXArray,MATCH(G47,CXNumber,0),MATCH($H$1,CXState,0)),Top40Unique,3,FALSE),1) -> 1 | K47: =IFERROR(IF(OR(VLOOKUP(J47,RHTABLE,8,FALSE)="Yes",VLOOKUP(J47,RHTABLE,8,FALSE)="Yes-Agreement"),"Yes","No"),"Error") -> Error | L47: =IFERROR(IF(OR(VLOOKUP(J47,RHTABLE,9,FALSE)="Yes",VLOOKUP(J47,RHTABLE,9,FALSE)="Yes-Agreement"),"Yes","No"),"Error") -> Error | M47: =IFERROR(IF(OR(VLOOKUP(J47,RHTABLE,10,FALSE)="Yes",VLOOKUP(J47,RHTABLE,10,FALSE)="Yes-Agreement"),"Yes","No"),"Error") -> Error | N47: =IFERROR(IF(OR(VLOOKUP(J47,RHTABLE,11,FALSE)="Yes",VLOOKUP(J47,RHTABLE,11,FALSE)="Yes-Agreement"),"Yes","No"),"Error") -> Error | O47: =IFERROR(IF(OR(VLOOKUP(J47,RHTABLE,12,FALSE)="Yes",VLOOKUP(J47,RHTABLE,12,FALSE)="Yes-Agreement"),"Yes","No"),"Error") -> Error | P47: =VLOOKUP(J47,RHTABLE,12,FALSE) -> #N/A
G48: 2 | H48: =IFERROR(VLOOKUP(INDEX(CXArray,MATCH(G48,CXNumber,0),MATCH($H$1,CXState,0)),Top40Unique,4,FALSE),"Error") -> Error | I48: =IFERROR(VLOOKUP(INDEX(CXArray,MATCH(G48,CXNumber,0),MATCH($H$1,CXState,0)),Top40Unique,6,FALSE),1) -> 1 | J48: =IFERROR(VLOOKUP(INDEX(CXArray,MATCH(G48,CXNumber,0),MATCH($H$1,CXState,0)),Top40Unique,3,FALSE),1) -> 1 | K48: =IFERROR(IF(OR(VLOOKUP(J48,RHTABLE,8,FALSE)="Yes",VLOOKUP(J48,RHTABLE,8,FALSE)="Yes-Agreement"),"Yes","No"),"Error") -> Error | L48: =IFERROR(IF(OR(VLOOKUP(J48,RHTABLE,9,FALSE)="Yes",VLOOKUP(J48,RHTABLE,9,FALSE)="Yes-Agreement"),"Yes","No"),"Error") -> Error | M48: =IFERROR(IF(OR(VLOOKUP(J48,RHTABLE,10,FALSE)="Yes",VLOOKUP(J48,RHTABLE,10,FALSE)="Yes-Agreement"),"Yes","No"),"Error") -> Error | N48: =IFERROR(IF(OR(VLOOKUP(J48,RHTABLE,11,FALSE)="Yes",VLOOKUP(J48,RHTABLE,11,FALSE)="Yes-Agreement"),"Yes","No"),"Error") -> Error | O48: =IFERROR(IF(OR(VLOOKUP(J48,RHTABLE,12,FALSE)="Yes",VLOOKUP(J48,RHTABLE,12,FALSE)="Yes-Agreement"),"Yes","No"),"Error") -> Error | P48: =VLOOKUP(J48,RHTABLE,12,FALSE) -> #N/A
G49: 3 | H49: =IFERROR(VLOOKUP(INDEX(CXArray,MATCH(G49,CXNumber,0),MATCH($H$1,CXState,0)),Top40Unique,4,FALSE),"Error") -> Error | I49: =IFERROR(VLOOKUP(INDEX(CXArray,MATCH(G49,CXNumber,0),MATCH($H$1,CXState,0)),Top40Unique,6,FALSE),1) -> 1 | J49: =IFERROR(VLOOKUP(INDEX(CXArray,MATCH(G49,CXNumber,0),MATCH($H$1,CXState,0)),Top40Unique,3,FALSE),1) -> 1 | K49: =IFERROR(IF(OR(VLOOKUP(J49,RHTABLE,8,FALSE)="Yes",VLOOKUP(J49,RHTABLE,8,FALSE)="Yes-Agreement"),"Yes","No"),"Error") -> Error | L49: =IFERROR(IF(OR(VLOOKUP(J49,RHTABLE,9,FALSE)="Yes",VLOOKUP(J49,RHTABLE,9,FALSE)="Yes-Agreement"),"Yes","No"),"Error") -> Error | M49: =IFERROR(IF(OR(VLOOKUP(J49,RHTABLE,10,FALSE)="Yes",VLOOKUP(J49,RHTABLE,10,FALSE)="Yes-Agreement"),"Yes","No"),"Error") -> Error | N49: =IFERROR(IF(OR(VLOOKUP(J49,RHTABLE,11,FALSE)="Yes",VLOOKUP(J49,RHTABLE,11,FALSE)="Yes-Agreement"),"Yes","No"),"Error") -> Error | O49: =IFERROR(IF(OR(VLOOKUP(J49,RHTABLE,12,FALSE)="Yes",VLOOKUP(J49,RHTABLE,12,FALSE)="Yes-Agreement"),"Yes","No"),"Error") -> Error | P49: =VLOOKUP(J49,RHTABLE,12,FALSE) -> #N/A
G50: 4 | H50: =IFERROR(VLOOKUP(INDEX(CXArray,MATCH(G50,CXNumber,0),MATCH($H$1,CXState,0)),Top40Unique,4,FALSE),"Error") -> Error | I50: =IFERROR(VLOOKUP(INDEX(CXArray,MATCH(G50,CXNumber,0),MATCH($H$1,CXState,0)),Top40Unique,6,FALSE),1) -> 1 | J50: =IFERROR(VLOOKUP(INDEX(CXArray,MATCH(G50,CXNumber,0),MATCH($H$1,CXState,0)),Top40Unique,3,FALSE),1) -> 1 | K50: =IFERROR(IF(OR(VLOOKUP(J50,RHTABLE,8,FALSE)="Yes",VLOOKUP(J50,RHTABLE,8,FALSE)="Yes-Agreement"),"Yes","No"),"Error") -> Error | L50: =IFERROR(IF(OR(VLOOKUP(J50,RHTABLE,9,FALSE)="Yes",VLOOKUP(J50,RHTABLE,9,FALSE)="Yes-Agreement"),"Yes","No"),"Error") -> Error | M50: =IFERROR(IF(OR(VLOOKUP(J50,RHTABLE,10,FALSE)="Yes",VLOOKUP(J50,RHTABLE,10,FALSE)="Yes-Agreement"),"Yes","No"),"Error") -> Error | N50: =IFERROR(IF(OR(VLOOKUP(J50,RHTABLE,11,FALSE)="Yes",VLOOKUP(J50,RHTABLE,11,FALSE)="Yes-Agreement"),"Yes","No"),"Error") -> Error | O50: =IFERROR(IF(OR(VLOOKUP(J50,RHTABLE,12,FALSE)="Yes",VLOOKUP(J50,RHTABLE,12,FALSE)="Yes-Agreement"),"Yes","No"),"Error") -> Error | P50: =VLOOKUP(J50,RHTABLE,12,FALSE) -> #N/A
G51: 5 | H51: =IFERROR(VLOOKUP(INDEX(CXArray,MATCH(G51,CXNumber,0),MATCH($H$1,CXState,0)),Top40Unique,4,FALSE),"Error") -> Error | I51: =IFERROR(VLOOKUP(INDEX(CXArray,MATCH(G51,CXNumber,0),MATCH($H$1,CXState,0)),Top40Unique,6,FALSE),1) -> 1 | J51: =IFERROR(VLOOKUP(INDEX(CXArray,MATCH(G51,CXNumber,0),MATCH($H$1,CXState,0)),Top40Unique,3,FALSE),1) -> 1 | K51: =IFERROR(IF(OR(VLOOKUP(J51,RHTABLE,8,FALSE)="Yes",VLOOKUP(J51,RHTABLE,8,FALSE)="Yes-Agreement"),"Yes","No"),"Error") -> Error | L51: =IFERROR(IF(OR(VLOOKUP(J51,RHTABLE,9,FALSE)="Yes",VLOOKUP(J51,RHTABLE,9,FALSE)="Yes-Agreement"),"Yes","No"),"Error") -> Error | M51: =IFERROR(IF(OR(VLOOKUP(J51,RHTABLE,10,FALSE)="Yes",VLOOKUP(J51,RHTABLE,10,FALSE)="Yes-Agreement"),"Yes","No"),"Error") -> Error | N51: =IFERROR(IF(OR(VLOOKUP(J51,RHTABLE,11,FALSE)="Yes",VLOOKUP(J51,RHTABLE,11,FALSE)="Yes-Agreement"),"Yes","No"),"Error") -> Error | O51: =IFERROR(IF(OR(VLOOKUP(J51,RHTABLE,12,FALSE)="Yes",VLOOKUP(J51,RHTABLE,12,FALSE)="Yes-Agreement"),"Yes","No"),"Error") -> Error | P51: =VLOOKUP(J51,RHTABLE,12,FALSE) -> #N/A
G52: 6 | H52: =IFERROR(VLOOKUP(INDEX(CXArray,MATCH(G52,CXNumber,0),MATCH($H$1,CXState,0)),Top40Unique,4,FALSE),"Error") -> Error | I52: =IFERROR(VLOOKUP(INDEX(CXArray,MATCH(G52,CXNumber,0),MATCH($H$1,CXState,0)),Top40Unique,6,FALSE),1) -> 1 | J52: =IFERROR(VLOOKUP(INDEX(CXArray,MATCH(G52,CXNumber,0),MATCH($H$1,CXState,0)),Top40Unique,3,FALSE),1) -> 1 | K52: =IFERROR(IF(OR(VLOOKUP(J52,RHTABLE,8,FALSE)="Yes",VLOOKUP(J52,RHTABLE,8,FALSE)="Yes-Agreement"),"Yes","No"),"Error") -> Error | L52: =IFERROR(IF(OR(VLOOKUP(J52,RHTABLE,9,FALSE)="Yes",VLOOKUP(J52,RHTABLE,9,FALSE)="Yes-Agreement"),"Yes","No"),"Error") -> Error | M52: =IFERROR(IF(OR(VLOOKUP(J52,RHTABLE,10,FALSE)="Yes",VLOOKUP(J52,RHTABLE,10,FALSE)="Yes-Agreement"),"Yes","No"),"Error") -> Error | N52: =IFERROR(IF(OR(VLOOKUP(J52,RHTABLE,11,FALSE)="Yes",VLOOKUP(J52,RHTABLE,11,FALSE)="Yes-Agreement"),"Yes","No"),"Error") -> Error | O52: =IFERROR(IF(OR(VLOOKUP(J52,RHTABLE,12,FALSE)="Yes",VLOOKUP(J52,RHTABLE,12,FALSE)="Yes-Agreement"),"Yes","No"),"Error") -> Error | P52: =VLOOKUP(J52,RHTABLE,12,FALSE) -> #N/A
G53: 7 | H53: =IFERROR(VLOOKUP(INDEX(CXArray,MATCH(G53,CXNumber,0),MATCH($H$1,CXState,0)),Top40Unique,4,FALSE),"Error") -> Error | I53: =IFERROR(VLOOKUP(INDEX(CXArray,MATCH(G53,CXNumber,0),MATCH($H$1,CXState,0)),Top40Unique,6,FALSE),1) -> 1 | J53: =IFERROR(VLOOKUP(INDEX(CXArray,MATCH(G53,CXNumber,0),MATCH($H$1,CXState,0)),Top40Unique,3,FALSE),1) -> 1 | K53: =IFERROR(IF(OR(VLOOKUP(J53,RHTABLE,8,FALSE)="Yes",VLOOKUP(J53,RHTABLE,8,FALSE)="Yes-Agreement"),"Yes","No"),"Error") -> Error | L53: =IFERROR(IF(OR(VLOOKUP(J53,RHTABLE,9,FALSE)="Yes",VLOOKUP(J53,RHTABLE,9,FALSE)="Yes-Agreement"),"Yes","No"),"Error") -> Error | M53: =IFERROR(IF(OR(VLOOKUP(J53,RHTABLE,10,FALSE)="Yes",VLOOKUP(J53,RHTABLE,10,FALSE)="Yes-Agreement"),"Yes","No"),"Error") -> Error | N53: =IFERROR(IF(OR(VLOOKUP(J53,RHTABLE,11,FALSE)="Yes",VLOOKUP(J53,RHTABLE,11,FALSE)="Yes-Agreement"),"Yes","No"),"Error") -> Error | O53: =IFERROR(IF(OR(VLOOKUP(J53,RHTABLE,12,FALSE)="Yes",VLOOKUP(J53,RHTABLE,12,FALSE)="Yes-Agreement"),"Yes","No"),"Error") -> Error | P53: =VLOOKUP(J53,RHTABLE,12,FALSE) -> #N/A
G54: 8 | H54: =IFERROR(VLOOKUP(INDEX(CXArray,MATCH(G54,CXNumber,0),MATCH($H$1,CXState,0)),Top40Unique,4,FALSE),"Error") -> Error | I54: =IFERROR(VLOOKUP(INDEX(CXArray,MATCH(G54,CXNumber,0),MATCH($H$1,CXState,0)),Top40Unique,6,FALSE),1) -> 1 | J54: =IFERROR(VLOOKUP(INDEX(CXArray,MATCH(G54,CXNumber,0),MATCH($H$1,CXState,0)),Top40Unique,3,FALSE),1) -> 1 | K54: =IFERROR(IF(OR(VLOOKUP(J54,RHTABLE,8,FALSE)="Yes",VLOOKUP(J54,RHTABLE,8,FALSE)="Yes-Agreement"),"Yes","No"),"Error") -> Error | L54: =IFERROR(IF(OR(VLOOKUP(J54,RHTABLE,9,FALSE)="Yes",VLOOKUP(J54,RHTABLE,9,FALSE)="Yes-Agreement"),"Yes","No"),"Error") -> Error | M54: =IFERROR(IF(OR(VLOOKUP(J54,RHTABLE,10,FALSE)="Yes",VLOOKUP(J54,RHTABLE,10,FALSE)="Yes-Agreement"),"Yes","No"),"Error") -> Error | N54: =IFERROR(IF(OR(VLOOKUP(J54,RHTABLE,11,FALSE)="Yes",VLOOKUP(J54,RHTABLE,11,FALSE)="Yes-Agreement"),"Yes","No"),"Error") -> Error | O54: =IFERROR(IF(OR(VLOOKUP(J54,RHTABLE,12,FALSE)="Yes",VLOOKUP(J54,RHTABLE,12,FALSE)="Yes-Agreement"),"Yes","No"),"Error") -> Error | P54: =VLOOKUP(J54,RHTABLE,12,FALSE) -> #N/A
G55: 9 | H55: =IFERROR(VLOOKUP(INDEX(CXArray,MATCH(G55,CXNumber,0),MATCH($H$1,CXState,0)),Top40Unique,4,FALSE),"Error") -> Error | I55: =IFERROR(VLOOKUP(INDEX(CXArray,MATCH(G55,CXNumber,0),MATCH($H$1,CXState,0)),Top40Unique,6,FALSE),1) -> 1 | J55: =IFERROR(VLOOKUP(INDEX(CXArray,MATCH(G55,CXNumber,0),MATCH($H$1,CXState,0)),Top40Unique,3,FALSE),1) -> 1 | K55: =IFERROR(IF(OR(VLOOKUP(J55,RHTABLE,8,FALSE)="Yes",VLOOKUP(J55,RHTABLE,8,FALSE)="Yes-Agreement"),"Yes","No"),"Error") -> Error | L55: =IFERROR(IF(OR(VLOOKUP(J55,RHTABLE,9,FALSE)="Yes",VLOOKUP(J55,RHTABLE,9,FALSE)="Yes-Agreement"),"Yes","No"),"Error") -> Error | M55: =IFERROR(IF(OR(VLOOKUP(J55,RHTABLE,10,FALSE)="Yes",VLOOKUP(J55,RHTABLE,10,FALSE)="Yes-Agreement"),"Yes","No"),"Error") -> Error | N55: =IFERROR(IF(OR(VLOOKUP(J55,RHTABLE,11,FALSE)="Yes",VLOOKUP(J55,RHTABLE,11,FALSE)="Yes-Agreement"),"Yes","No"),"Error") -> Error | O55: =IFERROR(IF(OR(VLOOKUP(J55,RHTABLE,12,FALSE)="Yes",VLOOKUP(J55,RHTABLE,12,FALSE)="Yes-Agreement"),"Yes","No"),"Error") -> Error | P55: =VLOOKUP(J55,RHTABLE,12,FALSE) -> #N/A
G56: 10 | H56: =IFERROR(VLOOKUP(INDEX(CXArray,MATCH(G56,CXNumber,0),MATCH($H$1,CXState,0)),Top40Unique,4,FALSE),"Error") -> Error | I56: =IFERROR(VLOOKUP(INDEX(CXArray,MATCH(G56,CXNumber,0),MATCH($H$1,CXState,0)),Top40Unique,6,FALSE),1) -> 1 | J56: =IFERROR(VLOOKUP(INDEX(CXArray,MATCH(G56,CXNumber,0),MATCH($H$1,CXState,0)),Top40Unique,3,FALSE),1) -> 1 | K56: =IFERROR(IF(OR(VLOOKUP(J56,RHTABLE,8,FALSE)="Yes",VLOOKUP(J56,RHTABLE,8,FALSE)="Yes-Agreement"),"Yes","No"),"Error") -> Error | L56: =IFERROR(IF(OR(VLOOKUP(J56,RHTABLE,9,FALSE)="Yes",VLOOKUP(J56,RHTABLE,9,FALSE)="Yes-Agreement"),"Yes","No"),"Error") -> Error | M56: =IFERROR(IF(OR(VLOOKUP(J56,RHTABLE,10,FALSE)="Yes",VLOOKUP(J56,RHTABLE,10,FALSE)="Yes-Agreement"),"Yes","No"),"Error") -> Error | N56: =IFERROR(IF(OR(VLOOKUP(J56,RHTABLE,11,FALSE)="Yes",VLOOKUP(J56,RHTABLE,11,FALSE)="Yes-Agreement"),"Yes","No"),"Error") -> Error | O56: =IFERROR(IF(OR(VLOOKUP(J56,RHTABLE,12,FALSE)="Yes",VLOOKUP(J56,RHTABLE,12,FALSE)="Yes-Agreement"),"Yes","No"),"Error") -> Error | P56: =VLOOKUP(J56,RHTABLE,12,FALSE) -> #N/A
G57: 11 | H57: =IFERROR(VLOOKUP(INDEX(CXArray,MATCH(G57,CXNumber,0),MATCH($H$1,CXState,0)),Top40Unique,4,FALSE),"Error") -> Error | I57: =IFERROR(VLOOKUP(INDEX(CXArray,MATCH(G57,CXNumber,0),MATCH($H$1,CXState,0)),Top40Unique,6,FALSE),1) -> 1 | J57: =IFERROR(VLOOKUP(INDEX(CXArray,MATCH(G57,CXNumber,0),MATCH($H$1,CXState,0)),Top40Unique,3,FALSE),1) -> 1 | K57: =IFERROR(IF(OR(VLOOKUP(J57,RHTABLE,8,FALSE)="Yes",VLOOKUP(J57,RHTABLE,8,FALSE)="Yes-Agreement"),"Yes","No"),"Error") -> Error | L57: =IFERROR(IF(OR(VLOOKUP(J57,RHTABLE,9,FALSE)="Yes",VLOOKUP(J57,RHTABLE,9,FALSE)="Yes-Agreement"),"Yes","No"),"Error") -> Error | M57: =IFERROR(IF(OR(VLOOKUP(J57,RHTABLE,10,FALSE)="Yes",VLOOKUP(J57,RHTABLE,10,FALSE)="Yes-Agreement"),"Yes","No"),"Error") -> Error | N57: =IFERROR(IF(OR(VLOOKUP(J57,RHTABLE,11,FALSE)="Yes",VLOOKUP(J57,RHTABLE,11,FALSE)="Yes-Agreement"),"Yes","No"),"Error") -> Error | O57: =IFERROR(IF(OR(VLOOKUP(J57,RHTABLE,12,FALSE)="Yes",VLOOKUP(J57,RHTABLE,12,FALSE)="Yes-Agreement"),"Yes","No"),"Error") -> Error | P57: =VLOOKUP(J57,RHTABLE,12,FALSE) -> #N/A
G58: 12 | H58: =IFERROR(VLOOKUP(INDEX(CXArray,MATCH(G58,CXNumber,0),MATCH($H$1,CXState,0)),Top40Unique,4,FALSE),"Error") -> Error | I58: =IFERROR(VLOOKUP(INDEX(CXArray,MATCH(G58,CXNumber,0),MATCH($H$1,CXState,0)),Top40Unique,6,FALSE),1) -> 1 | J58: =IFERROR(VLOOKUP(INDEX(CXArray,MATCH(G58,CXNumber,0),MATCH($H$1,CXState,0)),Top40Unique,3,FALSE),1) -> 1 | K58: =IFERROR(IF(OR(VLOOKUP(J58,RHTABLE,8,FALSE)="Yes",VLOOKUP(J58,RHTABLE,8,FALSE)="Yes-Agreement"),"Yes","No"),"Error") -> Error | L58: =IFERROR(IF(OR(VLOOKUP(J58,RHTABLE,9,FALSE)="Yes",VLOOKUP(J58,RHTABLE,9,FALSE)="Yes-Agreement"),"Yes","No"),"Error") -> Error | M58: =IFERROR(IF(OR(VLOOKUP(J58,RHTABLE,10,FALSE)="Yes",VLOOKUP(J58,RHTABLE,10,FALSE)="Yes-Agreement"),"Yes","No"),"Error") -> Error | N58: =IFERROR(IF(OR(VLOOKUP(J58,RHTABLE,11,FALSE)="Yes",VLOOKUP(J58,RHTABLE,11,FALSE)="Yes-Agreement"),"Yes","No"),"Error") -> Error | O58: =IFERROR(IF(OR(VLOOKUP(J58,RHTABLE,12,FALSE)="Yes",VLOOKUP(J58,RHTABLE,12,FALSE)="Yes-Agreement"),"Yes","No"),"Error") -> Error | P58: =VLOOKUP(J58,RHTABLE,12,FALSE) -> #N/A
... G61: 15 | H61: =IFERROR(VLOOKUP(INDEX(CXArray,MATCH(G61,CXNumber,0),MATCH($H$1,CXState,0)),Top40Unique,4,FALSE),"Error") -> Error | I61: =IFERROR(VLOOKUP(INDEX(CXArray,MATCH(G61,CXNumber,0),MATCH($H$1,CXState,0)),Top40Unique,6,FALSE),1) -> 1 | J61: =IFERROR(VLOOKUP(INDEX(CXArray,MATCH(G61,CXNumber,0),MATCH($H$1,CXState,0)),Top40Unique,3,FALSE),1) -> 1 | K61: =IFERROR(IF(OR(VLOOKUP(J61,RHTABLE,8,FALSE)="Yes",VLOOKUP(J61,RHTABLE,8,FALSE)="Yes-Agreement"),"Yes","No"),"Error") -> Error | L61: =IFERROR(IF(OR(VLOOKUP(J61,RHTABLE,9,FALSE)="Yes",VLOOKUP(J61,RHTABLE,9,FALSE)="Yes-Agreement"),"Yes","No"),"Error") -> Error | M61: =IFERROR(IF(OR(VLOOKUP(J61,RHTABLE,10,FALSE)="Yes",VLOOKUP(J61,RHTABLE,10,FALSE)="Yes-Agreement"),"Yes","No"),"Error") -> Error | N61: =IFERROR(IF(OR(VLOOKUP(J61,RHTABLE,11,FALSE)="Yes",VLOOKUP(J61,RHTABLE,11,FALSE)="Yes-Agreement"),"Yes","No"),"Error") -> Error | O61: =IFERROR(IF(OR(VLOOKUP(J61,RHTABLE,12,FALSE)="Yes",VLOOKUP(J61,RHTABLE,12,FALSE)="Yes-Agreement"),"Yes","No"),"Error") -> Error | P61: =VLOOKUP(J61,RHTABLE,12,FALSE) -> #N/A
P62: =VLOOKUP(J62,RHTABLE,12,FALSE) -> #N/A
A63: 43930 | P63: =VLOOKUP(J63,RHTABLE,12,FALSE) -> #N/A
P64: =VLOOKUP(J64,RHTABLE,12,FALSE) -> #N/A
P65: =VLOOKUP(J65,RHTABLE,12,FALSE) -> #N/A
P66: =VLOOKUP(J66,RHTABLE,12,FALSE) -> #N/A
P67: =VLOOKUP(J67,RHTABLE,12,FALSE) -> #N/A
P68: =VLOOKUP(J68,RHTABLE,12,FALSE) -> #N/A
P69: =VLOOKUP(J69,RHTABLE,12,FALSE) -> #N/A
P70: =VLOOKUP(J70,RHTABLE,12,FALSE) -> #N/A
P71: =VLOOKUP(J71,RHTABLE,12,FALSE) -> #N/A
P72: =VLOOKUP(J72,RHTABLE,12,FALSE) -> #N/A
P73: =VLOOKUP(J73,RHTABLE,12,FALSE) -> #N/A
P74: =VLOOKUP(J74,RHTABLE,12,FALSE) -> #N/A
P75: =VLOOKUP(J75,RHTABLE,12,FALSE) -> #N/A
... P84: =VLOOKUP(J84,RHTABLE,12,FALSE) -> #N/A
G88: 54 | H88: =_xlfn.IFNA(VLOOKUP(INDEX(CXArray,MATCH(G88,CXNumber,0),MATCH($C$1,CXState,0)),Top40Unique,4,FALSE),"Error") -> Error | I88: =IFERROR(VLOOKUP(INDEX(CXArray,MATCH(G88,CXNumber,0),MATCH($C$1,CXState,0)),Top40Unique,6,FALSE),1) -> 1 | J88: =_xlfn.IFNA(VLOOKUP(INDEX(CXArray,MATCH(G88,CXNumber,0),MATCH($C$1,CXState,0)),Top40Unique,3,FALSE),1) -> 1 | M88: =_xlfn.IFNA(IF(OR(VLOOKUP(J88,RHTABLE,9,FALSE)="Yes",VLOOKUP(J88,RHTABLE,9,FALSE)="Yes-Agreement"),"Yes","No"),"Error") -> Error | N88: =_xlfn.IFNA(IF(OR(VLOOKUP(J88,RHTABLE,11,FALSE)="Yes",VLOOKUP(J88,RHTABLE,11,FALSE)="Yes-Agreement"),"Yes","No"),"Error") -> Error | P88: =_xlfn.IFNA(IF(OR(VLOOKUP(J88,RHTABLE,10,FALSE)="Yes",VLOOKUP(J88,RHTABLE,10,FALSE)="Yes-Agreement"),"Yes","No"),"Error") -> Error

Sheet Additional Carriers
A1: AdvancedMD has identified the top carriers for your state. If you have additional Professional Carriers or any Institutional Carriers please list them in the two sections below. Your office key will include the top carriers and any carriers you list here. If you have more carriers than the available spots on this page please send a separate list of those carriers.
A2: Professional Carriers | C2: (add institutional carriers below)
A4: Internal Use | B4: Client Information | K4: Implementation Use
A5: Setup EDI Agreements | B5: Credentialing Status | C5: Bill as Group or Provider | D5: Group/Provider IDs | E5: Top Carrier | H5: Carrier Name* | J5: Payer ID* | K5: CPID | L5: Connections Available | Q5: Agreement(s) Required
I6: Carrier Address* | L6: Claims | M6: Remittance | N6: Eligibility | O6: Claim Status | P6: Attachments
K7: =IF(J7="","",VLOOKUP(J7,'Relay 01.02.2024'!N:O,2,FALSE)) | L7: =IFERROR(IF(OR(VLOOKUP(K7,RHTABLE,8,FALSE)="Yes",VLOOKUP(K7,RHTABLE,8,FALSE)="Yes-Agreement"),"Yes","No"),"") | M7: =IFERROR(IF(OR(VLOOKUP(K7,RHTABLE,9,FALSE)="Yes",VLOOKUP(K7,RHTABLE,9,FALSE)="Yes-Agreement"),"Yes","No"),"") | N7: =IFERROR(IF(OR(VLOOKUP(K7,RHTABLE,10,FALSE)="Yes",VLOOKUP(K7,RHTABLE,10,FALSE)="Yes-Agreement"),"Yes","No"),"") | O7: =IFERROR(IF(OR(VLOOKUP(K7,RHTABLE,11,FALSE)="Yes",VLOOKUP(K7,RHTABLE,11,FALSE)="Yes-Agreement"),"Yes","No"),"") | P7: =IFERROR(IF(OR(VLOOKUP(K7,RHTABLE,12,FALSE)="Yes",VLOOKUP(K7,RHTABLE,12,FALSE)="Yes-Agreement"),"Yes","No"),"") | Q7: =IFERROR(VLOOKUP(K7,RHTABLE,13,FALSE),"")
K8: =IF(J8="","",VLOOKUP(J8,'Relay 01.02.2024'!N:O,2,FALSE)) | L8: =IFERROR(IF(OR(VLOOKUP(K8,RHTABLE,8,FALSE)="Yes",VLOOKUP(K8,RHTABLE,8,FALSE)="Yes-Agreement"),"Yes","No"),"") | M8: =IFERROR(IF(OR(VLOOKUP(K8,RHTABLE,9,FALSE)="Yes",VLOOKUP(K8,RHTABLE,9,FALSE)="Yes-Agreement"),"Yes","No"),"") | N8: =IFERROR(IF(OR(VLOOKUP(K8,RHTABLE,10,FALSE)="Yes",VLOOKUP(K8,RHTABLE,10,FALSE)="Yes-Agreement"),"Yes","No"),"") | O8: =IFERROR(IF(OR(VLOOKUP(K8,RHTABLE,11,FALSE)="Yes",VLOOKUP(K8,RHTABLE,11,FALSE)="Yes-Agreement"),"Yes","No"),"") | P8: =IFERROR(IF(OR(VLOOKUP(K8,RHTABLE,12,FALSE)="Yes",VLOOKUP(K8,RHTABLE,12,FALSE)="Yes-Agreement"),"Yes","No"),"") | Q8: =IFERROR(VLOOKUP(K8,RHTABLE,13,FALSE),"")
K9: =IF(J9="","",VLOOKUP(J9,'Relay 01.02.2024'!N:O,2,FALSE)) | L9: =IFERROR(IF(OR(VLOOKUP(K9,RHTABLE,8,FALSE)="Yes",VLOOKUP(K9,RHTABLE,8,FALSE)="Yes-Agreement"),"Yes","No"),"") | M9: =IFERROR(IF(OR(VLOOKUP(K9,RHTABLE,9,FALSE)="Yes",VLOOKUP(K9,RHTABLE,9,FALSE)="Yes-Agreement"),"Yes","No"),"") | N9: =IFERROR(IF(OR(VLOOKUP(K9,RHTABLE,10,FALSE)="Yes",VLOOKUP(K9,RHTABLE,10,FALSE)="Yes-Agreement"),"Yes","No"),"") | O9: =IFERROR(IF(OR(VLOOKUP(K9,RHTABLE,11,FALSE)="Yes",VLOOKUP(K9,RHTABLE,11,FALSE)="Yes-Agreement"),"Yes","No"),"") | P9: =IFERROR(IF(OR(VLOOKUP(K9,RHTABLE,12,FALSE)="Yes",VLOOKUP(K9,RHTABLE,12,FALSE)="Yes-Agreement"),"Yes","No"),"") | Q9: =IFERROR(VLOOKUP(K9,RHTABLE,13,FALSE),"")
K10: =IF(J10="","",VLOOKUP(J10,'Relay 01.02.2024'!N:O,2,FALSE)) | L10: =IFERROR(IF(OR(VLOOKUP(K10,RHTABLE,8,FALSE)="Yes",VLOOKUP(K10,RHTABLE,8,FALSE)="Yes-Agreement"),"Yes","No"),"") | M10: =IFERROR(IF(OR(VLOOKUP(K10,RHTABLE,9,FALSE)="Yes",VLOOKUP(K10,RHTABLE,9,FALSE)="Yes-Agreement"),"Yes","No"),"") | N10: =IFERROR(IF(OR(VLOOKUP(K10,RHTABLE,10,FALSE)="Yes",VLOOKUP(K10,RHTABLE,10,FALSE)="Yes-Agreement"),"Yes","No"),"") | O10: =IFERROR(IF(OR(VLOOKUP(K10,RHTABLE,11,FALSE)="Yes",VLOOKUP(K10,RHTABLE,11,FALSE)="Yes-Agreement"),"Yes","No"),"") | P10: =IFERROR(IF(OR(VLOOKUP(K10,RHTABLE,12,FALSE)="Yes",VLOOKUP(K10,RHTABLE,12,FALSE)="Yes-Agreement"),"Yes","No"),"") | Q10: =IFERROR(VLOOKUP(K10,RHTABLE,13,FALSE),"")
K11: =IF(J11="","",VLOOKUP(J11,'Relay 01.02.2024'!N:O,2,FALSE)) | L11: =IFERROR(IF(OR(VLOOKUP(K11,RHTABLE,8,FALSE)="Yes",VLOOKUP(K11,RHTABLE,8,FALSE)="Yes-Agreement"),"Yes","No"),"") | M11: =IFERROR(IF(OR(VLOOKUP(K11,RHTABLE,9,FALSE)="Yes",VLOOKUP(K11,RHTABLE,9,FALSE)="Yes-Agreement"),"Yes","No"),"") | N11: =IFERROR(IF(OR(VLOOKUP(K11,RHTABLE,10,FALSE)="Yes",VLOOKUP(K11,RHTABLE,10,FALSE)="Yes-Agreement"),"Yes","No"),"") | O11: =IFERROR(IF(OR(VLOOKUP(K11,RHTABLE,11,FALSE)="Yes",VLOOKUP(K11,RHTABLE,11,FALSE)="Yes-Agreement"),"Yes","No"),"") | P11: =IFERROR(IF(OR(VLOOKUP(K11,RHTABLE,12,FALSE)="Yes",VLOOKUP(K11,RHTABLE,12,FALSE)="Yes-Agreement"),"Yes","No"),"") | Q11: =IFERROR(VLOOKUP(K11,RHTABLE,13,FALSE),"")
K12: =IF(J12="","",VLOOKUP(J12,'Relay 01.02.2024'!N:O,2,FALSE)) | L12: =IFERROR(IF(OR(VLOOKUP(K12,RHTABLE,8,FALSE)="Yes",VLOOKUP(K12,RHTABLE,8,FALSE)="Yes-Agreement"),"Yes","No"),"") | M12: =IFERROR(IF(OR(VLOOKUP(K12,RHTABLE,9,FALSE)="Yes",VLOOKUP(K12,RHTABLE,9,FALSE)="Yes-Agreement"),"Yes","No"),"") | N12: =IFERROR(IF(OR(VLOOKUP(K12,RHTABLE,10,FALSE)="Yes",VLOOKUP(K12,RHTABLE,10,FALSE)="Yes-Agreement"),"Yes","No"),"") | O12: =IFERROR(IF(OR(VLOOKUP(K12,RHTABLE,11,FALSE)="Yes",VLOOKUP(K12,RHTABLE,11,FALSE)="Yes-Agreement"),"Yes","No"),"") | P12: =IFERROR(IF(OR(VLOOKUP(K12,RHTABLE,12,FALSE)="Yes",VLOOKUP(K12,RHTABLE,12,FALSE)="Yes-Agreement"),"Yes","No"),"") | Q12: =IFERROR(VLOOKUP(K12,RHTABLE,13,FALSE),"")
K13: =IF(J13="","",VLOOKUP(J13,'Relay 01.02.2024'!N:O,2,FALSE)) | L13: =IFERROR(IF(OR(VLOOKUP(K13,RHTABLE,8,FALSE)="Yes",VLOOKUP(K13,RHTABLE,8,FALSE)="Yes-Agreement"),"Yes","No"),"") | M13: =IFERROR(IF(OR(VLOOKUP(K13,RHTABLE,9,FALSE)="Yes",VLOOKUP(K13,RHTABLE,9,FALSE)="Yes-Agreement"),"Yes","No"),"") | N13: =IFERROR(IF(OR(VLOOKUP(K13,RHTABLE,10,FALSE)="Yes",VLOOKUP(K13,RHTABLE,10,FALSE)="Yes-Agreement"),"Yes","No"),"") | O13: =IFERROR(IF(OR(VLOOKUP(K13,RHTABLE,11,FALSE)="Yes",VLOOKUP(K13,RHTABLE,11,FALSE)="Yes-Agreement"),"Yes","No"),"") | P13: =IFERROR(IF(OR(VLOOKUP(K13,RHTABLE,12,FALSE)="Yes",VLOOKUP(K13,RHTABLE,12,FALSE)="Yes-Agreement"),"Yes","No"),"") | Q13: =IFERROR(VLOOKUP(K13,RHTABLE,13,FALSE),"")
K14: =IF(J14="","",VLOOKUP(J14,'Relay 01.02.2024'!N:O,2,FALSE)) | L14: =IFERROR(IF(OR(VLOOKUP(K14,RHTABLE,8,FALSE)="Yes",VLOOKUP(K14,RHTABLE,8,FALSE)="Yes-Agreement"),"Yes","No"),"") | M14: =IFERROR(IF(OR(VLOOKUP(K14,RHTABLE,9,FALSE)="Yes",VLOOKUP(K14,RHTABLE,9,FALSE)="Yes-Agreement"),"Yes","No"),"") | N14: =IFERROR(IF(OR(VLOOKUP(K14,RHTABLE,10,FALSE)="Yes",VLOOKUP(K14,RHTABLE,10,FALSE)="Yes-Agreement"),"Yes","No"),"") | O14: =IFERROR(IF(OR(VLOOKUP(K14,RHTABLE,11,FALSE)="Yes",VLOOKUP(K14,RHTABLE,11,FALSE)="Yes-Agreement"),"Yes","No"),"") | P14: =IFERROR(IF(OR(VLOOKUP(K14,RHTABLE,12,FALSE)="Yes",VLOOKUP(K14,RHTABLE,12,FALSE)="Yes-Agreement"),"Yes","No"),"") | Q14: =IFERROR(VLOOKUP(K14,RHTABLE,13,FALSE),"")
K15: =IF(J15="","",VLOOKUP(J15,'Relay 01.02.2024'!N:O,2,FALSE)) | L15: =IFERROR(IF(OR(VLOOKUP(K15,RHTABLE,8,FALSE)="Yes",VLOOKUP(K15,RHTABLE,8,FALSE)="Yes-Agreement"),"Yes","No"),"") | M15: =IFERROR(IF(OR(VLOOKUP(K15,RHTABLE,9,FALSE)="Yes",VLOOKUP(K15,RHTABLE,9,FALSE)="Yes-Agreement"),"Yes","No"),"") | N15: =IFERROR(IF(OR(VLOOKUP(K15,RHTABLE,10,FALSE)="Yes",VLOOKUP(K15,RHTABLE,10,FALSE)="Yes-Agreement"),"Yes","No"),"") | O15: =IFERROR(IF(OR(VLOOKUP(K15,RHTABLE,11,FALSE)="Yes",VLOOKUP(K15,RHTABLE,11,FALSE)="Yes-Agreement"),"Yes","No"),"") | P15: =IFERROR(IF(OR(VLOOKUP(K15,RHTABLE,12,FALSE)="Yes",VLOOKUP(K15,RHTABLE,12,FALSE)="Yes-Agreement"),"Yes","No"),"") | Q15: =IFERROR(VLOOKUP(K15,RHTABLE,13,FALSE),"")
K16: =IF(J16="","",VLOOKUP(J16,'Relay 01.02.2024'!N:O,2,FALSE)) | L16: =IFERROR(IF(OR(VLOOKUP(K16,RHTABLE,8,FALSE)="Yes",VLOOKUP(K16,RHTABLE,8,FALSE)="Yes-Agreement"),"Yes","No"),"") | M16: =IFERROR(IF(OR(VLOOKUP(K16,RHTABLE,9,FALSE)="Yes",VLOOKUP(K16,RHTABLE,9,FALSE)="Yes-Agreement"),"Yes","No"),"") | N16: =IFERROR(IF(OR(VLOOKUP(K16,RHTABLE,10,FALSE)="Yes",VLOOKUP(K16,RHTABLE,10,FALSE)="Yes-Agreement"),"Yes","No"),"") | O16: =IFERROR(IF(OR(VLOOKUP(K16,RHTABLE,11,FALSE)="Yes",VLOOKUP(K16,RHTABLE,11,FALSE)="Yes-Agreement"),"Yes","No"),"") | P16: =IFERROR(IF(OR(VLOOKUP(K16,RHTABLE,12,FALSE)="Yes",VLOOKUP(K16,RHTABLE,12,FALSE)="Yes-Agreement"),"Yes","No"),"") | Q16: =IFERROR(VLOOKUP(K16,RHTABLE,13,FALSE),"")
K17: =IF(J17="","",VLOOKUP(J17,'Relay 01.02.2024'!N:O,2,FALSE)) | L17: =IFERROR(IF(OR(VLOOKUP(K17,RHTABLE,8,FALSE)="Yes",VLOOKUP(K17,RHTABLE,8,FALSE)="Yes-Agreement"),"Yes","No"),"") | M17: =IFERROR(IF(OR(VLOOKUP(K17,RHTABLE,9,FALSE)="Yes",VLOOKUP(K17,RHTABLE,9,FALSE)="Yes-Agreement"),"Yes","No"),"") | N17: =IFERROR(IF(OR(VLOOKUP(K17,RHTABLE,10,FALSE)="Yes",VLOOKUP(K17,RHTABLE,10,FALSE)="Yes-Agreement"),"Yes","No"),"") | O17: =IFERROR(IF(OR(VLOOKUP(K17,RHTABLE,11,FALSE)="Yes",VLOOKUP(K17,RHTABLE,11,FALSE)="Yes-Agreement"),"Yes","No"),"") | P17: =IFERROR(IF(OR(VLOOKUP(K17,RHTABLE,12,FALSE)="Yes",VLOOKUP(K17,RHTABLE,12,FALSE)="Yes-Agreement"),"Yes","No"),"") | Q17: =IFERROR(VLOOKUP(K17,RHTABLE,13,FALSE),"")
K18: =IF(J18="","",VLOOKUP(J18,'Relay 01.02.2024'!N:O,2,FALSE)) | L18: =IFERROR(IF(OR(VLOOKUP(K18,RHTABLE,8,FALSE)="Yes",VLOOKUP(K18,RHTABLE,8,FALSE)="Yes-Agreement"),"Yes","No"),"") | M18: =IFERROR(IF(OR(VLOOKUP(K18,RHTABLE,9,FALSE)="Yes",VLOOKUP(K18,RHTABLE,9,FALSE)="Yes-Agreement"),"Yes","No"),"") | N18: =IFERROR(IF(OR(VLOOKUP(K18,RHTABLE,10,FALSE)="Yes",VLOOKUP(K18,RHTABLE,10,FALSE)="Yes-Agreement"),"Yes","No"),"") | O18: =IFERROR(IF(OR(VLOOKUP(K18,RHTABLE,11,FALSE)="Yes",VLOOKUP(K18,RHTABLE,11,FALSE)="Yes-Agreement"),"Yes","No"),"") | P18: =IFERROR(IF(OR(VLOOKUP(K18,RHTABLE,12,FALSE)="Yes",VLOOKUP(K18,RHTABLE,12,FALSE)="Yes-Agreement"),"Yes","No"),"") | Q18: =IFERROR(VLOOKUP(K18,RHTABLE,13,FALSE),"")
... K26: =IF(J26="","",VLOOKUP(J26,'Relay 01.02.2024'!N:O,2,FALSE)) | L26: =IFERROR(IF(OR(VLOOKUP(K26,RHTABLE,8,FALSE)="Yes",VLOOKUP(K26,RHTABLE,8,FALSE)="Yes-Agreement"),"Yes","No"),"") | M26: =IFERROR(IF(OR(VLOOKUP(K26,RHTABLE,9,FALSE)="Yes",VLOOKUP(K26,RHTABLE,9,FALSE)="Yes-Agreement"),"Yes","No"),"") | N26: =IFERROR(IF(OR(VLOOKUP(K26,RHTABLE,10,FALSE)="Yes",VLOOKUP(K26,RHTABLE,10,FALSE)="Yes-Agreement"),"Yes","No"),"") | O26: =IFERROR(IF(OR(VLOOKUP(K26,RHTABLE,11,FALSE)="Yes",VLOOKUP(K26,RHTABLE,11,FALSE)="Yes-Agreement"),"Yes","No"),"") | P26: =IFERROR(IF(OR(VLOOKUP(K26,RHTABLE,12,FALSE)="Yes",VLOOKUP(K26,RHTABLE,12,FALSE)="Yes-Agreement"),"Yes","No"),"") | Q26: =IFERROR(VLOOKUP(K26,RHTABLE,13,FALSE),"")
G27: 1 | K27: =IF(J27="","",VLOOKUP(J27,'Relay 01.02.2024'!N:O,2,FALSE)) | L27: =IFERROR(IF(OR(VLOOKUP(K27,RHTABLE,8,FALSE)="Yes",VLOOKUP(K27,RHTABLE,8,FALSE)="Yes-Agreement"),"Yes","No"),"") | M27: =IFERROR(IF(OR(VLOOKUP(K27,RHTABLE,9,FALSE)="Yes",VLOOKUP(K27,RHTABLE,9,FALSE)="Yes-Agreement"),"Yes","No"),"") | N27: =IFERROR(IF(OR(VLOOKUP(K27,RHTABLE,10,FALSE)="Yes",VLOOKUP(K27,RHTABLE,10,FALSE)="Yes-Agreement"),"Yes","No"),"") | O27: =IFERROR(IF(OR(VLOOKUP(K27,RHTABLE,11,FALSE)="Yes",VLOOKUP(K27,RHTABLE,11,FALSE)="Yes-Agreement"),"Yes","No"),"") | P27: =IFERROR(IF(OR(VLOOKUP(K27,RHTABLE,12,FALSE)="Yes",VLOOKUP(K27,RHTABLE,12,FALSE)="Yes-Agreement"),"Yes","No"),"") | Q27: =IFERROR(VLOOKUP(K27,RHTABLE,13,FALSE),"")
G28: 13 | J28: =IFERROR(VLOOKUP(INDEX(CXArray,MATCH(G28,CXNumber,0),MATCH($B$2,CXState,0)),Top40Unique,6,FALSE),1) -> 1 | K28: =IFERROR(VLOOKUP(INDEX(CXArray,MATCH(G28,CXNumber,0),MATCH($B$2,CXState,0)),Top40Unique,3,FALSE),1) -> 1 | L28: =IFERROR(IF(OR(VLOOKUP(K28,RHTABLE,8,FALSE)="Yes",VLOOKUP(K28,RHTABLE,8,FALSE)="Yes-Agreement"),"Yes","No"),"Error") -> Error | M28: =IFERROR(IF(OR(VLOOKUP(K28,RHTABLE,9,FALSE)="Yes",VLOOKUP(K28,RHTABLE,9,FALSE)="Yes-Agreement"),"Yes","No"),"Error") -> Error | N28: =IFERROR(IF(OR(VLOOKUP(K28,RHTABLE,10,FALSE)="Yes",VLOOKUP(K28,RHTABLE,10,FALSE)="Yes-Agreement"),"Yes","No"),"Error") -> Error | O28: =IFERROR(IF(OR(VLOOKUP(K28,RHTABLE,11,FALSE)="Yes",VLOOKUP(K28,RHTABLE,11,FALSE)="Yes-Agreement"),"Yes","No"),"Error") -> Error
G29: 19 | H29: =IFERROR(VLOOKUP(INDEX(CXArray,MATCH(G29,CXNumber,0),MATCH($B$2,CXState,0)),Top40Unique,4,FALSE),"Error") -> Error | J29: =IFERROR(VLOOKUP(INDEX(CXArray,MATCH(G29,CXNumber,0),MATCH($B$2,CXState,0)),Top40Unique,6,FALSE),1) -> 1 | K29: =IFERROR(VLOOKUP(INDEX(CXArray,MATCH(G29,CXNumber,0),MATCH($B$2,CXState,0)),Top40Unique,3,FALSE),1) -> 1 | L29: =IFERROR(IF(OR(VLOOKUP(K29,RHTABLE,8,FALSE)="Yes",VLOOKUP(K29,RHTABLE,8,FALSE)="Yes-Agreement"),"Yes","No"),"Error") -> Error | M29: =IFERROR(IF(OR(VLOOKUP(K29,RHTABLE,9,FALSE)="Yes",VLOOKUP(K29,RHTABLE,9,FALSE)="Yes-Agreement"),"Yes","No"),"Error") -> Error | N29: =IFERROR(IF(OR(VLOOKUP(K29,RHTABLE,10,FALSE)="Yes",VLOOKUP(K29,RHTABLE,10,FALSE)="Yes-Agreement"),"Yes","No"),"Error") -> Error | O29: =IFERROR(IF(OR(VLOOKUP(K29,RHTABLE,11,FALSE)="Yes",VLOOKUP(K29,RHTABLE,11,FALSE)="Yes-Agreement"),"Yes","No"),"Error") -> Error
A30: Institutional Carriers
A31: Internal Use | B31: Client Information | K31: Implementation Use
A32: Setup EDI Agreements | B32: Credentialing Status | C32: Bill as Group or Provider | D32: Group/Provider IDs | E32: Top Carrier | H32: Carrier Name* | J32: Payer ID* | K32: CPID | L32: Connections Available | Q32: Agreement(s) Required
I33: Carrier Address* | L33: Claims | M33: Remittance | N33: Eligibility | O33: Claim Status | P33: Attachments
K34: =IF(J34="","",VLOOKUP(J34,'Relay INST 10.12.2023'!N:O,2,FALSE)) | L34: =IFERROR(IF(OR(VLOOKUP(K34,RHINSTTable,8,FALSE)="Yes",VLOOKUP(K34,RHINSTTable,8,FALSE)="Yes-Agreement"),"Yes","No"),"") | M34: =IFERROR(IF(OR(VLOOKUP(K34,RHINSTTable,9,FALSE)="Yes",VLOOKUP(K34,RHINSTTable,9,FALSE)="Yes-Agreement"),"Yes","No"),"") | N34: =IFERROR(IF(OR(VLOOKUP(K34,RHINSTTable,10,FALSE)="Yes",VLOOKUP(K34,RHINSTTable,10,FALSE)="Yes-Agreement"),"Yes","No"),"") | O34: =IFERROR(IF(OR(VLOOKUP(K34,RHINSTTable,11,FALSE)="Yes",VLOOKUP(K34,RHINSTTable,11,FALSE)="Yes-Agreement"),"Yes","No"),"") | P34: =IFERROR(IF(OR(VLOOKUP(K34,RHINSTTable,12,FALSE)="Yes",VLOOKUP(K34,RHINSTTable,12,FALSE)="Yes-Agreement"),"Yes","No"),"") | Q34: =IFERROR(VLOOKUP(K34,RHINSTTable,13,FALSE),"")
K35: =IF(J35="","",VLOOKUP(J35,'Relay INST 10.12.2023'!N:O,2,FALSE)) | L35: =IFERROR(IF(OR(VLOOKUP(K35,RHINSTTable,8,FALSE)="Yes",VLOOKUP(K35,RHINSTTable,8,FALSE)="Yes-Agreement"),"Yes","No"),"") | M35: =IFERROR(IF(OR(VLOOKUP(K35,RHINSTTable,9,FALSE)="Yes",VLOOKUP(K35,RHINSTTable,9,FALSE)="Yes-Agreement"),"Yes","No"),"") | N35: =IFERROR(IF(OR(VLOOKUP(K35,RHINSTTable,10,FALSE)="Yes",VLOOKUP(K35,RHINSTTable,10,FALSE)="Yes-Agreement"),"Yes","No"),"") | O35: =IFERROR(IF(OR(VLOOKUP(K35,RHINSTTable,11,FALSE)="Yes",VLOOKUP(K35,RHINSTTable,11,FALSE)="Yes-Agreement"),"Yes","No"),"") | P35: =IFERROR(IF(OR(VLOOKUP(K35,RHINSTTable,12,FALSE)="Yes",VLOOKUP(K35,RHINSTTable,12,FALSE)="Yes-Agreement"),"Yes","No"),"") | Q35: =IFERROR(VLOOKUP(K35,RHINSTTable,13,FALSE),"")
K36: =IF(J36="","",VLOOKUP(J36,'Relay INST 10.12.2023'!A:C,2,FALSE)) | L36: =IFERROR(IF(OR(VLOOKUP(K36,RHINSTTable,8,FALSE)="Yes",VLOOKUP(K36,RHINSTTable,8,FALSE)="Yes-Agreement"),"Yes","No"),"") | M36: =IFERROR(IF(OR(VLOOKUP(K36,RHINSTTable,9,FALSE)="Yes",VLOOKUP(K36,RHINSTTable,9,FALSE)="Yes-Agreement"),"Yes","No"),"") | N36: =IFERROR(IF(OR(VLOOKUP(K36,RHINSTTable,10,FALSE)="Yes",VLOOKUP(K36,RHINSTTable,10,FALSE)="Yes-Agreement"),"Yes","No"),"") | O36: =IFERROR(IF(OR(VLOOKUP(K36,RHINSTTable,11,FALSE)="Yes",VLOOKUP(K36,RHINSTTable,11,FALSE)="Yes-Agreement"),"Yes","No"),"") | P36: =IFERROR(IF(OR(VLOOKUP(K36,RHINSTTable,12,FALSE)="Yes",VLOOKUP(K36,RHINSTTable,12,FALSE)="Yes-Agreement"),"Yes","No"),"") | Q36: =IFERROR(VLOOKUP(K36,RHINSTTable,13,FALSE),"")
K37: =IF(J37="","",VLOOKUP(J37,'Relay INST 10.12.2023'!A:C,2,FALSE)) | L37: =IFERROR(IF(OR(VLOOKUP(K37,RHINSTTable,8,FALSE)="Yes",VLOOKUP(K37,RHINSTTable,8,FALSE)="Yes-Agreement"),"Yes","No"),"") | M37: =IFERROR(IF(OR(VLOOKUP(K37,RHINSTTable,9,FALSE)="Yes",VLOOKUP(K37,RHINSTTable,9,FALSE)="Yes-Agreement"),"Yes","No"),"") | N37: =IFERROR(IF(OR(VLOOKUP(K37,RHINSTTable,10,FALSE)="Yes",VLOOKUP(K37,RHINSTTable,10,FALSE)="Yes-Agreement"),"Yes","No"),"") | O37: =IFERROR(IF(OR(VLOOKUP(K37,RHINSTTable,11,FALSE)="Yes",VLOOKUP(K37,RHINSTTable,11,FALSE)="Yes-Agreement"),"Yes","No"),"") | P37: =IFERROR(IF(OR(VLOOKUP(K37,RHINSTTable,12,FALSE)="Yes",VLOOKUP(K37,RHINSTTable,12,FALSE)="Yes-Agreement"),"Yes","No"),"") | Q37: =IFERROR(VLOOKUP(K37,RHINSTTable,13,FALSE),"")
K38: =IF(J38="","",VLOOKUP(J38,'Relay INST 10.12.2023'!A:C,2,FALSE)) | L38: =IFERROR(IF(OR(VLOOKUP(K38,RHINSTTable,8,FALSE)="Yes",VLOOKUP(K38,RHINSTTable,8,FALSE)="Yes-Agreement"),"Yes","No"),"") | M38: =IFERROR(IF(OR(VLOOKUP(K38,RHINSTTable,9,FALSE)="Yes",VLOOKUP(K38,RHINSTTable,9,FALSE)="Yes-Agreement"),"Yes","No"),"") | N38: =IFERROR(IF(OR(VLOOKUP(K38,RHINSTTable,10,FALSE)="Yes",VLOOKUP(K38,RHINSTTable,10,FALSE)="Yes-Agreement"),"Yes","No"),"") | O38: =IFERROR(IF(OR(VLOOKUP(K38,RHINSTTable,11,FALSE)="Yes",VLOOKUP(K38,RHINSTTable,11,FALSE)="Yes-Agreement"),"Yes","No"),"") | P38: =IFERROR(IF(OR(VLOOKUP(K38,RHINSTTable,12,FALSE)="Yes",VLOOKUP(K38,RHINSTTable,12,FALSE)="Yes-Agreement"),"Yes","No"),"") | Q38: =IFERROR(VLOOKUP(K38,RHINSTTable,13,FALSE),"")
K39: =IF(J39="","",VLOOKUP(J39,'Relay INST 10.12.2023'!A:C,2,FALSE)) | L39: =IFERROR(IF(OR(VLOOKUP(K39,RHINSTTable,8,FALSE)="Yes",VLOOKUP(K39,RHINSTTable,8,FALSE)="Yes-Agreement"),"Yes","No"),"") | M39: =IFERROR(IF(OR(VLOOKUP(K39,RHINSTTable,9,FALSE)="Yes",VLOOKUP(K39,RHINSTTable,9,FALSE)="Yes-Agreement"),"Yes","No"),"") | N39: =IFERROR(IF(OR(VLOOKUP(K39,RHINSTTable,10,FALSE)="Yes",VLOOKUP(K39,RHINSTTable,10,FALSE)="Yes-Agreement"),"Yes","No"),"") | O39: =IFERROR(IF(OR(VLOOKUP(K39,RHINSTTable,11,FALSE)="Yes",VLOOKUP(K39,RHINSTTable,11,FALSE)="Yes-Agreement"),"Yes","No"),"") | P39: =IFERROR(IF(OR(VLOOKUP(K39,RHINSTTable,12,FALSE)="Yes",VLOOKUP(K39,RHINSTTable,12,FALSE)="Yes-Agreement"),"Yes","No"),"") | Q39: =IFERROR(VLOOKUP(K39,RHINSTTable,13,FALSE),"")
K40: =IF(J40="","",VLOOKUP(J40,'Relay INST 10.12.2023'!A:C,2,FALSE)) | L40: =IFERROR(IF(OR(VLOOKUP(K40,RHINSTTable,8,FALSE)="Yes",VLOOKUP(K40,RHINSTTable,8,FALSE)="Yes-Agreement"),"Yes","No"),"") | M40: =IFERROR(IF(OR(VLOOKUP(K40,RHINSTTable,9,FALSE)="Yes",VLOOKUP(K40,RHINSTTable,9,FALSE)="Yes-Agreement"),"Yes","No"),"") | N40: =IFERROR(IF(OR(VLOOKUP(K40,RHINSTTable,10,FALSE)="Yes",VLOOKUP(K40,RHINSTTable,10,FALSE)="Yes-Agreement"),"Yes","No"),"") | O40: =IFERROR(IF(OR(VLOOKUP(K40,RHINSTTable,11,FALSE)="Yes",VLOOKUP(K40,RHINSTTable,11,FALSE)="Yes-Agreement"),"Yes","No"),"") | P40: =IFERROR(IF(OR(VLOOKUP(K40,RHINSTTable,12,FALSE)="Yes",VLOOKUP(K40,RHINSTTable,12,FALSE)="Yes-Agreement"),"Yes","No"),"") | Q40: =IFERROR(VLOOKUP(K40,RHINSTTable,13,FALSE),"")
K41: =IF(J41="","",VLOOKUP(J41,'Relay INST 10.12.2023'!A:C,2,FALSE)) | L41: =IFERROR(IF(OR(VLOOKUP(K41,RHINSTTable,8,FALSE)="Yes",VLOOKUP(K41,RHINSTTable,8,FALSE)="Yes-Agreement"),"Yes","No"),"") | M41: =IFERROR(IF(OR(VLOOKUP(K41,RHINSTTable,9,FALSE)="Yes",VLOOKUP(K41,RHINSTTable,9,FALSE)="Yes-Agreement"),"Yes","No"),"") | N41: =IFERROR(IF(OR(VLOOKUP(K41,RHINSTTable,10,FALSE)="Yes",VLOOKUP(K41,RHINSTTable,10,FALSE)="Yes-Agreement"),"Yes","No"),"") | O41: =IFERROR(IF(OR(VLOOKUP(K41,RHINSTTable,11,FALSE)="Yes",VLOOKUP(K41,RHINSTTable,11,FALSE)="Yes-Agreement"),"Yes","No"),"") | P41: =IFERROR(IF(OR(VLOOKUP(K41,RHINSTTable,12,FALSE)="Yes",VLOOKUP(K41,RHINSTTable,12,FALSE)="Yes-Agreement"),"Yes","No"),"") | Q41: =IFERROR(VLOOKUP(K41,RHINSTTable,13,FALSE),"")
K42: =IF(J42="","",VLOOKUP(J42,'Relay INST 10.12.2023'!A:C,2,FALSE)) | L42: =IFERROR(IF(OR(VLOOKUP(K42,RHINSTTable,8,FALSE)="Yes",VLOOKUP(K42,RHINSTTable,8,FALSE)="Yes-Agreement"),"Yes","No"),"") | M42: =IFERROR(IF(OR(VLOOKUP(K42,RHINSTTable,9,FALSE)="Yes",VLOOKUP(K42,RHINSTTable,9,FALSE)="Yes-Agreement"),"Yes","No"),"") | N42: =IFERROR(IF(OR(VLOOKUP(K42,RHINSTTable,10,FALSE)="Yes",VLOOKUP(K42,RHINSTTable,10,FALSE)="Yes-Agreement"),"Yes","No"),"") | O42: =IFERROR(IF(OR(VLOOKUP(K42,RHINSTTable,11,FALSE)="Yes",VLOOKUP(K42,RHINSTTable,11,FALSE)="Yes-Agreement"),"Yes","No"),"") | P42: =IFERROR(IF(OR(VLOOKUP(K42,RHINSTTable,12,FALSE)="Yes",VLOOKUP(K42,RHINSTTable,12,FALSE)="Yes-Agreement"),"Yes","No"),"") | Q42: =IFERROR(VLOOKUP(K42,RHINSTTable,13,FALSE),"")
K43: =IF(J43="","",VLOOKUP(J43,'Relay INST 10.12.2023'!A:C,2,FALSE)) | L43: =IFERROR(IF(OR(VLOOKUP(K43,RHINSTTable,8,FALSE)="Yes",VLOOKUP(K43,RHINSTTable,8,FALSE)="Yes-Agreement"),"Yes","No"),"") | M43: =IFERROR(IF(OR(VLOOKUP(K43,RHINSTTable,9,FALSE)="Yes",VLOOKUP(K43,RHINSTTable,9,FALSE)="Yes-Agreement"),"Yes","No"),"") | N43: =IFERROR(IF(OR(VLOOKUP(K43,RHINSTTable,10,FALSE)="Yes",VLOOKUP(K43,RHINSTTable,10,FALSE)="Yes-Agreement"),"Yes","No"),"") | O43: =IFERROR(IF(OR(VLOOKUP(K43,RHINSTTable,11,FALSE)="Yes",VLOOKUP(K43,RHINSTTable,11,FALSE)="Yes-Agreement"),"Yes","No"),"") | P43: =IFERROR(IF(OR(VLOOKUP(K43,RHINSTTable,12,FALSE)="Yes",VLOOKUP(K43,RHINSTTable,12,FALSE)="Yes-Agreement"),"Yes","No"),"") | Q43: =IFERROR(VLOOKUP(K43,RHINSTTable,13,FALSE),"")
K44: =IF(J44="","",VLOOKUP(J44,'Relay INST 10.12.2023'!A:C,2,FALSE)) | L44: =IFERROR(IF(OR(VLOOKUP(K44,RHINSTTable,8,FALSE)="Yes",VLOOKUP(K44,RHINSTTable,8,FALSE)="Yes-Agreement"),"Yes","No"),"") | M44: =IFERROR(IF(OR(VLOOKUP(K44,RHINSTTable,9,FALSE)="Yes",VLOOKUP(K44,RHINSTTable,9,FALSE)="Yes-Agreement"),"Yes","No"),"") | N44: =IFERROR(IF(OR(VLOOKUP(K44,RHINSTTable,10,FALSE)="Yes",VLOOKUP(K44,RHINSTTable,10,FALSE)="Yes-Agreement"),"Yes","No"),"") | O44: =IFERROR(IF(OR(VLOOKUP(K44,RHINSTTable,11,FALSE)="Yes",VLOOKUP(K44,RHINSTTable,11,FALSE)="Yes-Agreement"),"Yes","No"),"") | P44: =IFERROR(IF(OR(VLOOKUP(K44,RHINSTTable,12,FALSE)="Yes",VLOOKUP(K44,RHINSTTable,12,FALSE)="Yes-Agreement"),"Yes","No"),"") | Q44: =IFERROR(VLOOKUP(K44,RHINSTTable,13,FALSE),"")
K45: =IF(J45="","",VLOOKUP(J45,'Relay INST 10.12.2023'!A:C,2,FALSE)) | L45: =IFERROR(IF(OR(VLOOKUP(K45,RHINSTTable,8,FALSE)="Yes",VLOOKUP(K45,RHINSTTable,8,FALSE)="Yes-Agreement"),"Yes","No"),"") | M45: =IFERROR(IF(OR(VLOOKUP(K45,RHINSTTable,9,FALSE)="Yes",VLOOKUP(K45,RHINSTTable,9,FALSE)="Yes-Agreement"),"Yes","No"),"") | N45: =IFERROR(IF(OR(VLOOKUP(K45,RHINSTTable,10,FALSE)="Yes",VLOOKUP(K45,RHINSTTable,10,FALSE)="Yes-Agreement"),"Yes","No"),"") | O45: =IFERROR(IF(OR(VLOOKUP(K45,RHINSTTable,11,FALSE)="Yes",VLOOKUP(K45,RHINSTTable,11,FALSE)="Yes-Agreement"),"Yes","No"),"") | P45: =IFERROR(IF(OR(VLOOKUP(K45,RHINSTTable,12,FALSE)="Yes",VLOOKUP(K45,RHINSTTable,12,FALSE)="Yes-Agreement"),"Yes","No"),"") | Q45: =IFERROR(VLOOKUP(K45,RHINSTTable,13,FALSE),"")
K46: =IF(J46="","",VLOOKUP(J46,'Relay INST 10.12.2023'!A:C,2,FALSE)) | L46: =IFERROR(IF(OR(VLOOKUP(K46,RHINSTTable,8,FALSE)="Yes",VLOOKUP(K46,RHINSTTable,8,FALSE)="Yes-Agreement"),"Yes","No"),"") | M46: =IFERROR(IF(OR(VLOOKUP(K46,RHINSTTable,9,FALSE)="Yes",VLOOKUP(K46,RHINSTTable,9,FALSE)="Yes-Agreement"),"Yes","No"),"") | N46: =IFERROR(IF(OR(VLOOKUP(K46,RHINSTTable,10,FALSE)="Yes",VLOOKUP(K46,RHINSTTable,10,FALSE)="Yes-Agreement"),"Yes","No"),"") | O46: =IFERROR(IF(OR(VLOOKUP(K46,RHINSTTable,11,FALSE)="Yes",VLOOKUP(K46,RHINSTTable,11,FALSE)="Yes-Agreement"),"Yes","No"),"") | P46: =IFERROR(IF(OR(VLOOKUP(K46,RHINSTTable,12,FALSE)="Yes",VLOOKUP(K46,RHINSTTable,12,FALSE)="Yes-Agreement"),"Yes","No"),"") | Q46: =IFERROR(VLOOKUP(K46,RHINSTTable,13,FALSE),"")
K47: =IF(J47="","",VLOOKUP(J47,'Relay INST 10.12.2023'!A:C,2,FALSE)) | L47: =IFERROR(IF(OR(VLOOKUP(K47,RHINSTTable,8,FALSE)="Yes",VLOOKUP(K47,RHINSTTable,8,FALSE)="Yes-Agreement"),"Yes","No"),"") | M47: =IFERROR(IF(OR(VLOOKUP(K47,RHINSTTable,9,FALSE)="Yes",VLOOKUP(K47,RHINSTTable,9,FALSE)="Yes-Agreement"),"Yes","No"),"") | N47: =IFERROR(IF(OR(VLOOKUP(K47,RHINSTTable,10,FALSE)="Yes",VLOOKUP(K47,RHINSTTable,10,FALSE)="Yes-Agreement"),"Yes","No"),"") | O47: =IFERROR(IF(OR(VLOOKUP(K47,RHINSTTable,11,FALSE)="Yes",VLOOKUP(K47,RHINSTTable,11,FALSE)="Yes-Agreement"),"Yes","No"),"") | P47: =IFERROR(IF(OR(VLOOKUP(K47,RHINSTTable,12,FALSE)="Yes",VLOOKUP(K47,RHINSTTable,12,FALSE)="Yes-Agreement"),"Yes","No"),"") | Q47: =IFERROR(VLOOKUP(K47,RHINSTTable,13,FALSE),"")
... K53: =IF(J53="","",VLOOKUP(J53,'Relay INST 10.12.2023'!A:C,2,FALSE)) | L53: =IFERROR(IF(OR(VLOOKUP(K53,RHINSTTable,8,FALSE)="Yes",VLOOKUP(K53,RHINSTTable,8,FALSE)="Yes-Agreement"),"Yes","No"),"") | M53: =IFERROR(IF(OR(VLOOKUP(K53,RHINSTTable,9,FALSE)="Yes",VLOOKUP(K53,RHINSTTable,9,FALSE)="Yes-Agreement"),"Yes","No"),"") | N53: =IFERROR(IF(OR(VLOOKUP(K53,RHINSTTable,10,FALSE)="Yes",VLOOKUP(K53,RHINSTTable,10,FALSE)="Yes-Agreement"),"Yes","No"),"") | O53: =IFERROR(IF(OR(VLOOKUP(K53,RHINSTTable,11,FALSE)="Yes",VLOOKUP(K53,RHINSTTable,11,FALSE)="Yes-Agreement"),"Yes","No"),"") | P53: =IFERROR(IF(OR(VLOOKUP(K53,RHINSTTable,12,FALSE)="Yes",VLOOKUP(K53,RHINSTTable,12,FALSE)="Yes-Agreement"),"Yes","No"),"") | Q53: =IFERROR(VLOOKUP(K53,RHINSTTable,13,FALSE),"")
G54: 1 | K54: =IF(J54="","",VLOOKUP(J54,'Relay INST 10.12.2023'!A:C,2,FALSE)) | L54: =IFERROR(IF(OR(VLOOKUP(K54,RHINSTTable,8,FALSE)="Yes",VLOOKUP(K54,RHINSTTable,8,FALSE)="Yes-Agreement"),"Yes","No"),"") | M54: =IFERROR(IF(OR(VLOOKUP(K54,RHINSTTable,9,FALSE)="Yes",VLOOKUP(K54,RHINSTTable,9,FALSE)="Yes-Agreement"),"Yes","No"),"") | N54: =IFERROR(IF(OR(VLOOKUP(K54,RHINSTTable,10,FALSE)="Yes",VLOOKUP(K54,RHINSTTable,10,FALSE)="Yes-Agreement"),"Yes","No"),"") | O54: =IFERROR(IF(OR(VLOOKUP(K54,RHINSTTable,11,FALSE)="Yes",VLOOKUP(K54,RHINSTTable,11,FALSE)="Yes-Agreement"),"Yes","No"),"") | P54: =IFERROR(IF(OR(VLOOKUP(K54,RHINSTTable,12,FALSE)="Yes",VLOOKUP(K54,RHINSTTable,12,FALSE)="Yes-Agreement"),"Yes","No"),"") | Q54: =IFERROR(VLOOKUP(K54,RHINSTTable,13,FALSE),"")
G55: 47
G56: 48
G57: 49
G58: 50
G59: 51
G60: 52
G61: 53
G62: 54 | H62: =_xlfn.IFNA(VLOOKUP(INDEX(CXArray,MATCH(G62,CXNumber,0),MATCH($B$2,CXState,0)),Top40Unique,4,FALSE),"Error") -> Error | J62: =IFERROR(VLOOKUP(INDEX(CXArray,MATCH(G62,CXNumber,0),MATCH($B$2,CXState,0)),Top40Unique,6,FALSE),1) -> 1 | K62: =_xlfn.IFNA(VLOOKUP(INDEX(CXArray,MATCH(G62,CXNumber,0),MATCH($B$2,CXState,0)),Top40Unique,3,FALSE),1) -> 1 | N62: =_xlfn.IFNA(IF(OR(VLOOKUP(K62,RHTABLE,9,FALSE)="Yes",VLOOKUP(K62,RHTABLE,9,FALSE)="Yes-Agreement"),"Yes","No"),"Error") -> Error | O62: =_xlfn.IFNA(IF(OR(VLOOKUP(K62,RHTABLE,11,FALSE)="Yes",VLOOKUP(K62,RHTABLE,11,FALSE)="Yes-Agreement"),"Yes","No"),"Error") -> Error | Q62: =_xlfn.IFNA(IF(OR(VLOOKUP(K62,RHTABLE,10,FALSE)="Yes",VLOOKUP(K62,RHTABLE,10,FALSE)="Yes-Agreement"),"Yes","No"),"Error") -> Error

Sheet Additional Provider
B1: Individual Provider EDI Agreements
B2: If your provider(s) is not attached to a group for billing purposes and requires individual EDI agreements, please complete this section. Otherwise, please proceed to the Provider Profile Setup section.
B4: EDI Agreement Details | F4: Payer Name | G4: CPID or National Payer ID | H4: Payer Specific Provider ID (i.e. PTAN)
B5: EDI Contact Name
B6: EDI Contact Title
B7: Email
B8: Phone
B9: Fax
B10: Authorized Signee Name
B11: Authorized Signee Title
B12: Billing NPI (box 33)
B13: Billing Name
B14: Tax ID
B15: Physical Address
B16: City, State, Zip (9-digit)
... B21: If the alternate provider profiles are needed ....
P23: *Required if EPCS is purchased | R23: Does this Provider need EPCS?
B24: Office Key | C24: Provider Code | D24: Last Name, First Name | E24: Title | F24: Full or Part Time | G24: PM/EHR/Both | H24: Address | I24: City, State | J24: Zip (9-digit) | K24: Group Code | L24: Tax ID | M24: CLIA | N24: Taxonomy | O24: NPI | P24: DEA Number | Q24: Prescribing Email
B25: 110000 | C25: SMAN | D25: Man, Super | E25: MD | F25: Full Time | G25: PM | H25: 123 Super Street Suite 100 | I25: Salt Lake City, UT | J25: 84102-9874 | K25: MAN01 | L25: 123456789 | M25: 9876543 | N25: 123X00000X | O25: 1234567891 | P25: UT1234567 | Q25: superman@gmail.com | R25: Yes or No

Sheet Office Key Request
A1: DO NOT COMPLETE THIS PAGE. PLEASE IGNORE IT.

Sheet AMD Top 40 Unique
A1: Unique | B1: State | C1: CPID | D1: Name | E1: Eligibility | F1: Payer ID | G1: Payer Name | H1: Claim Type | I1: State | J1: 2nd Claims | K1: Claims | L1: Remit | M1: Eligibility | N1: ClaimStatus | O1: Enrollment Required | P1: Attachments
A2: AK1 | B2: AK | C2: 4489 | D2: ALASKA MEDICAID | E2: =VLOOKUP(C2,RHTABLE,2,FALSE) -> AKMCD | F2: =VLOOKUP(C2,RHTABLE,3,FALSE) -> AKMEDICAID FHSC | G2: =VLOOKUP(C2,RHTABLE,4,FALSE) -> DENALI CARE | H2: =VLOOKUP(C2,RHTABLE,5,FALSE) -> Professional | I2: =VLOOKUP(C2,RHTABLE,6,FALSE) -> AK | J2: =VLOOKUP(C2,RHTABLE,7,FALSE) -> Yes | K2: =VLOOKUP(C2,RHTABLE,8,FALSE) -> Yes | L2: =VLOOKUP(C2,RHTABLE,9,FALSE) -> Yes | M2: =VLOOKUP(C2,RHTABLE,10,FALSE) -> No | N2: =VLOOKUP(C2,RHTABLE,11,FALSE) -> No | O2: =VLOOKUP(C2,RHTABLE,13,FALSE) -> #REF! | P2: =VLOOKUP(C2,RHTABLE,12,FALSE) -> C,R
A3: AK10 | B3: AK | E3: =VLOOKUP(C3,RHTABLE,2,FALSE) -> #N/A | F3: =VLOOKUP(C3,RHTABLE,3,FALSE) -> #N/A | G3: =VLOOKUP(C3,RHTABLE,4,FALSE) -> #N/A | H3: =VLOOKUP(C3,RHTABLE,5,FALSE) -> #N/A | I3: =VLOOKUP(C3,RHTABLE,6,FALSE) -> #N/A | J3: =VLOOKUP(C3,RHTABLE,7,FALSE) -> #N/A | K3: =VLOOKUP(C3,RHTABLE,8,FALSE) -> #N/A | L3: =VLOOKUP(C3,RHTABLE,9,FALSE) -> #N/A | M3: =VLOOKUP(C3,RHTABLE,10,FALSE) -> #N/A | N3: =VLOOKUP(C3,RHTABLE,11,FALSE) -> #N/A | O3: =VLOOKUP(C3,RHTABLE,13,FALSE) -> #N/A | P3: =VLOOKUP(C3,RHTABLE,12,FALSE) -> #N/A
A4: AK11 | B4: AK | E4: =VLOOKUP(C4,RHTABLE,2,FALSE) -> #N/A | F4: =VLOOKUP(C4,RHTABLE,3,FALSE) -> #N/A | G4: =VLOOKUP(C4,RHTABLE,4,FALSE) -> #N/A | H4: =VLOOKUP(C4,RHTABLE,5,FALSE) -> #N/A | I4: =VLOOKUP(C4,RHTABLE,6,FALSE) -> #N/A | J4: =VLOOKUP(C4,RHTABLE,7,FALSE) -> #N/A | K4: =VLOOKUP(C4,RHTABLE,8,FALSE) -> #N/A | L4: =VLOOKUP(C4,RHTABLE,9,FALSE) -> #N/A | M4: =VLOOKUP(C4,RHTABLE,10,FALSE) -> #N/A | N4: =VLOOKUP(C4,RHTABLE,11,FALSE) -> #N/A | O4: =VLOOKUP(C4,RHTABLE,13,FALSE) -> #N/A | P4: =VLOOKUP(C4,RHTABLE,12,FALSE) -> #N/A
A5: AK12 | B5: AK | E5: =VLOOKUP(C5,RHTABLE,2,FALSE) -> #N/A | F5: =VLOOKUP(C5,RHTABLE,3,FALSE) -> #N/A | G5: =VLOOKUP(C5,RHTABLE,4,FALSE) -> #N/A | H5: =VLOOKUP(C5,RHTABLE,5,FALSE) -> #N/A | I5: =VLOOKUP(C5,RHTABLE,6,FALSE) -> #N/A | J5: =VLOOKUP(C5,RHTABLE,7,FALSE) -> #N/A | K5: =VLOOKUP(C5,RHTABLE,8,FALSE) -> #N/A | L5: =VLOOKUP(C5,RHTABLE,9,FALSE) -> #N/A | M5: =VLOOKUP(C5,RHTABLE,10,FALSE) -> #N/A | N5: =VLOOKUP(C5,RHTABLE,11,FALSE) -> #N/A | O5: =VLOOKUP(C5,RHTABLE,13,FALSE) -> #N/A | P5: =VLOOKUP(C5,RHTABLE,12,FALSE) -> #N/A
A6: AK13 | B6: AK | E6: =VLOOKUP(C6,RHTABLE,2,FALSE) -> #N/A | F6: =VLOOKUP(C6,RHTABLE,3,FALSE) -> #N/A | G6: =VLOOKUP(C6,RHTABLE,4,FALSE) -> #N/A | H6: =VLOOKUP(C6,RHTABLE,5,FALSE) -> #N/A | I6: =VLOOKUP(C6,RHTABLE,6,FALSE) -> #N/A | J6: =VLOOKUP(C6,RHTABLE,7,FALSE) -> #N/A | K6: =VLOOKUP(C6,RHTABLE,8,FALSE) -> #N/A | L6: =VLOOKUP(C6,RHTABLE,9,FALSE) -> #N/A | M6: =VLOOKUP(C6,RHTABLE,10,FALSE) -> #N/A | N6: =VLOOKUP(C6,RHTABLE,11,FALSE) -> #N/A | O6: =VLOOKUP(C6,RHTABLE,13,FALSE) -> #N/A | P6: =VLOOKUP(C6,RHTABLE,12,FALSE) -> #N/A
A7: AK14 | B7: AK | E7: =VLOOKUP(C7,RHTABLE,2,FALSE) -> #N/A | F7: =VLOOKUP(C7,RHTABLE,3,FALSE) -> #N/A | G7: =VLOOKUP(C7,RHTABLE,4,FALSE) -> #N/A | H7: =VLOOKUP(C7,RHTABLE,5,FALSE) -> #N/A | I7: =VLOOKUP(C7,RHTABLE,6,FALSE) -> #N/A | J7: =VLOOKUP(C7,RHTABLE,7,FALSE) -> #N/A | K7: =VLOOKUP(C7,RHTABLE,8,FALSE) -> #N/A | L7: =VLOOKUP(C7,RHTABLE,9,FALSE) -> #N/A | M7: =VLOOKUP(C7,RHTABLE,10,FALSE) -> #N/A | N7: =VLOOKUP(C7,RHTABLE,11,FALSE) -> #N/A | O7: =VLOOKUP(C7,RHTABLE,13,FALSE) -> #N/A | P7: =VLOOKUP(C7,RHTABLE,12,FALSE) -> #N/A
A8: AK15 | B8: AK | E8: =VLOOKUP(C8,RHTABLE,2,FALSE) -> #N/A | F8: =VLOOKUP(C8,RHTABLE,3,FALSE) -> #N/A | G8: =VLOOKUP(C8,RHTABLE,4,FALSE) -> #N/A | H8: =VLOOKUP(C8,RHTABLE,5,FALSE) -> #N/A | I8: =VLOOKUP(C8,RHTABLE,6,FALSE) -> #N/A | J8: =VLOOKUP(C8,RHTABLE,7,FALSE) -> #N/A | K8: =VLOOKUP(C8,RHTABLE,8,FALSE) -> #N/A | L8: =VLOOKUP(C8,RHTABLE,9,FALSE) -> #N/A | M8: =VLOOKUP(C8,RHTABLE,10,FALSE) -> #N/A | N8: =VLOOKUP(C8,RHTABLE,11,FALSE) -> #N/A | O8: =VLOOKUP(C8,RHTABLE,13,FALSE) -> #N/A | P8: =VLOOKUP(C8,RHTABLE,12,FALSE) -> #N/A
A9: AK16 | B9: AK | E9: =VLOOKUP(C9,RHTABLE,2,FALSE) -> #N/A | F9: =VLOOKUP(C9,RHTABLE,3,FALSE) -> #N/A | G9: =VLOOKUP(C9,RHTABLE,4,FALSE) -> #N/A | H9: =VLOOKUP(C9,RHTABLE,5,FALSE) -> #N/A | I9: =VLOOKUP(C9,RHTABLE,6,FALSE) -> #N/A | J9: =VLOOKUP(C9,RHTABLE,7,FALSE) -> #N/A | K9: =VLOOKUP(C9,RHTABLE,8,FALSE) -> #N/A | L9: =VLOOKUP(C9,RHTABLE,9,FALSE) -> #N/A | M9: =VLOOKUP(C9,RHTABLE,10,FALSE) -> #N/A | N9: =VLOOKUP(C9,RHTABLE,11,FALSE) -> #N/A | O9: =VLOOKUP(C9,RHTABLE,13,FALSE) -> #N/A | P9: =VLOOKUP(C9,RHTABLE,12,FALSE) -> #N/A
A10: AK17 | B10: AK | E10: =VLOOKUP(C10,RHTABLE,2,FALSE) -> #N/A | F10: =VLOOKUP(C10,RHTABLE,3,FALSE) -> #N/A | G10: =VLOOKUP(C10,RHTABLE,4,FALSE) -> #N/A | H10: =VLOOKUP(C10,RHTABLE,5,FALSE) -> #N/A | I10: =VLOOKUP(C10,RHTABLE,6,FALSE) -> #N/A | J10: =VLOOKUP(C10,RHTABLE,7,FALSE) -> #N/A | K10: =VLOOKUP(C10,RHTABLE,8,FALSE) -> #N/A | L10: =VLOOKUP(C10,RHTABLE,9,FALSE) -> #N/A | M10: =VLOOKUP(C10,RHTABLE,10,FALSE) -> #N/A | N10: =VLOOKUP(C10,RHTABLE,11,FALSE) -> #N/A | O10: =VLOOKUP(C10,RHTABLE,13,FALSE) -> #N/A | P10: =VLOOKUP(C10,RHTABLE,12,FALSE) -> #N/A
A11: AK18 | B11: AK | E11: =VLOOKUP(C11,RHTABLE,2,FALSE) -> #N/A | F11: =VLOOKUP(C11,RHTABLE,3,FALSE) -> #N/A | G11: =VLOOKUP(C11,RHTABLE,4,FALSE) -> #N/A | H11: =VLOOKUP(C11,RHTABLE,5,FALSE) -> #N/A | I11: =VLOOKUP(C11,RHTABLE,6,FALSE) -> #N/A | J11: =VLOOKUP(C11,RHTABLE,7,FALSE) -> #N/A | K11: =VLOOKUP(C11,RHTABLE,8,FALSE) -> #N/A | L11: =VLOOKUP(C11,RHTABLE,9,FALSE) -> #N/A | M11: =VLOOKUP(C11,RHTABLE,10,FALSE) -> #N/A | N11: =VLOOKUP(C11,RHTABLE,11,FALSE) -> #N/A | O11: =VLOOKUP(C11,RHTABLE,13,FALSE) -> #N/A | P11: =VLOOKUP(C11,RHTABLE,12,FALSE) -> #N/A
A12: AK19 | B12: AK | E12: =VLOOKUP(C12,RHTABLE,2,FALSE) -> #N/A | F12: =VLOOKUP(C12,RHTABLE,3,FALSE) -> #N/A | G12: =VLOOKUP(C12,RHTABLE,4,FALSE) -> #N/A | H12: =VLOOKUP(C12,RHTABLE,5,FALSE) -> #N/A | I12: =VLOOKUP(C12,RHTABLE,6,FALSE) -> #N/A | J12: =VLOOKUP(C12,RHTABLE,7,FALSE) -> #N/A | K12: =VLOOKUP(C12,RHTABLE,8,FALSE) -> #N/A | L12: =VLOOKUP(C12,RHTABLE,9,FALSE) -> #N/A | M12: =VLOOKUP(C12,RHTABLE,10,FALSE) -> #N/A | N12: =VLOOKUP(C12,RHTABLE,11,FALSE) -> #N/A | O12: =VLOOKUP(C12,RHTABLE,13,FALSE) -> #N/A | P12: =VLOOKUP(C12,RHTABLE,12,FALSE) -> #N/A
A13: AK2 | B13: AK | C13: 7445 | D13: PREMERA BLUE CROSS | E13: =VLOOKUP(C13,RHTABLE,2,FALSE) -> WAPBCS | F13: =VLOOKUP(C13,RHTABLE,3,FALSE) -> 430 | G13: =VLOOKUP(C13,RHTABLE,4,FALSE) -> BLUE CROSS WA/AK PREMERA BLUE CROSS | H13: =VLOOKUP(C13,RHTABLE,5,FALSE) -> Professional | I13: =VLOOKUP(C13,RHTABLE,6,FALSE) -> AK | J13: =VLOOKUP(C13,RHTABLE,7,FALSE) -> Yes | K13: =VLOOKUP(C13,RHTABLE,8,FALSE) -> Yes | L13: =VLOOKUP(C13,RHTABLE,9,FALSE) -> Yes | M13: =VLOOKUP(C13,RHTABLE,10,FALSE) -> Yes | N13: =VLOOKUP(C13,RHTABLE,11,FALSE) -> No | O13: =VLOOKUP(C13,RHTABLE,13,FALSE) -> #REF! | P13: =VLOOKUP(C13,RHTABLE,12,FALSE) -> R
A14: AK20 | B14: AK | E14: =VLOOKUP(C14,RHTABLE,2,FALSE) -> #N/A | F14: =VLOOKUP(C14,RHTABLE,3,FALSE) -> #N/A | G14: =VLOOKUP(C14,RHTABLE,4,FALSE) -> #N/A | H14: =VLOOKUP(C14,RHTABLE,5,FALSE) -> #N/A | I14: =VLOOKUP(C14,RHTABLE,6,FALSE) -> #N/A | J14: =VLOOKUP(C14,RHTABLE,7,FALSE) -> #N/A | K14: =VLOOKUP(C14,RHTABLE,8,FALSE) -> #N/A | L14: =VLOOKUP(C14,RHTABLE,9,FALSE) -> #N/A | M14: =VLOOKUP(C14,RHTABLE,10,FALSE) -> #N/A | N14: =VLOOKUP(C14,RHTABLE,11,FALSE) -> #N/A | O14: =VLOOKUP(C14,RHTABLE,13,FALSE) -> #N/A | P14: =VLOOKUP(C14,RHTABLE,12,FALSE) -> #N/A
A15: AK21 | B15: AK | E15: =VLOOKUP(C15,RHTABLE,2,FALSE) -> #N/A | F15: =VLOOKUP(C15,RHTABLE,3,FALSE) -> #N/A | G15: =VLOOKUP(C15,RHTABLE,4,FALSE) -> #N/A | H15: =VLOOKUP(C15,RHTABLE,5,FALSE) -> #N/A | I15: =VLOOKUP(C15,RHTABLE,6,FALSE) -> #N/A | J15: =VLOOKUP(C15,RHTABLE,7,FALSE) -> #N/A | K15: =VLOOKUP(C15,RHTABLE,8,FALSE) -> #N/A | L15: =VLOOKUP(C15,RHTABLE,9,FALSE) -> #N/A | M15: =VLOOKUP(C15,RHTABLE,10,FALSE) -> #N/A | N15: =VLOOKUP(C15,RHTABLE,11,FALSE) -> #N/A | O15: =VLOOKUP(C15,RHTABLE,13,FALSE) -> #N/A | P15: =VLOOKUP(C15,RHTABLE,12,FALSE) -> #N/A
A16: AK22 | B16: AK | E16: =VLOOKUP(C16,RHTABLE,2,FALSE) -> #N/A | F16: =VLOOKUP(C16,RHTABLE,3,FALSE) -> #N/A | G16: =VLOOKUP(C16,RHTABLE,4,FALSE) -> #N/A | H16: =VLOOKUP(C16,RHTABLE,5,FALSE) -> #N/A | I16: =VLOOKUP(C16,RHTABLE,6,FALSE) -> #N/A | J16: =VLOOKUP(C16,RHTABLE,7,FALSE) -> #N/A | K16: =VLOOKUP(C16,RHTABLE,8,FALSE) -> #N/A | L16: =VLOOKUP(C16,RHTABLE,9,FALSE) -> #N/A | M16: =VLOOKUP(C16,RHTABLE,10,FALSE) -> #N/A | N16: =VLOOKUP(C16,RHTABLE,11,FALSE) -> #N/A | O16: =VLOOKUP(C16,RHTABLE,13,FALSE) -> #N/A | P16: =VLOOKUP(C16,RHTABLE,12,FALSE) -> #N/A
A17: AK23 | B17: AK | E17: =VLOOKUP(C17,RHTABLE,2,FALSE) -> #N/A | F17: =VLOOKUP(C17,RHTABLE,3,FALSE) -> #N/A | G17: =VLOOKUP(C17,RHTABLE,4,FALSE) -> #N/A | H17: =VLOOKUP(C17,RHTABLE,5,FALSE) -> #N/A | I17: =VLOOKUP(C17,RHTABLE,6,FALSE) -> #N/A | J17: =VLOOKUP(C17,RHTABLE,7,FALSE) -> #N/A | K17: =VLOOKUP(C17,RHTABLE,8,FALSE) -> #N/A | L17: =VLOOKUP(C17,RHTABLE,9,FALSE) -> #N/A | M17: =VLOOKUP(C17,RHTABLE,10,FALSE) -> #N/A | N17: =VLOOKUP(C17,RHTABLE,11,FALSE) -> #N/A | O17: =VLOOKUP(C17,RHTABLE,13,FALSE) -> #N/A | P17: =VLOOKUP(C17,RHTABLE,12,FALSE) -> #N/A
A18: AK24 | B18: AK | E18: =VLOOKUP(C18,RHTABLE,2,FALSE) -> #N/A | F18: =VLOOKUP(C18,RHTABLE,3,FALSE) -> #N/A | G18: =VLOOKUP(C18,RHTABLE,4,FALSE) -> #N/A | H18: =VLOOKUP(C18,RHTABLE,5,FALSE) -> #N/A | I18: =VLOOKUP(C18,RHTABLE,6,FALSE) -> #N/A | J18: =VLOOKUP(C18,RHTABLE,7,FALSE) -> #N/A | K18: =VLOOKUP(C18,RHTABLE,8,FALSE) -> #N/A | L18: =VLOOKUP(C18,RHTABLE,9,FALSE) -> #N/A | M18: =VLOOKUP(C18,RHTABLE,10,FALSE) -> #N/A | N18: =VLOOKUP(C18,RHTABLE,11,FALSE) -> #N/A | O18: =VLOOKUP(C18,RHTABLE,13,FALSE) -> #N/A | P18: =VLOOKUP(C18,RHTABLE,12,FALSE) -> #N/A
A19: AK25 | B19: AK | E19: =VLOOKUP(C19,RHTABLE,2,FALSE) -> #N/A | F19: =VLOOKUP(C19,RHTABLE,3,FALSE) -> #N/A | G19: =VLOOKUP(C19,RHTABLE,4,FALSE) -> #N/A | H19: =VLOOKUP(C19,RHTABLE,5,FALSE) -> #N/A | I19: =VLOOKUP(C19,RHTABLE,6,FALSE) -> #N/A | J19: =VLOOKUP(C19,RHTABLE,7,FALSE) -> #N/A | K19: =VLOOKUP(C19,RHTABLE,8,FALSE) -> #N/A | L19: =VLOOKUP(C19,RHTABLE,9,FALSE) -> #N/A | M19: =VLOOKUP(C19,RHTABLE,10,FALSE) -> #N/A | N19: =VLOOKUP(C19,RHTABLE,11,FALSE) -> #N/A | O19: =VLOOKUP(C19,RHTABLE,13,FALSE) -> #N/A | P19: =VLOOKUP(C19,RHTABLE,12,FALSE) -> #N/A
A20: AK26 | B20: AK | E20: =VLOOKUP(C20,RHTABLE,2,FALSE) -> #N/A | F20: =VLOOKUP(C20,RHTABLE,3,FALSE) -> #N/A | G20: =VLOOKUP(C20,RHTABLE,4,FALSE) -> #N/A | H20: =VLOOKUP(C20,RHTABLE,5,FALSE) -> #N/A | I20: =VLOOKUP(C20,RHTABLE,6,FALSE) -> #N/A | J20: =VLOOKUP(C20,RHTABLE,7,FALSE) -> #N/A | K20: =VLOOKUP(C20,RHTABLE,8,FALSE) -> #N/A | L20: =VLOOKUP(C20,RHTABLE,9,FALSE) -> #N/A | M20: =VLOOKUP(C20,RHTABLE,10,FALSE) -> #N/A | N20: =VLOOKUP(C20,RHTABLE,11,FALSE) -> #N/A | O20: =VLOOKUP(C20,RHTABLE,13,FALSE) -> #N/A | P20: =VLOOKUP(C20,RHTABLE,12,FALSE) -> #N/A
A21: AK27 | B21: AK | E21: =VLOOKUP(C21,RHTABLE,2,FALSE) -> #N/A | F21: =VLOOKUP(C21,RHTABLE,3,FALSE) -> #N/A | G21: =VLOOKUP(C21,RHTABLE,4,FALSE) -> #N/A | H21: =VLOOKUP(C21,RHTABLE,5,FALSE) -> #N/A | I21: =VLOOKUP(C21,RHTABLE,6,FALSE) -> #N/A | J21: =VLOOKUP(C21,RHTABLE,7,FALSE) -> #N/A | K21: =VLOOKUP(C21,RHTABLE,8,FALSE) -> #N/A | L21: =VLOOKUP(C21,RHTABLE,9,FALSE) -> #N/A | M21: =VLOOKUP(C21,RHTABLE,10,FALSE) -> #N/A | N21: =VLOOKUP(C21,RHTABLE,11,FALSE) -> #N/A | O21: =VLOOKUP(C21,RHTABLE,13,FALSE) -> #N/A | P21: =VLOOKUP(C21,RHTABLE,12,FALSE) -> #N/A
A22: AK28 | B22: AK | E22: =VLOOKUP(C22,RHTABLE,2,FALSE) -> #N/A | F22: =VLOOKUP(C22,RHTABLE,3,FALSE) -> #N/A | G22: =VLOOKUP(C22,RHTABLE,4,FALSE) -> #N/A | H22: =VLOOKUP(C22,RHTABLE,5,FALSE) -> #N/A | I22: =VLOOKUP(C22,RHTABLE,6,FALSE) -> #N/A | J22: =VLOOKUP(C22,RHTABLE,7,FALSE) -> #N/A | K22: =VLOOKUP(C22,RHTABLE,8,FALSE) -> #N/A | L22: =VLOOKUP(C22,RHTABLE,9,FALSE) -> #N/A | M22: =VLOOKUP(C22,RHTABLE,10,FALSE) -> #N/A | N22: =VLOOKUP(C22,RHTABLE,11,FALSE) -> #N/A | O22: =VLOOKUP(C22,RHTABLE,13,FALSE) -> #N/A | P22: =VLOOKUP(C22,RHTABLE,12,FALSE) -> #N/A
A23: AK29 | B23: AK | E23: =VLOOKUP(C23,RHTABLE,2,FALSE) -> #N/A | F23: =VLOOKUP(C23,RHTABLE,3,FALSE) -> #N/A | G23: =VLOOKUP(C23,RHTABLE,4,FALSE) -> #N/A | H23: =VLOOKUP(C23,RHTABLE,5,FALSE) -> #N/A | I23: =VLOOKUP(C23,RHTABLE,6,FALSE) -> #N/A | J23: =VLOOKUP(C23,RHTABLE,7,FALSE) -> #N/A | K23: =VLOOKUP(C23,RHTABLE,8,FALSE) -> #N/A | L23: =VLOOKUP(C23,RHTABLE,9,FALSE) -> #N/A | M23: =VLOOKUP(C23,RHTABLE,10,FALSE) -> #N/A | N23: =VLOOKUP(C23,RHTABLE,11,FALSE) -> #N/A | O23: =VLOOKUP(C23,RHTABLE,13,FALSE) -> #N/A | P23: =VLOOKUP(C23,RHTABLE,12,FALSE) -> #N/A
A24: AK3 | B24: AK | C24: 1455 | D24: ALASKA MEDICARE | E24: =VLOOKUP(C24,RHTABLE,2,FALSE) -> CMSMED | F24: =VLOOKUP(C24,RHTABLE,3,FALSE) -> 2102 | G24: =VLOOKUP(C24,RHTABLE,4,FALSE) -> ALASKA MEDICARE | H24: =VLOOKUP(C24,RHTABLE,5,FALSE) -> Professional | I24: =VLOOKUP(C24,RHTABLE,6,FALSE) -> AK | J24: =VLOOKUP(C24,RHTABLE,7,FALSE) -> Yes | K24: =VLOOKUP(C24,RHTABLE,8,FALSE) -> Yes | L24: =VLOOKUP(C24,RHTABLE,9,FALSE) -> Yes | M24: =VLOOKUP(C24,RHTABLE,10,FALSE) -> No | N24: =VLOOKUP(C24,RHTABLE,11,FALSE) -> Yes | O24: =VLOOKUP(C24,RHTABLE,13,FALSE) -> #REF! | P24: =VLOOKUP(C24,RHTABLE,12,FALSE) -> C,R,E
A25: AK30 | B25: AK | E25: =VLOOKUP(C25,RHTABLE,2,FALSE) -> #N/A | F25: =VLOOKUP(C25,RHTABLE,3,FALSE) -> #N/A | G25: =VLOOKUP(C25,RHTABLE,4,FALSE) -> #N/A | H25: =VLOOKUP(C25,RHTABLE,5,FALSE) -> #N/A | I25: =VLOOKUP(C25,RHTABLE,6,FALSE) -> #N/A | J25: =VLOOKUP(C25,RHTABLE,7,FALSE) -> #N/A | K25: =VLOOKUP(C25,RHTABLE,8,FALSE) -> #N/A | L25: =VLOOKUP(C25,RHTABLE,9,FALSE) -> #N/A | M25: =VLOOKUP(C25,RHTABLE,10,FALSE) -> #N/A | N25: =VLOOKUP(C25,RHTABLE,11,FALSE) -> #N/A | O25: =VLOOKUP(C25,RHTABLE,13,FALSE) -> #N/A | P25: =VLOOKUP(C25,RHTABLE,12,FALSE) -> #N/A
A26: AK31 | B26: AK | E26: =VLOOKUP(C26,RHTABLE,2,FALSE) -> #N/A | F26: =VLOOKUP(C26,RHTABLE,3,FALSE) -> #N/A | G26: =VLOOKUP(C26,RHTABLE,4,FALSE) -> #N/A | H26: =VLOOKUP(C26,RHTABLE,5,FALSE) -> #N/A | I26: =VLOOKUP(C26,RHTABLE,6,FALSE) -> #N/A | J26: =VLOOKUP(C26,RHTABLE,7,FALSE) -> #N/A | K26: =VLOOKUP(C26,RHTABLE,8,FALSE) -> #N/A | L26: =VLOOKUP(C26,RHTABLE,9,FALSE) -> #N/A | M26: =VLOOKUP(C26,RHTABLE,10,FALSE) -> #N/A | N26: =VLOOKUP(C26,RHTABLE,11,FALSE) -> #N/A | O26: =VLOOKUP(C26,RHTABLE,13,FALSE) -> #N/A | P26: =VLOOKUP(C26,RHTABLE,12,FALSE) -> #N/A
A27: AK32 | B27: AK | E27: =VLOOKUP(C27,RHTABLE,2,FALSE) -> #N/A | F27: =VLOOKUP(C27,RHTABLE,3,FALSE) -> #N/A | G27: =VLOOKUP(C27,RHTABLE,4,FALSE) -> #N/A | H27: =VLOOKUP(C27,RHTABLE,5,FALSE) -> #N/A | I27: =VLOOKUP(C27,RHTABLE,6,FALSE) -> #N/A | J27: =VLOOKUP(C27,RHTABLE,7,FALSE) -> #N/A | K27: =VLOOKUP(C27,RHTABLE,8,FALSE) -> #N/A | L27: =VLOOKUP(C27,RHTABLE,9,FALSE) -> #N/A | M27: =VLOOKUP(C27,RHTABLE,10,FALSE) -> #N/A | N27: =VLOOKUP(C27,RHTABLE,11,FALSE) -> #N/A | O27: =VLOOKUP(C27,RHTABLE,13,FALSE) -> #N/A | P27: =VLOOKUP(C27,RHTABLE,12,FALSE) -> #N/A
A28: AK33 | B28: AK | E28: =VLOOKUP(C28,RHTABLE,2,FALSE) -> #N/A | F28: =VLOOKUP(C28,RHTABLE,3,FALSE) -> #N/A | G28: =VLOOKUP(C28,RHTABLE,4,FALSE) -> #N/A | H28: =VLOOKUP(C28,RHTABLE,5,FALSE) -> #N/A | I28: =VLOOKUP(C28,RHTABLE,6,FALSE) -> #N/A | J28: =VLOOKUP(C28,RHTABLE,7,FALSE) -> #N/A | K28: =VLOOKUP(C28,RHTABLE,8,FALSE) -> #N/A | L28: =VLOOKUP(C28,RHTABLE,9,FALSE) -> #N/A | M28: =VLOOKUP(C28,RHTABLE,10,FALSE) -> #N/A | N28: =VLOOKUP(C28,RHTABLE,11,FALSE) -> #N/A | O28: =VLOOKUP(C28,RHTABLE,13,FALSE) -> #N/A | P28: =VLOOKUP(C28,RHTABLE,12,FALSE) -> #N/A
A29: AK34 | B29: AK | E29: =VLOOKUP(C29,RHTABLE,2,FALSE) -> #N/A | F29: =VLOOKUP(C29,RHTABLE,3,FALSE) -> #N/A | G29: =VLOOKUP(C29,RHTABLE,4,FALSE) -> #N/A | H29: =VLOOKUP(C29,RHTABLE,5,FALSE) -> #N/A | I29: =VLOOKUP(C29,RHTABLE,6,FALSE) -> #N/A | J29: =VLOOKUP(C29,RHTABLE,7,FALSE) -> #N/A | K29: =VLOOKUP(C29,RHTABLE,8,FALSE) -> #N/A | L29: =VLOOKUP(C29,RHTABLE,9,FALSE) -> #N/A | M29: =VLOOKUP(C29,RHTABLE,10,FALSE) -> #N/A | N29: =VLOOKUP(C29,RHTABLE,11,FALSE) -> #N/A | O29: =VLOOKUP(C29,RHTABLE,13,FALSE) -> #N/A | P29: =VLOOKUP(C29,RHTABLE,12,FALSE) -> #N/A
A30: AK35 | B30: AK | E30: =VLOOKUP(C30,RHTABLE,2,FALSE) -> #N/A | F30: =VLOOKUP(C30,RHTABLE,3,FALSE) -> #N/A | G30: =VLOOKUP(C30,RHTABLE,4,FALSE) -> #N/A | H30: =VLOOKUP(C30,RHTABLE,5,FALSE) -> #N/A | I30: =VLOOKUP(C30,RHTABLE,6,FALSE) -> #N/A | J30: =VLOOKUP(C30,RHTABLE,7,FALSE) -> #N/A | K30: =VLOOKUP(C30,RHTABLE,8,FALSE) -> #N/A | L30: =VLOOKUP(C30,RHTABLE,9,FALSE) -> #N/A | M30: =VLOOKUP(C30,RHTABLE,10,FALSE) -> #N/A | N30: =VLOOKUP(C30,RHTABLE,11,FALSE) -> #N/A | O30: =VLOOKUP(C30,RHTABLE,13,FALSE) -> #N/A | P30: =VLOOKUP(C30,RHTABLE,12,FALSE) -> #N/A
A31: AK36 | B31: AK | E31: =VLOOKUP(C31,RHTABLE,2,FALSE) -> #N/A | F31: =VLOOKUP(C31,RHTABLE,3,FALSE) -> #N/A | G31: =VLOOKUP(C31,RHTABLE,4,FALSE) -> #N/A | H31: =VLOOKUP(C31,RHTABLE,5,FALSE) -> #N/A | I31: =VLOOKUP(C31,RHTABLE,6,FALSE) -> #N/A | J31: =VLOOKUP(C31,RHTABLE,7,FALSE) -> #N/A | K31: =VLOOKUP(C31,RHTABLE,8,FALSE) -> #N/A | L31: =VLOOKUP(C31,RHTABLE,9,FALSE) -> #N/A | M31: =VLOOKUP(C31,RHTABLE,10,FALSE) -> #N/A | N31: =VLOOKUP(C31,RHTABLE,11,FALSE) -> #N/A | O31: =VLOOKUP(C31,RHTABLE,13,FALSE) -> #N/A | P31: =VLOOKUP(C31,RHTABLE,12,FALSE) -> #N/A
A32: AK37 | B32: AK | E32: =VLOOKUP(C32,RHTABLE,2,FALSE) -> #N/A | F32: =VLOOKUP(C32,RHTABLE,3,FALSE) -> #N/A | G32: =VLOOKUP(C32,RHTABLE,4,FALSE) -> #N/A | H32: =VLOOKUP(C32,RHTABLE,5,FALSE) -> #N/A | I32: =VLOOKUP(C32,RHTABLE,6,FALSE) -> #N/A | J32: =VLOOKUP(C32,RHTABLE,7,FALSE) -> #N/A | K32: =VLOOKUP(C32,RHTABLE,8,FALSE) -> #N/A | L32: =VLOOKUP(C32,RHTABLE,9,FALSE) -> #N/A | M32: =VLOOKUP(C32,RHTABLE,10,FALSE) -> #N/A | N32: =VLOOKUP(C32,RHTABLE,11,FALSE) -> #N/A | O32: =VLOOKUP(C32,RHTABLE,13,FALSE) -> #N/A | P32: =VLOOKUP(C32,RHTABLE,12,FALSE) -> #N/A
A33: AK38 | B33: AK | E33: =VLOOKUP(C33,RHTABLE,2,FALSE) -> #N/A | F33: =VLOOKUP(C33,RHTABLE,3,FALSE) -> #N/A | G33: =VLOOKUP(C33,RHTABLE,4,FALSE) -> #N/A | H33: =VLOOKUP(C33,RHTABLE,5,FALSE) -> #N/A | I33: =VLOOKUP(C33,RHTABLE,6,FALSE) -> #N/A | J33: =VLOOKUP(C33,RHTABLE,7,FALSE) -> #N/A | K33: =VLOOKUP(C33,RHTABLE,8,FALSE) -> #N/A | L33: =VLOOKUP(C33,RHTABLE,9,FALSE) -> #N/A | M33: =VLOOKUP(C33,RHTABLE,10,FALSE) -> #N/A | N33: =VLOOKUP(C33,RHTABLE,11,FALSE) -> #N/A | O33: =VLOOKUP(C33,RHTABLE,13,FALSE) -> #N/A | P33: =VLOOKUP(C33,RHTABLE,12,FALSE) -> #N/A
A34: AK39 | B34: AK | E34: =VLOOKUP(C34,RHTABLE,2,FALSE) -> #N/A | F34: =VLOOKUP(C34,RHTABLE,3,FALSE) -> #N/A | G34: =VLOOKUP(C34,RHTABLE,4,FALSE) -> #N/A | H34: =VLOOKUP(C34,RHTABLE,5,FALSE) -> #N/A | I34: =VLOOKUP(C34,RHTABLE,6,FALSE) -> #N/A | J34: =VLOOKUP(C34,RHTABLE,7,FALSE) -> #N/A | K34: =VLOOKUP(C34,RHTABLE,8,FALSE) -> #N/A | L34: =VLOOKUP(C34,RHTABLE,9,FALSE) -> #N/A | M34: =VLOOKUP(C34,RHTABLE,10,FALSE) -> #N/A | N34: =VLOOKUP(C34,RHTABLE,11,FALSE) -> #N/A | O34: =VLOOKUP(C34,RHTABLE,13,FALSE) -> #N/A | P34: =VLOOKUP(C34,RHTABLE,12,FALSE) -> #N/A
A35: AK4 | B35: AK | C35: 6286 | D35: TRICARE WEST REGION | E35: =VLOOKUP(C35,RHTABLE,2,FALSE) -> TRICAR | F35: =VLOOKUP(C35,RHTABLE,3,FALSE) -> SCWI0 | G35: =VLOOKUP(C35,RHTABLE,4,FALSE) -> TRICARE - WEST REGION | H35: =VLOOKUP(C35,RHTABLE,5,FALSE) -> Professional | I35: =VLOOKUP(C35,RHTABLE,6,FALSE) -> 0 | J35: =VLOOKUP(C35,RHTABLE,7,FALSE) -> Yes | K35: =VLOOKUP(C35,RHTABLE,8,FALSE) -> Yes | L35: =VLOOKUP(C35,RHTABLE,9,FALSE) -> Yes | M35: =VLOOKUP(C35,RHTABLE,10,FALSE) -> Yes | N35: =VLOOKUP(C35,RHTABLE,11,FALSE) -> No | O35: =VLOOKUP(C35,RHTABLE,13,FALSE) -> #REF! | P35: =VLOOKUP(C35,RHTABLE,12,FALSE) -> C,R
A36: AK40 | B36: AK | E36: =VLOOKUP(C36,RHTABLE,2,FALSE) -> #N/A | F36: =VLOOKUP(C36,RHTABLE,3,FALSE) -> #N/A | G36: =VLOOKUP(C36,RHTABLE,4,FALSE) -> #N/A | H36: =VLOOKUP(C36,RHTABLE,5,FALSE) -> #N/A | I36: =VLOOKUP(C36,RHTABLE,6,FALSE) -> #N/A | J36: =VLOOKUP(C36,RHTABLE,7,FALSE) -> #N/A | K36: =VLOOKUP(C36,RHTABLE,8,FALSE) -> #N/A | L36: =VLOOKUP(C36,RHTABLE,9,FALSE) -> #N/A | M36: =VLOOKUP(C36,RHTABLE,10,FALSE) -> #N/A | N36: =VLOOKUP(C36,RHTABLE,11,FALSE) -> #N/A | O36: =VLOOKUP(C36,RHTABLE,13,FALSE) -> #N/A | P36: =VLOOKUP(C36,RHTABLE,12,FALSE) -> #N/A
A37: AK5 | B37: AK | C37: 5483 | D37: EBMS | E37: =VLOOKUP(C37,RHTABLE,2,FALSE) -> EBMS | F37: =VLOOKUP(C37,RHTABLE,3,FALSE) -> 81039 | G37: =VLOOKUP(C37,RHTABLE,4,FALSE) -> EMPLOYEE BENEFIT MANAGEMENT SERV (EBMS) HEALTHEWEB | H37: =VLOOKUP(C37,RHTABLE,5,FALSE) -> Professional | I37: =VLOOKUP(C37,RHTABLE,6,FALSE) -> 0 | J37: =VLOOKUP(C37,RHTABLE,7,FALSE) -> Yes | K37: =VLOOKUP(C37,RHTABLE,8,FALSE) -> Yes | L37: =VLOOKUP(C37,RHTABLE,9,FALSE) -> Yes | M37: =VLOOKUP(C37,RHTABLE,10,FALSE) -> Yes | N37: =VLOOKUP(C37,RHTABLE,11,FALSE) -> No | O37: =VLOOKUP(C37,RHTABLE,13,FALSE) -> #REF! | P37: =VLOOKUP(C37,RHTABLE,12,FALSE) -> R
A38: AK6 | B38: AK | C38: 3887 | D38: VETERANS ADMINISTRATION | E38: =VLOOKUP(C38,RHTABLE,2,FALSE) -> VETFBP | F38: =VLOOKUP(C38,RHTABLE,3,FALSE) -> 12115 | G38: =VLOOKUP(C38,RHTABLE,4,FALSE) -> VETERANS ADMINISTRATION FEE BASIS PROGRAMS | H38: =VLOOKUP(C38,RHTABLE,5,FALSE) -> Professional | I38: =VLOOKUP(C38,RHTABLE,6,FALSE) -> 0 | J38: =VLOOKUP(C38,RHTABLE,7,FALSE) -> Yes | K38: =VLOOKUP(C38,RHTABLE,8,FALSE) -> Yes | L38: =VLOOKUP(C38,RHTABLE,9,FALSE) -> Yes | M38: =VLOOKUP(C38,RHTABLE,10,FALSE) -> Yes | N38: =VLOOKUP(C38,RHTABLE,11,FALSE) -> Yes | O38: =VLOOKUP(C38,RHTABLE,13,FALSE) -> #REF! | P38: =VLOOKUP(C38,RHTABLE,12,FALSE) -> R
A39: AK7 | B39: AK | C39: 7498 | D39: MODA HEALTH | E39: =VLOOKUP(C39,RHTABLE,2,FALSE) -> MDAHLT | F39: =VLOOKUP(C39,RHTABLE,3,FALSE) -> 930989307 | G39: =VLOOKUP(C39,RHTABLE,4,FALSE) -> PROVIDENCE BEHAVIORAL | H39: =VLOOKUP(C39,RHTABLE,5,FALSE) -> Professional | I39: =VLOOKUP(C39,RHTABLE,6,FALSE) -> 0 | J39: =VLOOKUP(C39,RHTABLE,7,FALSE) -> Yes | K39: =VLOOKUP(C39,RHTABLE,8,FALSE) -> Yes | L39: =VLOOKUP(C39,RHTABLE,9,FALSE) -> Yes | M39: =VLOOKUP(C39,RHTABLE,10,FALSE) -> No | N39: =VLOOKUP(C39,RHTABLE,11,FALSE) -> No | O39: =VLOOKUP(C39,RHTABLE,13,FALSE) -> #REF! | P39: =VLOOKUP(C39,RHTABLE,12,FALSE) -> R
A40: AK8 | B40: AK | C40: 1253 | D40: TRICARE EAST | E40: =VLOOKUP(C40,RHTABLE,2,FALSE) -> TRICRE | F40: =VLOOKUP(C40,RHTABLE,3,FALSE) -> TREST | G40: =VLOOKUP(C40,RHTABLE,4,FALSE) -> TRICARE - EAST REGION | H40: =VLOOKUP(C40,RHTABLE,5,FALSE) -> Professional | I40: =VLOOKUP(C40,RHTABLE,6,FALSE) -> 0 | J40: =VLOOKUP(C40,RHTABLE,7,FALSE) -> Yes | K40: =VLOOKUP(C40,RHTABLE,8,FALSE) -> Yes | L40: =VLOOKUP(C40,RHTABLE,9,FALSE) -> Yes | M40: =VLOOKUP(C40,RHTABLE,10,FALSE) -> No | N40: =VLOOKUP(C40,RHTABLE,11,FALSE) -> No | O40: =VLOOKUP(C40,RHTABLE,13,FALSE) -> #REF! | P40: =VLOOKUP(C40,RHTABLE,12,FALSE) -> C,R
A41: AK9 | B41: AK | E41: =VLOOKUP(C41,RHTABLE,2,FALSE) -> #N/A | F41: =VLOOKUP(C41,RHTABLE,3,FALSE) -> #N/A | G41: =VLOOKUP(C41,RHTABLE,4,FALSE) -> #N/A | H41: =VLOOKUP(C41,RHTABLE,5,FALSE) -> #N/A | I41: =VLOOKUP(C41,RHTABLE,6,FALSE) -> #N/A | J41: =VLOOKUP(C41,RHTABLE,7,FALSE) -> #N/A | K41: =VLOOKUP(C41,RHTABLE,8,FALSE) -> #N/A | L41: =VLOOKUP(C41,RHTABLE,9,FALSE) -> #N/A | M41: =VLOOKUP(C41,RHTABLE,10,FALSE) -> #N/A | N41: =VLOOKUP(C41,RHTABLE,11,FALSE) -> #N/A | O41: =VLOOKUP(C41,RHTABLE,13,FALSE) -> #N/A | P41: =VLOOKUP(C41,RHTABLE,12,FALSE) -> #N/A
A42: AL1 | B42: AL | C42: 2423 | D42: ALABAMA BLUE SHIELD | E42: =VLOOKUP(C42,RHTABLE,2,FALSE) -> ALBCSP | F42: =VLOOKUP(C42,RHTABLE,3,FALSE) -> 510 | G42: =VLOOKUP(C42,RHTABLE,4,FALSE) -> ALABAMA BLUE SHIELD | H42: =VLOOKUP(C42,RHTABLE,5,FALSE) -> Professional | I42: =VLOOKUP(C42,RHTABLE,6,FALSE) -> AL | J42: =VLOOKUP(C42,RHTABLE,7,FALSE) -> Yes | K42: =VLOOKUP(C42,RHTABLE,8,FALSE) -> Yes | L42: =VLOOKUP(C42,RHTABLE,9,FALSE) -> Yes | M42: =VLOOKUP(C42,RHTABLE,10,FALSE) -> Yes | N42: =VLOOKUP(C42,RHTABLE,11,FALSE) -> No | O42: =VLOOKUP(C42,RHTABLE,12,FALSE) -> R | P42: =VLOOKUP(C42,RHTABLE,12,FALSE) -> R
A43: AL10 | B43: AL | C43: 2821 | D43: KEY BENEFIT ADMINISTRATORS | E43: =VLOOKUP(C43,RHTABLE,2,FALSE) -> KEYBEN | F43: =VLOOKUP(C43,RHTABLE,3,FALSE) -> 37217 | G43: =VLOOKUP(C43,RHTABLE,4,FALSE) -> KEY BENEFIT ADMINISTRATORS, INC. | H43: =VLOOKUP(C43,RHTABLE,5,FALSE) -> Professional | I43: =VLOOKUP(C43,RHTABLE,6,FALSE) -> 0 | J43: =VLOOKUP(C43,RHTABLE,7,FALSE) -> Yes | K43: =VLOOKUP(C43,RHTABLE,8,FALSE) -> Yes | L43: =VLOOKUP(C43,RHTABLE,9,FALSE) -> Yes | M43: =VLOOKUP(C43,RHTABLE,10,FALSE) -> Yes | N43: =VLOOKUP(C43,RHTABLE,11,FALSE) -> No | O43: =VLOOKUP(C43,RHTABLE,12,FALSE) -> R | P43: =VLOOKUP(C43,RHTABLE,12,FALSE) -> R
A44: AL11 | B44: AL | C44: 8257 | D44: VETERANS AFFAIRS COMMUNITY CARE NETWORK | E44: =VLOOKUP(C44,RHTABLE,2,FALSE) -> VAFEE | F44: =VLOOKUP(C44,RHTABLE,3,FALSE) -> VACCN | G44: =VLOOKUP(C44,RHTABLE,4,FALSE) -> VETERANS AFFAIRS COMMUNITY CARE NETWORK RGN 1 2 3 | H44: =VLOOKUP(C44,RHTABLE,5,FALSE) -> Professional | I44: =VLOOKUP(C44,RHTABLE,6,FALSE) -> 0 | J44: =VLOOKUP(C44,RHTABLE,7,FALSE) -> Yes | K44: =VLOOKUP(C44,RHTABLE,8,FALSE) -> Yes | L44: =VLOOKUP(C44,RHTABLE,9,FALSE) -> Yes | M44: =VLOOKUP(C44,RHTABLE,10,FALSE) -> No | N44: =VLOOKUP(C44,RHTABLE,11,FALSE) -> No | O44: =VLOOKUP(C44,RHTABLE,13,FALSE) -> #REF! | P44: =VLOOKUP(C44,RHTABLE,12,FALSE) -> R
A45: AL12 | B45: AL | E45: =VLOOKUP(C45,RHTABLE,2,FALSE) -> #N/A | F45: =VLOOKUP(C45,RHTABLE,3,FALSE) -> #N/A | G45: =VLOOKUP(C45,RHTABLE,4,FALSE) -> #N/A | H45: =VLOOKUP(C45,RHTABLE,5,FALSE) -> #N/A | I45: =VLOOKUP(C45,RHTABLE,6,FALSE) -> #N/A | J45: =VLOOKUP(C45,RHTABLE,7,FALSE) -> #N/A | K45: =VLOOKUP(C45,RHTABLE,8,FALSE) -> #N/A | L45: =VLOOKUP(C45,RHTABLE,9,FALSE) -> #N/A | M45: =VLOOKUP(C45,RHTABLE,10,FALSE) -> #N/A | N45: =VLOOKUP(C45,RHTABLE,11,FALSE) -> #N/A | O45: =VLOOKUP(C45,RHTABLE,13,FALSE) -> #N/A | P45: =VLOOKUP(C45,RHTABLE,12,FALSE) -> #N/A
A46: AL13 | B46: AL | E46: =VLOOKUP(C46,RHTABLE,2,FALSE) -> #N/A | F46: =VLOOKUP(C46,RHTABLE,3,FALSE) -> #N/A | G46: =VLOOKUP(C46,RHTABLE,4,FALSE) -> #N/A | H46: =VLOOKUP(C46,RHTABLE,5,FALSE) -> #N/A | I46: =VLOOKUP(C46,RHTABLE,6,FALSE) -> #N/A | J46: =VLOOKUP(C46,RHTABLE,7,FALSE) -> #N/A | K46: =VLOOKUP(C46,RHTABLE,8,FALSE) -> #N/A | L46: =VLOOKUP(C46,RHTABLE,9,FALSE) -> #N/A | M46: =VLOOKUP(C46,RHTABLE,10,FALSE) -> #N/A | N46: =VLOOKUP(C46,RHTABLE,11,FALSE) -> #N/A | O46: =VLOOKUP(C46,RHTABLE,13,FALSE) -> #N/A | P46: =VLOOKUP(C46,RHTABLE,12,FALSE) -> #N/A
A47: AL14 | B47: AL | E47: =VLOOKUP(C47,RHTABLE,2,FALSE) -> #N/A | F47: =VLOOKUP(C47,RHTABLE,3,FALSE) -> #N/A | G47: =VLOOKUP(C47,RHTABLE,4,FALSE) -> #N/A | H47: =VLOOKUP(C47,RHTABLE,5,FALSE) -> #N/A | I47: =VLOOKUP(C47,RHTABLE,6,FALSE) -> #N/A | J47: =VLOOKUP(C47,RHTABLE,7,FALSE) -> #N/A | K47: =VLOOKUP(C47,RHTABLE,8,FALSE) -> #N/A | L47: =VLOOKUP(C47,RHTABLE,9,FALSE) -> #N/A | M47: =VLOOKUP(C47,RHTABLE,10,FALSE) -> #N/A | N47: =VLOOKUP(C47,RHTABLE,11,FALSE) -> #N/A | O47: =VLOOKUP(C47,RHTABLE,13,FALSE) -> #N/A | P47: =VLOOKUP(C47,RHTABLE,12,FALSE) -> #N/A
A48: AL15 | B48: AL | E48: =VLOOKUP(C48,RHTABLE,2,FALSE) -> #N/A | F48: =VLOOKUP(C48,RHTABLE,3,FALSE) -> #N/A | G48: =VLOOKUP(C48,RHTABLE,4,FALSE) -> #N/A | H48: =VLOOKUP(C48,RHTABLE,5,FALSE) -> #N/A | I48: =VLOOKUP(C48,RHTABLE,6,FALSE) -> #N/A | J48: =VLOOKUP(C48,RHTABLE,7,FALSE) -> #N/A | K48: =VLOOKUP(C48,RHTABLE,8,FALSE) -> #N/A | L48: =VLOOKUP(C48,RHTABLE,9,FALSE) -> #N/A | M48: =VLOOKUP(C48,RHTABLE,10,FALSE) -> #N/A | N48: =VLOOKUP(C48,RHTABLE,11,FALSE) -> #N/A | O48: =VLOOKUP(C48,RHTABLE,13,FALSE) -> #N/A | P48: =VLOOKUP(C48,RHTABLE,12,FALSE) -> #N/A
A49: AL16 | B49: AL | E49: =VLOOKUP(C49,RHTABLE,2,FALSE) -> #N/A | F49: =VLOOKUP(C49,RHTABLE,3,FALSE) -> #N/A | G49: =VLOOKUP(C49,RHTABLE,4,FALSE) -> #N/A | H49: =VLOOKUP(C49,RHTABLE,5,FALSE) -> #N/A | I49: =VLOOKUP(C49,RHTABLE,6,FALSE) -> #N/A | J49: =VLOOKUP(C49,RHTABLE,7,FALSE) -> #N/A | K49: =VLOOKUP(C49,RHTABLE,8,FALSE) -> #N/A | L49: =VLOOKUP(C49,RHTABLE,9,FALSE) -> #N/A | M49: =VLOOKUP(C49,RHTABLE,10,FALSE) -> #N/A | N49: =VLOOKUP(C49,RHTABLE,11,FALSE) -> #N/A | O49: =VLOOKUP(C49,RHTABLE,13,FALSE) -> #N/A | P49: =VLOOKUP(C49,RHTABLE,12,FALSE) -> #N/A
A50: AL17 | B50: AL | E50: =VLOOKUP(C50,RHTABLE,2,FALSE) -> #N/A | F50: =VLOOKUP(C50,RHTABLE,3,FALSE) -> #N/A | G50: =VLOOKUP(C50,RHTABLE,4,FALSE) -> #N/A | H50: =VLOOKUP(C50,RHTABLE,5,FALSE) -> #N/A | I50: =VLOOKUP(C50,RHTABLE,6,FALSE) -> #N/A | J50: =VLOOKUP(C50,RHTABLE,7,FALSE) -> #N/A | K50: =VLOOKUP(C50,RHTABLE,8,FALSE) -> #N/A | L50: =VLOOKUP(C50,RHTABLE,9,FALSE) -> #N/A | M50: =VLOOKUP(C50,RHTABLE,10,FALSE) -> #N/A | N50: =VLOOKUP(C50,RHTABLE,11,FALSE) -> #N/A | O50: =VLOOKUP(C50,RHTABLE,13,FALSE) -> #N/A | P50: =VLOOKUP(C50,RHTABLE,12,FALSE) -> #N/A
A51: AL18 | B51: AL | E51: =VLOOKUP(C51,RHTABLE,2,FALSE) -> #N/A | F51: =VLOOKUP(C51,RHTABLE,3,FALSE) -> #N/A | G51: =VLOOKUP(C51,RHTABLE,4,FALSE) -> #N/A | H51: =VLOOKUP(C51,RHTABLE,5,FALSE) -> #N/A | I51: =VLOOKUP(C51,RHTABLE,6,FALSE) -> #N/A | J51: =VLOOKUP(C51,RHTABLE,7,FALSE) -> #N/A | K51: =VLOOKUP(C51,RHTABLE,8,FALSE) -> #N/A | L51: =VLOOKUP(C51,RHTABLE,9,FALSE) -> #N/A | M51: =VLOOKUP(C51,RHTABLE,10,FALSE) -> #N/A | N51: =VLOOKUP(C51,RHTABLE,11,FALSE) -> #N/A | O51: =VLOOKUP(C51,RHTABLE,13,FALSE) -> #N/A | P51: =VLOOKUP(C51,RHTABLE,12,FALSE) -> #N/A
A52: AL19 | B52: AL | E52: =VLOOKUP(C52,RHTABLE,2,FALSE) -> #N/A | F52: =VLOOKUP(C52,RHTABLE,3,FALSE) -> #N/A | G52: =VLOOKUP(C52,RHTABLE,4,FALSE) -> #N/A | H52: =VLOOKUP(C52,RHTABLE,5,FALSE) -> #N/A | I52: =VLOOKUP(C52,RHTABLE,6,FALSE) -> #N/A | J52: =VLOOKUP(C52,RHTABLE,7,FALSE) -> #N/A | K52: =VLOOKUP(C52,RHTABLE,8,FALSE) -> #N/A | L52: =VLOOKUP(C52,RHTABLE,9,FALSE) -> #N/A | M52: =VLOOKUP(C52,RHTABLE,10,FALSE) -> #N/A | N52: =VLOOKUP(C52,RHTABLE,11,FALSE) -> #N/A | O52: =VLOOKUP(C52,RHTABLE,13,FALSE) -> #N/A | P52: =VLOOKUP(C52,RHTABLE,12,FALSE) -> #N/A
A53: AL2 | B53: AL | C53: 2468 | D53: ALABAMA MEDICARE | E53: =VLOOKUP(C53,RHTABLE,2,FALSE) -> CMSMED | F53: =VLOOKUP(C53,RHTABLE,3,FALSE) -> 10112 | G53: =VLOOKUP(C53,RHTABLE,4,FALSE) -> ALABAMA MEDICARE | H53: =VLOOKUP(C53,RHTABLE,5,FALSE) -> Professional | I53: =VLOOKUP(C53,RHTABLE,6,FALSE) -> AL | J53: =VLOOKUP(C53,RHTABLE,7,FALSE) -> Yes | K53: =VLOOKUP(C53,RHTABLE,8,FALSE) -> Yes | L53: =VLOOKUP(C53,RHTABLE,9,FALSE) -> Yes | M53: =VLOOKUP(C53,RHTABLE,10,FALSE) -> Yes | N53: =VLOOKUP(C53,RHTABLE,11,FALSE) -> Yes | O53: =VLOOKUP(C53,RHTABLE,12,FALSE) -> C,R,E | P53: =VLOOKUP(C53,RHTABLE,12,FALSE) -> C,R,E
A54: AL20 | B54: AL | E54: =VLOOKUP(C54,RHTABLE,2,FALSE) -> #N/A | F54: =VLOOKUP(C54,RHTABLE,3,FALSE) -> #N/A | G54: =VLOOKUP(C54,RHTABLE,4,FALSE) -> #N/A | H54: =VLOOKUP(C54,RHTABLE,5,FALSE) -> #N/A | I54: =VLOOKUP(C54,RHTABLE,6,FALSE) -> #N/A | J54: =VLOOKUP(C54,RHTABLE,7,FALSE) -> #N/A | K54: =VLOOKUP(C54,RHTABLE,8,FALSE) -> #N/A | L54: =VLOOKUP(C54,RHTABLE,9,FALSE) -> #N/A | M54: =VLOOKUP(C54,RHTABLE,10,FALSE) -> #N/A | N54: =VLOOKUP(C54,RHTABLE,11,FALSE) -> #N/A | O54: =VLOOKUP(C54,RHTABLE,13,FALSE) -> #N/A | P54: =VLOOKUP(C54,RHTABLE,12,FALSE) -> #N/A
A55: AL21 | B55: AL | E55: =VLOOKUP(C55,RHTABLE,2,FALSE) -> #N/A | F55: =VLOOKUP(C55,RHTABLE,3,FALSE) -> #N/A | G55: =VLOOKUP(C55,RHTABLE,4,FALSE) -> #N/A | H55: =VLOOKUP(C55,RHTABLE,5,FALSE) -> #N/A | I55: =VLOOKUP(C55,RHTABLE,6,FALSE) -> #N/A | J55: =VLOOKUP(C55,RHTABLE,7,FALSE) -> #N/A | K55: =VLOOKUP(C55,RHTABLE,8,FALSE) -> #N/A | L55: =VLOOKUP(C55,RHTABLE,9,FALSE) -> #N/A | M55: =VLOOKUP(C55,RHTABLE,10,FALSE) -> #N/A | N55: =VLOOKUP(C55,RHTABLE,11,FALSE) -> #N/A | O55: =VLOOKUP(C55,RHTABLE,13,FALSE) -> #N/A | P55: =VLOOKUP(C55,RHTABLE,12,FALSE) -> #N/A
A56: AL22 | B56: AL | E56: =VLOOKUP(C56,RHTABLE,2,FALSE) -> #N/A | F56: =VLOOKUP(C56,RHTABLE,3,FALSE) -> #N/A | G56: =VLOOKUP(C56,RHTABLE,4,FALSE) -> #N/A | H56: =VLOOKUP(C56,RHTABLE,5,FALSE) -> #N/A | I56: =VLOOKUP(C56,RHTABLE,6,FALSE) -> #N/A | J56: =VLOOKUP(C56,RHTABLE,7,FALSE) -> #N/A | K56: =VLOOKUP(C56,RHTABLE,8,FALSE) -> #N/A | L56: =VLOOKUP(C56,RHTABLE,9,FALSE) -> #N/A | M56: =VLOOKUP(C56,RHTABLE,10,FALSE) -> #N/A | N56: =VLOOKUP(C56,RHTABLE,11,FALSE) -> #N/A | O56: =VLOOKUP(C56,RHTABLE,13,FALSE) -> #N/A | P56: =VLOOKUP(C56,RHTABLE,12,FALSE) -> #N/A
A57: AL23 | B57: AL | E57: =VLOOKUP(C57,RHTABLE,2,FALSE) -> #N/A | F57: =VLOOKUP(C57,RHTABLE,3,FALSE) -> #N/A | G57: =VLOOKUP(C57,RHTABLE,4,FALSE) -> #N/A | H57: =VLOOKUP(C57,RHTABLE,5,FALSE) -> #N/A | I57: =VLOOKUP(C57,RHTABLE,6,FALSE) -> #N/A | J57: =VLOOKUP(C57,RHTABLE,7,FALSE) -> #N/A | K57: =VLOOKUP(C57,RHTABLE,8,FALSE) -> #N/A | L57: =VLOOKUP(C57,RHTABLE,9,FALSE) -> #N/A | M57: =VLOOKUP(C57,RHTABLE,10,FALSE) -> #N/A | N57: =VLOOKUP(C57,RHTABLE,11,FALSE) -> #N/A | O57: =VLOOKUP(C57,RHTABLE,13,FALSE) -> #N/A | P57: =VLOOKUP(C57,RHTABLE,12,FALSE) -> #N/A
A58: AL24 | B58: AL | E58: =VLOOKUP(C58,RHTABLE,2,FALSE) -> #N/A | F58: =VLOOKUP(C58,RHTABLE,3,FALSE) -> #N/A | G58: =VLOOKUP(C58,RHTABLE,4,FALSE) -> #N/A | H58: =VLOOKUP(C58,RHTABLE,5,FALSE) -> #N/A | I58: =VLOOKUP(C58,RHTABLE,6,FALSE) -> #N/A | J58: =VLOOKUP(C58,RHTABLE,7,FALSE) -> #N/A | K58: =VLOOKUP(C58,RHTABLE,8,FALSE) -> #N/A | L58: =VLOOKUP(C58,RHTABLE,9,FALSE) -> #N/A | M58: =VLOOKUP(C58,RHTABLE,10,FALSE) -> #N/A | N58: =VLOOKUP(C58,RHTABLE,11,FALSE) -> #N/A | O58: =VLOOKUP(C58,RHTABLE,13,FALSE) -> #N/A | P58: =VLOOKUP(C58,RHTABLE,12,FALSE) -> #N/A
A59: AL25 | B59: AL | E59: =VLOOKUP(C59,RHTABLE,2,FALSE) -> #N/A | F59: =VLOOKUP(C59,RHTABLE,3,FALSE) -> #N/A | G59: =VLOOKUP(C59,RHTABLE,4,FALSE) -> #N/A | H59: =VLOOKUP(C59,RHTABLE,5,FALSE) -> #N/A | I59: =VLOOKUP(C59,RHTABLE,6,FALSE) -> #N/A | J59: =VLOOKUP(C59,RHTABLE,7,FALSE) -> #N/A | K59: =VLOOKUP(C59,RHTABLE,8,FALSE) -> #N/A | L59: =VLOOKUP(C59,RHTABLE,9,FALSE) -> #N/A | M59: =VLOOKUP(C59,RHTABLE,10,FALSE) -> #N/A | N59: =VLOOKUP(C59,RHTABLE,11,FALSE) -> #N/A | O59: =VLOOKUP(C59,RHTABLE,13,FALSE) -> #N/A | P59: =VLOOKUP(C59,RHTABLE,12,FALSE) -> #N/A
A60: AL26 | B60: AL | E60: =VLOOKUP(C60,RHTABLE,2,FALSE) -> #N/A | F60: =VLOOKUP(C60,RHTABLE,3,FALSE) -> #N/A | G60: =VLOOKUP(C60,RHTABLE,4,FALSE) -> #N/A | H60: =VLOOKUP(C60,RHTABLE,5,FALSE) -> #N/A | I60: =VLOOKUP(C60,RHTABLE,6,FALSE) -> #N/A | J60: =VLOOKUP(C60,RHTABLE,7,FALSE) -> #N/A | K60: =VLOOKUP(C60,RHTABLE,8,FALSE) -> #N/A | L60: =VLOOKUP(C60,RHTABLE,9,FALSE) -> #N/A | M60: =VLOOKUP(C60,RHTABLE,10,FALSE) -> #N/A | N60: =VLOOKUP(C60,RHTABLE,11,FALSE) -> #N/A | O60: =VLOOKUP(C60,RHTABLE,13,FALSE) -> #N/A | P60: =VLOOKUP(C60,RHTABLE,12,FALSE) -> #N/A
A61: AL27 | B61: AL | E61: =VLOOKUP(C61,RHTABLE,2,FALSE) -> #N/A | F61: =VLOOKUP(C61,RHTABLE,3,FALSE) -> #N/A | G61: =VLOOKUP(C61,RHTABLE,4,FALSE) -> #N/A | H61: =VLOOKUP(C61,RHTABLE,5,FALSE) -> #N/A | I61: =VLOOKUP(C61,RHTABLE,6,FALSE) -> #N/A | J61: =VLOOKUP(C61,RHTABLE,7,FALSE) -> #N/A | K61: =VLOOKUP(C61,RHTABLE,8,FALSE) -> #N/A | L61: =VLOOKUP(C61,RHTABLE,9,FALSE) -> #N/A | M61: =VLOOKUP(C61,RHTABLE,10,FALSE) -> #N/A | N61: =VLOOKUP(C61,RHTABLE,11,FALSE) -> #N/A | O61: =VLOOKUP(C61,RHTABLE,13,FALSE) -> #N/A | P61: =VLOOKUP(C61,RHTABLE,12,FALSE) -> #N/A
A62: AL28 | B62: AL | E62: =VLOOKUP(C62,RHTABLE,2,FALSE) -> #N/A | F62: =VLOOKUP(C62,RHTABLE,3,FALSE) -> #N/A | G62: =VLOOKUP(C62,RHTABLE,4,FALSE) -> #N/A | H62: =VLOOKUP(C62,RHTABLE,5,FALSE) -> #N/A | I62: =VLOOKUP(C62,RHTABLE,6,FALSE) -> #N/A | J62: =VLOOKUP(C62,RHTABLE,7,FALSE) -> #N/A | K62: =VLOOKUP(C62,RHTABLE,8,FALSE) -> #N/A | L62: =VLOOKUP(C62,RHTABLE,9,FALSE) -> #N/A | M62: =VLOOKUP(C62,RHTABLE,10,FALSE) -> #N/A | N62: =VLOOKUP(C62,RHTABLE,11,FALSE) -> #N/A | O62: =VLOOKUP(C62,RHTABLE,13,FALSE) -> #N/A | P62: =VLOOKUP(C62,RHTABLE,12,FALSE) -> #N/A
A63: AL29 | B63: AL | E63: =VLOOKUP(C63,RHTABLE,2,FALSE) -> #N/A | F63: =VLOOKUP(C63,RHTABLE,3,FALSE) -> #N/A | G63: =VLOOKUP(C63,RHTABLE,4,FALSE) -> #N/A | H63: =VLOOKUP(C63,RHTABLE,5,FALSE) -> #N/A | I63: =VLOOKUP(C63,RHTABLE,6,FALSE) -> #N/A | J63: =VLOOKUP(C63,RHTABLE,7,FALSE) -> #N/A | K63: =VLOOKUP(C63,RHTABLE,8,FALSE) -> #N/A | L63: =VLOOKUP(C63,RHTABLE,9,FALSE) -> #N/A | M63: =VLOOKUP(C63,RHTABLE,10,FALSE) -> #N/A | N63: =VLOOKUP(C63,RHTABLE,11,FALSE) -> #N/A | O63: =VLOOKUP(C63,RHTABLE,13,FALSE) -> #N/A | P63: =VLOOKUP(C63,RHTABLE,12,FALSE) -> #N/A
A64: AL3 | B64: AL | C64: 4479 | D64: ALABAMA MEDICAID | E64: =VLOOKUP(C64,RHTABLE,2,FALSE) -> ALCAID | F64: =VLOOKUP(C64,RHTABLE,3,FALSE) -> 822287119 | G64: =VLOOKUP(C64,RHTABLE,4,FALSE) -> ALABAMA MEDICAID | H64: =VLOOKUP(C64,RHTABLE,5,FALSE) -> Professional | I64: =VLOOKUP(C64,RHTABLE,6,FALSE) -> AL | J64: =VLOOKUP(C64,RHTABLE,7,FALSE) -> Yes | K64: =VLOOKUP(C64,RHTABLE,8,FALSE) -> Yes | L64: =VLOOKUP(C64,RHTABLE,9,FALSE) -> Yes | M64: =VLOOKUP(C64,RHTABLE,10,FALSE) -> Yes | N64: =VLOOKUP(C64,RHTABLE,11,FALSE) -> No | O64: =VLOOKUP(C64,RHTABLE,12,FALSE) -> R | P64: =VLOOKUP(C64,RHTABLE,12,FALSE) -> R
A65: AL30 | B65: AL | P65: =VLOOKUP(C65,RHTABLE,12,FALSE) -> #N/A
A66: AL31 | B66: AL | E66: =VLOOKUP(C66,RHTABLE,2,FALSE) -> #N/A | F66: =VLOOKUP(C66,RHTABLE,3,FALSE) -> #N/A | G66: =VLOOKUP(C66,RHTABLE,4,FALSE) -> #N/A | H66: =VLOOKUP(C66,RHTABLE,5,FALSE) -> #N/A | I66: =VLOOKUP(C66,RHTABLE,6,FALSE) -> #N/A | J66: =VLOOKUP(C66,RHTABLE,7,FALSE) -> #N/A | K66: =VLOOKUP(C66,RHTABLE,8,FALSE) -> #N/A | L66: =VLOOKUP(C66,RHTABLE,9,FALSE) -> #N/A | M66: =VLOOKUP(C66,RHTABLE,10,FALSE) -> #N/A | N66: =VLOOKUP(C66,RHTABLE,11,FALSE) -> #N/A | O66: =VLOOKUP(C66,RHTABLE,12,FALSE) -> #N/A | P66: =VLOOKUP(C66,RHTABLE,12,FALSE) -> #N/A
A67: AL32 | B67: AL | E67: =VLOOKUP(C67,RHTABLE,2,FALSE) -> #N/A | F67: =VLOOKUP(C67,RHTABLE,3,FALSE) -> #N/A | G67: =VLOOKUP(C67,RHTABLE,4,FALSE) -> #N/A | H67: =VLOOKUP(C67,RHTABLE,5,FALSE) -> #N/A | I67: =VLOOKUP(C67,RHTABLE,6,FALSE) -> #N/A | J67: =VLOOKUP(C67,RHTABLE,7,FALSE) -> #N/A | K67: =VLOOKUP(C67,RHTABLE,8,FALSE) -> #N/A | L67: =VLOOKUP(C67,RHTABLE,9,FALSE) -> #N/A | M67: =VLOOKUP(C67,RHTABLE,10,FALSE) -> #N/A | N67: =VLOOKUP(C67,RHTABLE,11,FALSE) -> #N/A | O67: =VLOOKUP(C67,RHTABLE,12,FALSE) -> #N/A | P67: =VLOOKUP(C67,RHTABLE,12,FALSE) -> #N/A
A68: AL33 | B68: AL | E68: =VLOOKUP(C68,RHTABLE,2,FALSE) -> #N/A | F68: =VLOOKUP(C68,RHTABLE,3,FALSE) -> #N/A | G68: =VLOOKUP(C68,RHTABLE,4,FALSE) -> #N/A | H68: =VLOOKUP(C68,RHTABLE,5,FALSE) -> #N/A | I68: =VLOOKUP(C68,RHTABLE,6,FALSE) -> #N/A | J68: =VLOOKUP(C68,RHTABLE,7,FALSE) -> #N/A | K68: =VLOOKUP(C68,RHTABLE,8,FALSE) -> #N/A | L68: =VLOOKUP(C68,RHTABLE,9,FALSE) -> #N/A | M68: =VLOOKUP(C68,RHTABLE,10,FALSE) -> #N/A | N68: =VLOOKUP(C68,RHTABLE,11,FALSE) -> #N/A | O68: =VLOOKUP(C68,RHTABLE,12,FALSE) -> #N/A | P68: =VLOOKUP(C68,RHTABLE,12,FALSE) -> #N/A
A69: AL34 | B69: AL | E69: =VLOOKUP(C69,RHTABLE,2,FALSE) -> #N/A | F69: =VLOOKUP(C69,RHTABLE,3,FALSE) -> #N/A | G69: =VLOOKUP(C69,RHTABLE,4,FALSE) -> #N/A | H69: =VLOOKUP(C69,RHTABLE,5,FALSE) -> #N/A | I69: =VLOOKUP(C69,RHTABLE,6,FALSE) -> #N/A | J69: =VLOOKUP(C69,RHTABLE,7,FALSE) -> #N/A | K69: =VLOOKUP(C69,RHTABLE,8,FALSE) -> #N/A | L69: =VLOOKUP(C69,RHTABLE,9,FALSE) -> #N/A | M69: =VLOOKUP(C69,RHTABLE,10,FALSE) -> #N/A | N69: =VLOOKUP(C69,RHTABLE,11,FALSE) -> #N/A | O69: =VLOOKUP(C69,RHTABLE,12,FALSE) -> #N/A | P69: =VLOOKUP(C69,RHTABLE,12,FALSE) -> #N/A
A70: AL35 | B70: AL | E70: =VLOOKUP(C70,RHTABLE,2,FALSE) -> #N/A | F70: =VLOOKUP(C70,RHTABLE,3,FALSE) -> #N/A | G70: =VLOOKUP(C70,RHTABLE,4,FALSE) -> #N/A | H70: =VLOOKUP(C70,RHTABLE,5,FALSE) -> #N/A | I70: =VLOOKUP(C70,RHTABLE,6,FALSE) -> #N/A | J70: =VLOOKUP(C70,RHTABLE,7,FALSE) -> #N/A | K70: =VLOOKUP(C70,RHTABLE,8,FALSE) -> #N/A | L70: =VLOOKUP(C70,RHTABLE,9,FALSE) -> #N/A | M70: =VLOOKUP(C70,RHTABLE,10,FALSE) -> #N/A | N70: =VLOOKUP(C70,RHTABLE,11,FALSE) -> #N/A | O70: =VLOOKUP(C70,RHTABLE,12,FALSE) -> #N/A | P70: =VLOOKUP(C70,RHTABLE,12,FALSE) -> #N/A
A71: AL36 | B71: AL | E71: =VLOOKUP(C71,RHTABLE,2,FALSE) -> #N/A | F71: =VLOOKUP(C71,RHTABLE,3,FALSE) -> #N/A | G71: =VLOOKUP(C71,RHTABLE,4,FALSE) -> #N/A | H71: =VLOOKUP(C71,RHTABLE,5,FALSE) -> #N/A | I71: =VLOOKUP(C71,RHTABLE,6,FALSE) -> #N/A | J71: =VLOOKUP(C71,RHTABLE,7,FALSE) -> #N/A | K71: =VLOOKUP(C71,RHTABLE,8,FALSE) -> #N/A | L71: =VLOOKUP(C71,RHTABLE,9,FALSE) -> #N/A | M71: =VLOOKUP(C71,RHTABLE,10,FALSE) -> #N/A | N71: =VLOOKUP(C71,RHTABLE,11,FALSE) -> #N/A | O71: =VLOOKUP(C71,RHTABLE,12,FALSE) -> #N/A | P71: =VLOOKUP(C71,RHTABLE,12,FALSE) -> #N/A
A72: AL37 | B72: AL | E72: =VLOOKUP(C72,RHTABLE,2,FALSE) -> #N/A | F72: =VLOOKUP(C72,RHTABLE,3,FALSE) -> #N/A | G72: =VLOOKUP(C72,RHTABLE,4,FALSE) -> #N/A | H72: =VLOOKUP(C72,RHTABLE,5,FALSE) -> #N/A | I72: =VLOOKUP(C72,RHTABLE,6,FALSE) -> #N/A | J72: =VLOOKUP(C72,RHTABLE,7,FALSE) -> #N/A | K72: =VLOOKUP(C72,RHTABLE,8,FALSE) -> #N/A | L72: =VLOOKUP(C72,RHTABLE,9,FALSE) -> #N/A | M72: =VLOOKUP(C72,RHTABLE,10,FALSE) -> #N/A | N72: =VLOOKUP(C72,RHTABLE,11,FALSE) -> #N/A | O72: =VLOOKUP(C72,RHTABLE,12,FALSE) -> #N/A | P72: =VLOOKUP(C72,RHTABLE,12,FALSE) -> #N/A
A73: AL38 | B73: AL | E73: =VLOOKUP(C73,RHTABLE,2,FALSE) -> #N/A | F73: =VLOOKUP(C73,RHTABLE,3,FALSE) -> #N/A | G73: =VLOOKUP(C73,RHTABLE,4,FALSE) -> #N/A | H73: =VLOOKUP(C73,RHTABLE,5,FALSE) -> #N/A | I73: =VLOOKUP(C73,RHTABLE,6,FALSE) -> #N/A | J73: =VLOOKUP(C73,RHTABLE,7,FALSE) -> #N/A | K73: =VLOOKUP(C73,RHTABLE,8,FALSE) -> #N/A | L73: =VLOOKUP(C73,RHTABLE,9,FALSE) -> #N/A | M73: =VLOOKUP(C73,RHTABLE,10,FALSE) -> #N/A | N73: =VLOOKUP(C73,RHTABLE,11,FALSE) -> #N/A | O73: =VLOOKUP(C73,RHTABLE,12,FALSE) -> #N/A | P73: =VLOOKUP(C73,RHTABLE,12,FALSE) -> #N/A
A74: AL39 | B74: AL | E74: =VLOOKUP(C74,RHTABLE,2,FALSE) -> #N/A | F74: =VLOOKUP(C74,RHTABLE,3,FALSE) -> #N/A | G74: =VLOOKUP(C74,RHTABLE,4,FALSE) -> #N/A | H74: =VLOOKUP(C74,RHTABLE,5,FALSE) -> #N/A | I74: =VLOOKUP(C74,RHTABLE,6,FALSE) -> #N/A | J74: =VLOOKUP(C74,RHTABLE,7,FALSE) -> #N/A | K74: =VLOOKUP(C74,RHTABLE,8,FALSE) -> #N/A | L74: =VLOOKUP(C74,RHTABLE,9,FALSE) -> #N/A | M74: =VLOOKUP(C74,RHTABLE,10,FALSE) -> #N/A | N74: =VLOOKUP(C74,RHTABLE,11,FALSE) -> #N/A | O74: =VLOOKUP(C74,RHTABLE,12,FALSE) -> #N/A | P74: =VLOOKUP(C74,RHTABLE,12,FALSE) -> #N/A
A75: AL4 | B75: AL | C75: 4472 | D75: VIVA HEALTH CARE | E75: =VLOOKUP(C75,RHTABLE,2,FALSE) -> VIVAHL | F75: =VLOOKUP(C75,RHTABLE,3,FALSE) -> 63114 | G75: =VLOOKUP(C75,RHTABLE,4,FALSE) -> VIVA HEALTH CARE AND VIVA MEDICARE | H75: =VLOOKUP(C75,RHTABLE,5,FALSE) -> Professional | I75: =VLOOKUP(C75,RHTABLE,6,FALSE) -> 0 | J75: =VLOOKUP(C75,RHTABLE,7,FALSE) -> Yes | K75: =VLOOKUP(C75,RHTABLE,8,FALSE) -> Yes | L75: =VLOOKUP(C75,RHTABLE,9,FALSE) -> Yes | M75: =VLOOKUP(C75,RHTABLE,10,FALSE) -> Yes | N75: =VLOOKUP(C75,RHTABLE,11,FALSE) -> No | O75: =VLOOKUP(C75,RHTABLE,12,FALSE) -> R | P75: =VLOOKUP(C75,RHTABLE,12,FALSE) -> R
A76: AL40 | B76: AL | E76: =VLOOKUP(C76,RHTABLE,2,FALSE) -> #N/A | F76: =VLOOKUP(C76,RHTABLE,3,FALSE) -> #N/A | G76: =VLOOKUP(C76,RHTABLE,4,FALSE) -> #N/A | H76: =VLOOKUP(C76,RHTABLE,5,FALSE) -> #N/A | I76: =VLOOKUP(C76,RHTABLE,6,FALSE) -> #N/A | J76: =VLOOKUP(C76,RHTABLE,7,FALSE) -> #N/A | K76: =VLOOKUP(C76,RHTABLE,8,FALSE) -> #N/A | L76: =VLOOKUP(C76,RHTABLE,9,FALSE) -> #N/A | M76: =VLOOKUP(C76,RHTABLE,10,FALSE) -> #N/A | N76: =VLOOKUP(C76,RHTABLE,11,FALSE) -> #N/A | O76: =VLOOKUP(C76,RHTABLE,12,FALSE) -> #N/A | P76: =VLOOKUP(C76,RHTABLE,12,FALSE) -> #N/A
A77: AL5 | B77: AL | C77: 2795 | D77: HEALTHSPRING | E77: =VLOOKUP(C77,RHTABLE,2,FALSE) -> HSPRNG | F77: =VLOOKUP(C77,RHTABLE,3,FALSE) -> HSTN | G77: =VLOOKUP(C77,RHTABLE,4,FALSE) -> CIGNA HEALTHSPRING TENNESSEE/ALABAMA | H77: =VLOOKUP(C77,RHTABLE,5,FALSE) -> Professional | I77: =VLOOKUP(C77,RHTABLE,6,FALSE) -> 0 | J77: =VLOOKUP(C77,RHTABLE,7,FALSE) -> Yes | K77: =VLOOKUP(C77,RHTABLE,8,FALSE) -> Yes | L77: =VLOOKUP(C77,RHTABLE,9,FALSE) -> Yes | M77: =VLOOKUP(C77,RHTABLE,10,FALSE) -> Yes | N77: =VLOOKUP(C77,RHTABLE,11,FALSE) -> No | O77: =VLOOKUP(C77,RHTABLE,12,FALSE) -> C,R | P77: =VLOOKUP(C77,RHTABLE,12,FALSE) -> C,R
A78: AL6 | B78: AL | C78: 1253 | D78: TRICARE EAST | E78: =VLOOKUP(C78,RHTABLE,2,FALSE) -> TRICRE | F78: =VLOOKUP(C78,RHTABLE,3,FALSE) -> TREST | G78: =VLOOKUP(C78,RHTABLE,4,FALSE) -> TRICARE - EAST REGION | H78: =VLOOKUP(C78,RHTABLE,5,FALSE) -> Professional | I78: =VLOOKUP(C78,RHTABLE,6,FALSE) -> 0 | J78: =VLOOKUP(C78,RHTABLE,7,FALSE) -> Yes | K78: =VLOOKUP(C78,RHTABLE,8,FALSE) -> Yes | L78: =VLOOKUP(C78,RHTABLE,9,FALSE) -> Yes | M78: =VLOOKUP(C78,RHTABLE,10,FALSE) -> No | N78: =VLOOKUP(C78,RHTABLE,11,FALSE) -> No | O78: =VLOOKUP(C78,RHTABLE,13,FALSE) -> #REF! | P78: =VLOOKUP(C78,RHTABLE,12,FALSE) -> C,R
A79: AL7 | B79: AL | C79: 1758 | D79: UNITED MINE WORKERS ASSOCIATION | E79: =VLOOKUP(C79,RHTABLE,2,FALSE) -> UMWA | F79: =VLOOKUP(C79,RHTABLE,3,FALSE) -> 52180 | G79: =VLOOKUP(C79,RHTABLE,4,FALSE) -> UMWA HEALTH AND RETIREMENT FUNDS | H79: =VLOOKUP(C79,RHTABLE,5,FALSE) -> Professional | I79: =VLOOKUP(C79,RHTABLE,6,FALSE) -> 0 | J79: =VLOOKUP(C79,RHTABLE,7,FALSE) -> Yes | K79: =VLOOKUP(C79,RHTABLE,8,FALSE) -> Yes | L79: =VLOOKUP(C79,RHTABLE,9,FALSE) -> Yes | M79: =VLOOKUP(C79,RHTABLE,10,FALSE) -> No | N79: =VLOOKUP(C79,RHTABLE,11,FALSE) -> No | O79: =VLOOKUP(C79,RHTABLE,12,FALSE) -> R | P79: =VLOOKUP(C79,RHTABLE,12,FALSE) -> R
A80: AL8 | B80: AL | C80: 6465 | D80: STUDENT INSURANCE-MEGA LIFE & HEALTH INSURANCE CO | E80: =VLOOKUP(C80,RHTABLE,2,FALSE) -> STDNT | F80: =VLOOKUP(C80,RHTABLE,3,FALSE) -> 74227 | G80: =VLOOKUP(C80,RHTABLE,4,FALSE) -> STUDENT INSURANCE-MEGA LIFE & HEALTH INSURANCE CO | H80: =VLOOKUP(C80,RHTABLE,5,FALSE) -> Professional | I80: =VLOOKUP(C80,RHTABLE,6,FALSE) -> 0 | J80: =VLOOKUP(C80,RHTABLE,7,FALSE) -> Yes | K80: =VLOOKUP(C80,RHTABLE,8,FALSE) -> Yes | L80: =VLOOKUP(C80,RHTABLE,9,FALSE) -> Yes | M80: =VLOOKUP(C80,RHTABLE,10,FALSE) -> Yes | N80: =VLOOKUP(C80,RHTABLE,11,FALSE) -> No | O80: =VLOOKUP(C80,RHTABLE,12,FALSE) -> R | P80: =VLOOKUP(C80,RHTABLE,12,FALSE) -> R
A81: AL9 | B81: AL | C81: 3887 | D81: VETERANS ADMINISTRATION | E81: =VLOOKUP(C81,RHTABLE,2,FALSE) -> VETFBP | F81: =VLOOKUP(C81,RHTABLE,3,FALSE) -> 12115 | G81: =VLOOKUP(C81,RHTABLE,4,FALSE) -> VETERANS ADMINISTRATION FEE BASIS PROGRAMS | H81: =VLOOKUP(C81,RHTABLE,5,FALSE) -> Professional | I81: =VLOOKUP(C81,RHTABLE,6,FALSE) -> 0 | J81: =VLOOKUP(C81,RHTABLE,7,FALSE) -> Yes | K81: =VLOOKUP(C81,RHTABLE,8,FALSE) -> Yes | L81: =VLOOKUP(C81,RHTABLE,9,FALSE) -> Yes | M81: =VLOOKUP(C81,RHTABLE,10,FALSE) -> Yes | N81: =VLOOKUP(C81,RHTABLE,11,FALSE) -> Yes | O81: =VLOOKUP(C81,RHTABLE,12,FALSE) -> R | P81: =VLOOKUP(C81,RHTABLE,12,FALSE) -> R
A82: AR1 | B82: AR | C82: 2455 | D82: ARKANSAS MEDICARE | E82: =VLOOKUP(C82,RHTABLE,2,FALSE) -> CMSMED | F82: =VLOOKUP(C82,RHTABLE,3,FALSE) -> 7102 | G82: =VLOOKUP(C82,RHTABLE,4,FALSE) -> ARKANSAS MEDICARE | H82: =VLOOKUP(C82,RHTABLE,5,FALSE) -> Professional | I82: =VLOOKUP(C82,RHTABLE,6,FALSE) -> AR | J82: =VLOOKUP(C82,RHTABLE,7,FALSE) -> Yes | K82: =VLOOKUP(C82,RHTABLE,8,FALSE) -> Yes | L82: =VLOOKUP(C82,RHTABLE,9,FALSE) -> Yes | M82: =VLOOKUP(C82,RHTABLE,10,FALSE) -> Yes | N82: =VLOOKUP(C82,RHTABLE,11,FALSE) -> Yes | O82: =VLOOKUP(C82,RHTABLE,12,FALSE) -> C,R,E | P82: =VLOOKUP(C82,RHTABLE,12,FALSE) -> C,R,E
A83: AR10 | B83: AR | C83: 6162 | D83: HEALTH SCOPE BENEFITS | E83: =VLOOKUP(C83,RHTABLE,2,FALSE) -> 0 | F83: =VLOOKUP(C83,RHTABLE,3,FALSE) -> 52429 | G83: =VLOOKUP(C83,RHTABLE,4,FALSE) -> HEALTH SCOPE BENEFITS (AKA EHC) | H83: =VLOOKUP(C83,RHTABLE,5,FALSE) -> Professional | I83: =VLOOKUP(C83,RHTABLE,6,FALSE) -> 0 | J83: =VLOOKUP(C83,RHTABLE,7,FALSE) -> Yes | K83: =VLOOKUP(C83,RHTABLE,8,FALSE) -> No | L83: =VLOOKUP(C83,RHTABLE,9,FALSE) -> No | M83: =VLOOKUP(C83,RHTABLE,10,FALSE) -> No | N83: =VLOOKUP(C83,RHTABLE,11,FALSE) -> No | O83: =VLOOKUP(C83,RHTABLE,12,FALSE) | P83: =VLOOKUP(C83,RHTABLE,12,FALSE)
A84: AR11 | B84: AR | E84: =VLOOKUP(C84,RHTABLE,2,FALSE) -> #N/A | F84: =VLOOKUP(C84,RHTABLE,3,FALSE) -> #N/A | G84: =VLOOKUP(C84,RHTABLE,4,FALSE) -> #N/A | H84: =VLOOKUP(C84,RHTABLE,5,FALSE) -> #N/A | I84: =VLOOKUP(C84,RHTABLE,6,FALSE) -> #N/A | J84: =VLOOKUP(C84,RHTABLE,7,FALSE) -> #N/A | K84: =VLOOKUP(C84,RHTABLE,8,FALSE) -> #N/A | L84: =VLOOKUP(C84,RHTABLE,9,FALSE) -> #N/A | M84: =VLOOKUP(C84,RHTABLE,10,FALSE) -> #N/A | N84: =VLOOKUP(C84,RHTABLE,11,FALSE) -> #N/A | O84: =VLOOKUP(C84,RHTABLE,12,FALSE) -> #N/A | P84: =VLOOKUP(C84,RHTABLE,12,FALSE) -> #N/A
A85: AR12 | B85: AR | E85: =VLOOKUP(C85,RHTABLE,2,FALSE) -> #N/A | F85: =VLOOKUP(C85,RHTABLE,3,FALSE) -> #N/A | G85: =VLOOKUP(C85,RHTABLE,4,FALSE) -> #N/A | H85: =VLOOKUP(C85,RHTABLE,5,FALSE) -> #N/A | I85: =VLOOKUP(C85,RHTABLE,6,FALSE) -> #N/A | J85: =VLOOKUP(C85,RHTABLE,7,FALSE) -> #N/A | K85: =VLOOKUP(C85,RHTABLE,8,FALSE) -> #N/A | L85: =VLOOKUP(C85,RHTABLE,9,FALSE) -> #N/A | M85: =VLOOKUP(C85,RHTABLE,10,FALSE) -> #N/A | N85: =VLOOKUP(C85,RHTABLE,11,FALSE) -> #N/A | O85: =VLOOKUP(C85,RHTABLE,12,FALSE) -> #N/A | P85: =VLOOKUP(C85,RHTABLE,12,FALSE) -> #N/A
A86: AR13 | B86: AR | E86: =VLOOKUP(C86,RHTABLE,2,FALSE) -> #N/A | F86: =VLOOKUP(C86,RHTABLE,3,FALSE) -> #N/A | G86: =VLOOKUP(C86,RHTABLE,4,FALSE) -> #N/A | H86: =VLOOKUP(C86,RHTABLE,5,FALSE) -> #N/A | I86: =VLOOKUP(C86,RHTABLE,6,FALSE) -> #N/A | J86: =VLOOKUP(C86,RHTABLE,7,FALSE) -> #N/A | K86: =VLOOKUP(C86,RHTABLE,8,FALSE) -> #N/A | L86: =VLOOKUP(C86,RHTABLE,9,FALSE) -> #N/A | M86: =VLOOKUP(C86,RHTABLE,10,FALSE) -> #N/A | N86: =VLOOKUP(C86,RHTABLE,11,FALSE) -> #N/A | O86: =VLOOKUP(C86,RHTABLE,12,FALSE) -> #N/A | P86: =VLOOKUP(C86,RHTABLE,12,FALSE) -> #N/A
A87: AR14 | B87: AR | E87: =VLOOKUP(C87,RHTABLE,2,FALSE) -> #N/A | F87: =VLOOKUP(C87,RHTABLE,3,FALSE) -> #N/A | G87: =VLOOKUP(C87,RHTABLE,4,FALSE) -> #N/A | H87: =VLOOKUP(C87,RHTABLE,5,FALSE) -> #N/A | I87: =VLOOKUP(C87,RHTABLE,6,FALSE) -> #N/A | J87: =VLOOKUP(C87,RHTABLE,7,FALSE) -> #N/A | K87: =VLOOKUP(C87,RHTABLE,8,FALSE) -> #N/A | L87: =VLOOKUP(C87,RHTABLE,9,FALSE) -> #N/A | M87: =VLOOKUP(C87,RHTABLE,10,FALSE) -> #N/A | N87: =VLOOKUP(C87,RHTABLE,11,FALSE) -> #N/A | O87: =VLOOKUP(C87,RHTABLE,12,FALSE) -> #N/A | P87: =VLOOKUP(C87,RHTABLE,12,FALSE) -> #N/A
A88: AR15 | B88: AR | E88: =VLOOKUP(C88,RHTABLE,2,FALSE) -> #N/A | F88: =VLOOKUP(C88,RHTABLE,3,FALSE) -> #N/A | G88: =VLOOKUP(C88,RHTABLE,4,FALSE) -> #N/A | H88: =VLOOKUP(C88,RHTABLE,5,FALSE) -> #N/A | I88: =VLOOKUP(C88,RHTABLE,6,FALSE) -> #N/A | J88: =VLOOKUP(C88,RHTABLE,7,FALSE) -> #N/A | K88: =VLOOKUP(C88,RHTABLE,8,FALSE) -> #N/A | L88: =VLOOKUP(C88,RHTABLE,9,FALSE) -> #N/A | M88: =VLOOKUP(C88,RHTABLE,10,FALSE) -> #N/A | N88: =VLOOKUP(C88,RHTABLE,11,FALSE) -> #N/A | O88: =VLOOKUP(C88,RHTABLE,12,FALSE) -> #N/A | P88: =VLOOKUP(C88,RHTABLE,12,FALSE) -> #N/A
A89: AR16 | B89: AR | E89: =VLOOKUP(C89,RHTABLE,2,FALSE) -> #N/A | F89: =VLOOKUP(C89,RHTABLE,3,FALSE) -> #N/A | G89: =VLOOKUP(C89,RHTABLE,4,FALSE) -> #N/A | H89: =VLOOKUP(C89,RHTABLE,5,FALSE) -> #N/A | I89: =VLOOKUP(C89,RHTABLE,6,FALSE) -> #N/A | J89: =VLOOKUP(C89,RHTABLE,7,FALSE) -> #N/A | K89: =VLOOKUP(C89,RHTABLE,8,FALSE) -> #N/A | L89: =VLOOKUP(C89,RHTABLE,9,FALSE) -> #N/A | M89: =VLOOKUP(C89,RHTABLE,10,FALSE) -> #N/A | N89: =VLOOKUP(C89,RHTABLE,11,FALSE) -> #N/A | O89: =VLOOKUP(C89,RHTABLE,12,FALSE) -> #N/A | P89: =VLOOKUP(C89,RHTABLE,12,FALSE) -> #N/A
A90: AR17 | B90: AR | E90: =VLOOKUP(C90,RHTABLE,2,FALSE) -> #N/A | F90: =VLOOKUP(C90,RHTABLE,3,FALSE) -> #N/A | G90: =VLOOKUP(C90,RHTABLE,4,FALSE) -> #N/A | H90: =VLOOKUP(C90,RHTABLE,5,FALSE) -> #N/A | I90: =VLOOKUP(C90,RHTABLE,6,FALSE) -> #N/A | J90: =VLOOKUP(C90,RHTABLE,7,FALSE) -> #N/A | K90: =VLOOKUP(C90,RHTABLE,8,FALSE) -> #N/A | L90: =VLOOKUP(C90,RHTABLE,9,FALSE) -> #N/A | M90: =VLOOKUP(C90,RHTABLE,10,FALSE) -> #N/A | N90: =VLOOKUP(C90,RHTABLE,11,FALSE) -> #N/A | O90: =VLOOKUP(C90,RHTABLE,12,FALSE) -> #N/A | P90: =VLOOKUP(C90,RHTABLE,12,FALSE) -> #N/A
A91: AR18 | B91: AR | E91: =VLOOKUP(C91,RHTABLE,2,FALSE) -> #N/A | F91: =VLOOKUP(C91,RHTABLE,3,FALSE) -> #N/A | G91: =VLOOKUP(C91,RHTABLE,4,FALSE) -> #N/A | H91: =VLOOKUP(C91,RHTABLE,5,FALSE) -> #N/A | I91: =VLOOKUP(C91,RHTABLE,6,FALSE) -> #N/A | J91: =VLOOKUP(C91,RHTABLE,7,FALSE) -> #N/A | K91: =VLOOKUP(C91,RHTABLE,8,FALSE) -> #N/A | L91: =VLOOKUP(C91,RHTABLE,9,FALSE) -> #N/A | M91: =VLOOKUP(C91,RHTABLE,10,FALSE) -> #N/A | N91: =VLOOKUP(C91,RHTABLE,11,FALSE) -> #N/A | O91: =VLOOKUP(C91,RHTABLE,12,FALSE) -> #N/A | P91: =VLOOKUP(C91,RHTABLE,12,FALSE) -> #N/A
A92: AR19 | B92: AR | E92: =VLOOKUP(C92,RHTABLE,2,FALSE) -> #N/A | F92: =VLOOKUP(C92,RHTABLE,3,FALSE) -> #N/A | G92: =VLOOKUP(C92,RHTABLE,4,FALSE) -> #N/A | H92: =VLOOKUP(C92,RHTABLE,5,FALSE) -> #N/A | I92: =VLOOKUP(C92,RHTABLE,6,FALSE) -> #N/A | J92: =VLOOKUP(C92,RHTABLE,7,FALSE) -> #N/A | K92: =VLOOKUP(C92,RHTABLE,8,FALSE) -> #N/A | L92: =VLOOKUP(C92,RHTABLE,9,FALSE) -> #N/A | M92: =VLOOKUP(C92,RHTABLE,10,FALSE) -> #N/A | N92: =VLOOKUP(C92,RHTABLE,11,FALSE) -> #N/A | O92: =VLOOKUP(C92,RHTABLE,12,FALSE) -> #N/A | P92: =VLOOKUP(C92,RHTABLE,12,FALSE) -> #N/A
A93: AR2 | B93: AR | C93: 2416 | D93: ARKANSAS BLUE SHIELD | E93: =VLOOKUP(C93,RHTABLE,2,FALSE) -> ARBCBS | F93: =VLOOKUP(C93,RHTABLE,3,FALSE) -> 520 | G93: =VLOOKUP(C93,RHTABLE,4,FALSE) -> ACCESS ONLY (REPRICER) | H93: =VLOOKUP(C93,RHTABLE,5,FALSE) -> Professional | I93: =VLOOKUP(C93,RHTABLE,6,FALSE) -> AR | J93: =VLOOKUP(C93,RHTABLE,7,FALSE) -> Yes | K93: =VLOOKUP(C93,RHTABLE,8,FALSE) -> Yes | L93: =VLOOKUP(C93,RHTABLE,9,FALSE) -> Yes | M93: =VLOOKUP(C93,RHTABLE,10,FALSE) -> No | N93: =VLOOKUP(C93,RHTABLE,11,FALSE) -> No | O93: =VLOOKUP(C93,RHTABLE,12,FALSE) -> C,R | P93: =VLOOKUP(C93,RHTABLE,12,FALSE) -> C,R
A94: AR20 | B94: AR | E94: =VLOOKUP(C94,RHTABLE,2,FALSE) -> #N/A | F94: =VLOOKUP(C94,RHTABLE,3,FALSE) -> #N/A | G94: =VLOOKUP(C94,RHTABLE,4,FALSE) -> #N/A | H94: =VLOOKUP(C94,RHTABLE,5,FALSE) -> #N/A | I94: =VLOOKUP(C94,RHTABLE,6,FALSE) -> #N/A | J94: =VLOOKUP(C94,RHTABLE,7,FALSE) -> #N/A | K94: =VLOOKUP(C94,RHTABLE,8,FALSE) -> #N/A | L94: =VLOOKUP(C94,RHTABLE,9,FALSE) -> #N/A | M94: =VLOOKUP(C94,RHTABLE,10,FALSE) -> #N/A | N94: =VLOOKUP(C94,RHTABLE,11,FALSE) -> #N/A | O94: =VLOOKUP(C94,RHTABLE,12,FALSE) -> #N/A | P94: =VLOOKUP(C94,RHTABLE,12,FALSE) -> #N/A
A95: AR21 | B95: AR | E95: =VLOOKUP(C95,RHTABLE,2,FALSE) -> #N/A | F95: =VLOOKUP(C95,RHTABLE,3,FALSE) -> #N/A | G95: =VLOOKUP(C95,RHTABLE,4,FALSE) -> #N/A | H95: =VLOOKUP(C95,RHTABLE,5,FALSE) -> #N/A | I95: =VLOOKUP(C95,RHTABLE,6,FALSE) -> #N/A | J95: =VLOOKUP(C95,RHTABLE,7,FALSE) -> #N/A | K95: =VLOOKUP(C95,RHTABLE,8,FALSE) -> #N/A | L95: =VLOOKUP(C95,RHTABLE,9,FALSE) -> #N/A | M95: =VLOOKUP(C95,RHTABLE,10,FALSE) -> #N/A | N95: =VLOOKUP(C95,RHTABLE,11,FALSE) -> #N/A | O95: =VLOOKUP(C95,RHTABLE,12,FALSE) -> #N/A | P95: =VLOOKUP(C95,RHTABLE,12,FALSE) -> #N/A
A96: AR22 | B96: AR | E96: =VLOOKUP(C96,RHTABLE,2,FALSE) -> #N/A | F96: =VLOOKUP(C96,RHTABLE,3,FALSE) -> #N/A | G96: =VLOOKUP(C96,RHTABLE,4,FALSE) -> #N/A | H96: =VLOOKUP(C96,RHTABLE,5,FALSE) -> #N/A | I96: =VLOOKUP(C96,RHTABLE,6,FALSE) -> #N/A | J96: =VLOOKUP(C96,RHTABLE,7,FALSE) -> #N/A | K96: =VLOOKUP(C96,RHTABLE,8,FALSE) -> #N/A | L96: =VLOOKUP(C96,RHTABLE,9,FALSE) -> #N/A | M96: =VLOOKUP(C96,RHTABLE,10,FALSE) -> #N/A | N96: =VLOOKUP(C96,RHTABLE,11,FALSE) -> #N/A | O96: =VLOOKUP(C96,RHTABLE,12,FALSE) -> #N/A | P96: =VLOOKUP(C96,RHTABLE,12,FALSE) -> #N/A
A97: AR23 | B97: AR | E97: =VLOOKUP(C97,RHTABLE,2,FALSE) -> #N/A | F97: =VLOOKUP(C97,RHTABLE,3,FALSE) -> #N/A | G97: =VLOOKUP(C97,RHTABLE,4,FALSE) -> #N/A | H97: =VLOOKUP(C97,RHTABLE,5,FALSE) -> #N/A | I97: =VLOOKUP(C97,RHTABLE,6,FALSE) -> #N/A | J97: =VLOOKUP(C97,RHTABLE,7,FALSE) -> #N/A | K97: =VLOOKUP(C97,RHTABLE,8,FALSE) -> #N/A | L97: =VLOOKUP(C97,RHTABLE,9,FALSE) -> #N/A | M97: =VLOOKUP(C97,RHTABLE,10,FALSE) -> #N/A | N97: =VLOOKUP(C97,RHTABLE,11,FALSE) -> #N/A | O97: =VLOOKUP(C97,RHTABLE,12,FALSE) -> #N/A | P97: =VLOOKUP(C97,RHTABLE,12,FALSE) -> #N/A
A98: AR24 | B98: AR | E98: =VLOOKUP(C98,RHTABLE,2,FALSE) -> #N/A | F98: =VLOOKUP(C98,RHTABLE,3,FALSE) -> #N/A | G98: =VLOOKUP(C98,RHTABLE,4,FALSE) -> #N/A | H98: =VLOOKUP(C98,RHTABLE,5,FALSE) -> #N/A | I98: =VLOOKUP(C98,RHTABLE,6,FALSE) -> #N/A | J98: =VLOOKUP(C98,RHTABLE,7,FALSE) -> #N/A | K98: =VLOOKUP(C98,RHTABLE,8,FALSE) -> #N/A | L98: =VLOOKUP(C98,RHTABLE,9,FALSE) -> #N/A | M98: =VLOOKUP(C98,RHTABLE,10,FALSE) -> #N/A | N98: =VLOOKUP(C98,RHTABLE,11,FALSE) -> #N/A | O98: =VLOOKUP(C98,RHTABLE,12,FALSE) -> #N/A | P98: =VLOOKUP(C98,RHTABLE,12,FALSE) -> #N/A
A99: AR25 | B99: AR | E99: =VLOOKUP(C99,RHTABLE,2,FALSE) -> #N/A | F99: =VLOOKUP(C99,RHTABLE,3,FALSE) -> #N/A | G99: =VLOOKUP(C99,RHTABLE,4,FALSE) -> #N/A | H99: =VLOOKUP(C99,RHTABLE,5,FALSE) -> #N/A | I99: =VLOOKUP(C99,RHTABLE,6,FALSE) -> #N/A | J99: =VLOOKUP(C99,RHTABLE,7,FALSE) -> #N/A | K99: =VLOOKUP(C99,RHTABLE,8,FALSE) -> #N/A | L99: =VLOOKUP(C99,RHTABLE,9,FALSE) -> #N/A | M99: =VLOOKUP(C99,RHTABLE,10,FALSE) -> #N/A | N99: =VLOOKUP(C99,RHTABLE,11,FALSE) -> #N/A | O99: =VLOOKUP(C99,RHTABLE,12,FALSE) -> #N/A | P99: =VLOOKUP(C99,RHTABLE,12,FALSE) -> #N/A
A100: AR26 | B100: AR | E100: =VLOOKUP(C100,RHTABLE,2,FALSE) -> #N/A | F100: =VLOOKUP(C100,RHTABLE,3,FALSE) -> #N/A | G100: =VLOOKUP(C100,RHTABLE,4,FALSE) -> #N/A | H100: =VLOOKUP(C100,RHTABLE,5,FALSE) -> #N/A | I100: =VLOOKUP(C100,RHTABLE,6,FALSE) -> #N/A | J100: =VLOOKUP(C100,RHTABLE,7,FALSE) -> #N/A | K100: =VLOOKUP(C100,RHTABLE,8,FALSE) -> #N/A | L100: =VLOOKUP(C100,RHTABLE,9,FALSE) -> #N/A | M100: =VLOOKUP(C100,RHTABLE,10,FALSE) -> #N/A | N100: =VLOOKUP(C100,RHTABLE,11,FALSE) -> #N/A | O100: =VLOOKUP(C100,RHTABLE,12,FALSE) -> #N/A | P100: =VLOOKUP(C100,RHTABLE,12,FALSE) -> #N/A
...

Sheet Crossreference
B1: Click Here | C1: Alabama | D1: Alaska | E1: Arkansas | F1: Arizona | G1: California | H1: Colorado | I1: Connecticut | J1: Delaware | K1: District of Columbia | L1: Florida | M1: Georgia | N1: Guam | O1: Hawaii | P1: Idaho | Q1: Illinois | R1: Indiana | S1: Iowa | T1: Kansas | U1: Kentucky | V1: Louisiana | W1: Maine | X1: Maryland | Y1: Massachusetts | Z1: Michigan | AA1: Minnesota | AB1: Mississippi | AC1: Missouri | AD1: Montana | AE1: Nebraska | AF1: Nevada | AG1: New Hampshire | AH1: New Jersey | AI1: New Mexico | AJ1: New York | AK1: North Carolina | AL1: North Dakota | AM1: Ohio | AN1: Oklahoma | AO1: Oregon | AP1: Pennsylvania | AQ1: Puerto Rico | AR1: Rhode Island | AS1: South Carolina | AT1: South Dakota | AU1: Tennessee | AV1: Texas | AW1: Utah | AX1: Vermont | AY1: Virgin Islands | AZ1: Virginia | BA1: Washington | BB1: West Virginia | BC1: Wisconsin | BD1: Wyoming | BF1: Bill Type | BG1: Agreement | BH1: Credentialing
A2: 1 | C2: AL1 | D2: AK1 | E2: AR1 | F2: AZ1 | G2: CA1 | H2: CO1 | I2: CT1 | J2: DE1 | K2: DC1 | L2: FL1 | M2: GA1 | N2: GU1 | O2: HI1 | P2: ID1 | Q2: IL1 | R2: IN1 | S2: IA1 | T2: KS1 | U2: KY1 | V2: LA1 | W2: ME1 | X2: MD1 | Y2: MA1 | Z2: MI1 | AA2: MN1 | AB2: MS1 | AC2: MO1 | AD2: MT1 | AE2: NE1 | AF2: NV1 | AG2: NH1 | AH2: NJ1 | AI2: NM1 | AJ2: NY1 | AK2: NC1 | AL2: ND1 | AM2: OH1 | AN2: OK1 | AO2: OR1 | AP2: PA1 | AQ2: PR1 | AR2: RI1 | AS2: SC1 | AT2: SD1 | AU2: TN1 | AV2: TX1 | AW2: UT1 | AX2: VT1 | AY2: VI1 | AZ2: VA1 | BA2: WA1 | BB2: WV1 | BC2: WI1 | BD2: WY1 | BF2: Group | BG2: Yes | BH2: On file/Credentialed
A3: 2 | C3: AL2 | D3: AK2 | E3: AR2 | F3: AZ2 | G3: CA2 | H3: CO2 | I3: CT2 | J3: DE2 | K3: DC2 | L3: FL2 | M3: GA2 | N3: GU2 | O3: HI2 | P3: ID2 | Q3: IL2 | R3: IN2 | S3: IA2 | T3: KS2 | U3: KY2 | V3: LA2 | W3: ME2 | X3: MD2 | Y3: MA2 | Z3: MI2 | AA3: MN2 | AB3: MS2 | AC3: MO2 | AD3: MT2 | AE3: NE2 | AF3: NV2 | AG3: NH2 | AH3: NJ2 | AI3: NM2 | AJ3: NY2 | AK3: NC2 | AL3: ND2 | AM3: OH2 | AN3: OK2 | AO3: OR2 | AP3: PA2 | AQ3: PR2 | AR3: RI2 | AS3: SC2 | AT3: SD2 | AU3: TN2 | AV3: TX2 | AW3: UT2 | AX3: VT2 | AY3: VI2 | AZ3: VA2 | BA3: WA2 | BB3: WV2 | BC3: WI2 | BD3: WY2 | BF3: Provider | BG3: No | BH3: Credentialing
A4: 3 | C4: AL3 | D4: AK3 | E4: AR3 | F4: AZ3 | G4: CA3 | H4: CO3 | I4: CT3 | J4: DE3 | K4: DC3 | L4: FL3 | M4: GA3 | N4: GU3 | O4: HI3 | P4: ID3 | Q4: IL3 | R4: IN3 | S4: IA3 | T4: KS3 | U4: KY3 | V4: LA3 | W4: ME3 | X4: MD3 | Y4: MA3 | Z4: MI3 | AA4: MN3 | AB4: MS3 | AC4: MO3 | AD4: MT3 | AE4: NE3 | AF4: NV3 | AG4: NH3 | AH4: NJ3 | AI4: NM3 | AJ4: NY3 | AK4: NC3 | AL4: ND3 | AM4: OH3 | AN4: OK3 | AO4: OR3 | AP4: PA3 | AQ4: PR3 | AR4: RI3 | AS4: SC3 | AT4: SD3 | AU4: TN3 | AV4: TX3 | AW4: UT3 | AX4: VT3 | AY4: VI3 | AZ4: VA3 | BA4: WA3 | BB4: WV3 | BC4: WI3 | BD4: WY3 | BG4: Self-Service
A5: 4 | C5: AL4 | D5: AK4 | E5: AR4 | F5: AZ4 | G5: CA4 | H5: CO4 | I5: CT4 | J5: DE4 | K5: DC4 | L5: FL4 | M5: GA4 | N5: GU4 | O5: HI4 | P5: ID4 | Q5: IL4 | R5: IN4 | S5: IA4 | T5: KS4 | U5: KY4 | V5: LA4 | W5: ME4 | X5: MD4 | Y5: MA4 | Z5: MI4 | AA5: MN4 | AB5: MS4 | AC5: MO4 | AD5: MT4 | AE5: NE4 | AF5: NV4 | AG5: NH4 | AH5: NJ4 | AI5: NM4 | AJ5: NY4 | AK5: NC4 | AL5: ND4 | AM5: OH4 | AN5: OK4 | AO5: OR4 | AP5: PA4 | AQ5: PR4 | AR5: RI4 | AS5: SC4 | AT5: SD4 | AU5: TN4 | AV5: TX4 | AW5: UT4 | AX5: VT4 | AY5: VI4 | AZ5: VA4 | BA5: WA4 | BB5: WV4 | BC5: WI4 | BD5: WY4
A6: 5 | C6: AL5 | D6: AK5 | E6: AR5 | F6: AZ5 | G6: CA5 | H6: CO5 | I6: CT5 | J6: DE5 | K6: DC5 | L6: FL5 | M6: GA5 | O6: HI5 | P6: ID5 | Q6: IL5 | R6: IN5 | S6: IA5 | T6: KS5 | U6: KY5 | V6: LA5 | W6: ME5 | X6: MD5 | Y6: MA5 | Z6: MI5 | AA6: MN5 | AB6: MS5 | AC6: MO5 | AD6: MT5 | AE6: NE5 | AF6: NV5 | AG6: NH5 | AH6: NJ5 | AI6: NM5 | AJ6: NY5 | AK6: NC5 | AL6: ND5 | AM6: OH5 | AN6: OK5 | AO6: OR5 | AP6: PA5 | AR6: RI5 | AS6: SC5 | AT6: SD5 | AU6: TN5 | AV6: TX5 | AW6: UT5 | AX6: VT5 | AY6: VI5 | AZ6: VA5 | BA6: WA5 | BB6: WV5 | BC6: WI5 | BD6: WY5
A7: 6 | C7: AL6 | D7: AK6 | E7: AR6 | F7: AZ6 | G7: CA6 | H7: CO6 | I7: CT6 | J7: DE6 | K7: DC6 | L7: FL6 | M7: GA6 | O7: HI6 | P7: ID6 | Q7: IL6 | R7: IN6 | S7: IA6 | T7: KS6 | U7: KY6 | V7: LA6 | W7: ME6 | X7: MD6 | Y7: MA6 | Z7: MI6 | AA7: MN6 | AB7: MS6 | AC7: MO6 | AD7: MT6 | AE7: NE6 | AF7: NV6 | AG7: NH6 | AH7: NJ6 | AI7: NM6 | AJ7: NY6 | AK7: NC6 | AL7: ND6 | AM7: OH6 | AN7: OK6 | AO7: OR6 | AP7: PA6 | AR7: RI6 | AS7: SC6 | AT7: SD6 | AU7: TN6 | AV7: TX6 | AW7: UT6 | AX7: VT6 | AY7: VI6 | AZ7: VA6 | BA7: WA6 | BB7: WV6 | BC7: WI6 | BD7: WY6
A8: 7 | C8: AL7 | D8: AK7 | E8: AR7 | F8: AZ7 | G8: CA7 | H8: CO7 | I8: CT7 | J8: DE7 | K8: DC7 | L8: FL7 | M8: GA7 | O8: HI7 | P8: ID7 | Q8: IL7 | R8: IN7 | S8: IA7 | T8: KS7 | U8: KY7 | V8: LA7 | W8: ME7 | X8: MD7 | Y8: MA7 | Z8: MI7 | AA8: MN7 | AB8: MS7 | AC8: MO7 | AD8: MT7 | AE8: NE7 | AF8: NV7 | AG8: NH7 | AH8: NJ7 | AI8: NM7 | AJ8: NY7 | AK8: NC7 | AL8: ND7 | AM8: OH7 | AN8: OK7 | AO8: OR7 | AP8: PA7 | AR8: RI7 | AS8: SC7 | AT8: SD7 | AU8: TN7 | AV8: TX7 | AW8: UT7 | AX8: VT7 | AY8: VI7 | AZ8: VA7 | BA8: WA7 | BB8: WV7 | BC8: WI7 | BD8: WY7
A9: 8 | C9: AL8 | D9: AK8 | E9: AR8 | F9: AZ8 | G9: CA8 | H9: CO8 | I9: CT8 | J9: DE8 | K9: DC8 | L9: FL8 | M9: GA8 | O9: HI8 | P9: ID8 | Q9: IL8 | R9: IN8 | S9: IA8 | T9: KS8 | U9: KY8 | V9: LA8 | W9: ME8 | X9: MD8 | Y9: MA8 | Z9: MI8 | AA9: MN8 | AB9: MS8 | AC9: MO8 | AD9: MT8 | AE9: NE8 | AF9: NV8 | AG9: NH8 | AH9: NJ8 | AI9: NM8 | AJ9: NY8 | AK9: NC8 | AL9: ND8 | AM9: OH8 | AN9: OK8 | AO9: OR8 | AP9: PA8 | AR9: RI8 | AS9: SC8 | AT9: SD8 | AU9: TN8 | AV9: TX8 | AW9: UT8 | AX9: VT8 | AY9: VI8 | AZ9: VA8 | BA9: WA8 | BB9: WV8 | BC9: WI8 | BD9: WY8 | BH9: Behavioral Health
A10: 9 | C10: AL9 | D10: AK9 | E10: AR9 | F10: AZ9 | G10: CA9 | H10: CO9 | I10: CT9 | J10: DE9 | K10: DC9 | L10: FL9 | M10: GA9 | O10: HI9 | P10: ID9 | Q10: IL9 | R10: IN9 | S10: IA9 | T10: KS9 | U10: KY9 | V10: LA9 | W10: ME9 | X10: MD9 | Y10: MA9 | Z10: MI9 | AA10: MN9 | AB10: MS9 | AC10: MO9 | AD10: MT9 | AE10: NE9 | AF10: NV9 | AG10: NH9 | AH10: NJ9 | AI10: NM9 | AJ10: NY9 | AK10: NC9 | AL10: ND9 | AM10: OH9 | AN10: OK9 | AO10: OR9 | AP10: PA9 | AR10: RI9 | AS10: SC9 | AT10: SD9 | AU10: TN9 | AV10: TX9 | AW10: UT9 | AX10: VT9 | AY10: VI9 | AZ10: VA9 | BA10: WA9 | BB10: WV9 | BC10: WI9 | BD10: WY9 | BH10: Dermatology
A11: 10 | C11: AL10 | D11: AK10 | E11: AR10 | F11: AZ10 | G11: CA10 | H11: CO10 | I11: CT10 | J11: DE10 | K11: DC10 | L11: FL10 | M11: GA10 | O11: HI10 | P11: ID10 | Q11: IL10 | R11: IN10 | S11: IA10 | T11: KS10 | U11: KY10 | V11: LA10 | W11: ME10 | X11: MD10 | Y11: MA10 | Z11: MI10 | AA11: MN10 | AB11: MS10 | AC11: MO10 | AD11: MT10 | AE11: NE10 | AF11: NV10 | AG11: NH10 | AH11: NJ10 | AI11: NM10 | AJ11: NY10 | AK11: NC10 | AL11: ND10 | AM11: OH10 | AN11: OK10 | AO11: OR10 | AP11: PA10 | AR11: RI10 | AS11: SC10 | AT11: SD10 | AU11: TN10 | AV11: TX10 | AW11: UT10 | AX11: VT10 | AY11: VI10 | AZ11: VA10 | BA11: WA10 | BB11: WV10 | BC11: WI10 | BD11: WY10 | BH11: Family Practice
A12: 11 | C12: AL11 | D12: AK11 | E12: AR11 | F12: AZ11 | G12: CA11 | H12: CO11 | I12: CT11 | J12: DE11 | K12: DC11 | L12: FL11 | M12: GA11 | O12: HI11 | P12: ID11 | Q12: IL11 | R12: IN11 | S12: IA11 | T12: KS11 | U12: KY11 | V12: LA11 | W12: ME11 | X12: MD11 | Y12: MA11 | Z12: MI11 | AA12: MN11 | AB12: MS11 | AC12: MO11 | AD12: MT11 | AE12: NE11 | AF12: NV11 | AG12: NH11 | AH12: NJ11 | AI12: NM11 | AJ12: NY11 | AK12: NC11 | AL12: ND11 | AM12: OH11 | AN12: OK11 | AO12: OR11 | AP12: PA11 | AR12: RI11 | AS12: SC11 | AT12: SD11 | AU12: TN11 | AV12: TX11 | AW12: UT11 | AX12: VT11 | AY12: VI11 | AZ12: VA11 | BA12: WA11 | BB12: WV11 | BC12: WI11 | BD12: WY11 | BH12: General Practice
A13: 12 | C13: AL12 | D13: AK12 | E13: AR12 | F13: AZ12 | G13: CA12 | H13: CO12 | I13: CT12 | J13: DE12 | K13: DC12 | L13: FL12 | M13: GA12 | O13: HI12 | P13: ID12 | Q13: IL12 | R13: IN12 | S13: IA12 | T13: KS12 | U13: KY12 | V13: LA12 | W13: ME12 | X13: MD12 | Y13: MA12 | Z13: MI12 | AA13: MN12 | AB13: MS12 | AC13: MO12 | AD13: MT12 | AE13: NE12 | AF13: NV12 | AG13: NH12 | AH13: NJ12 | AI13: NM12 | AJ13: NY12 | AK13: NC12 | AL13: ND12 | AM13: OH12 | AN13: OK12 | AO13: OR12 | AP13: PA12 | AR13: RI12 | AS13: SC12 | AT13: SD12 | AU13: TN12 | AV13: TX12 | AW13: UT12 | AX13: VT12 | AY13: VI12 | AZ13: VA12 | BA13: WA12 | BB13: WV12 | BC13: WI12 | BD13: WY12 | BH13: Internal Medicine
A14: 13 | C14: AL13 | D14: AK13 | E14: AR13 | F14: AZ13 | G14: CA13 | H14: CO13 | I14: CT13 | J14: DE13 | K14: DC13 | L14: FL13 | M14: GA13 | O14: HI13 | P14: ID13 | Q14: IL13 | R14: IN13 | S14: IA13 | T14: KS13 | U14: KY13 | V14: LA13 | W14: ME13 | X14: MD13 | Y14: MA13 | Z14: MI13 | AA14: MN13 | AB14: MS13 | AC14: MO13 | AD14: MT13 | AE14: NE13 | AF14: NV13 | AG14: NH13 | AH14: NJ13 | AI14: NM13 | AJ14: NY13 | AK14: NC13 | AL14: ND13 | AM14: OH13 | AN14: OK13 | AO14: OR13 | AP14: PA13 | AR14: RI13 | AS14: SC13 | AT14: SD13 | AU14: TN13 | AV14: TX13 | AW14: UT13 | AX14: VT13 | AY14: VI13 | AZ14: VA13 | BA14: WA13 | BB14: WV13 | BC14: WI13 | BD14: WY13 | BH14: MDI Retina
A15: 14 | C15: AL14 | D15: AK14 | E15: AR14 | F15: AZ14 | G15: CA14 | H15: CO14 | I15: CT14 | J15: DE14 | K15: DC14 | L15: FL14 | M15: GA14 | O15: HI14 | P15: ID14 | Q15: IL14 | R15: IN14 | S15: IA14 | T15: KS14 | U15: KY14 | V15: LA14 | W15: ME14 | X15: MD14 | Y15: MA14 | Z15: MI14 | AA15: MN14 | AB15: MS14 | AC15: MO14 | AD15: MT14 | AE15: NE14 | AF15: NV14 | AG15: NH14 | AH15: NJ14 | AI15: NM14 | AJ15: NY14 | AK15: NC14 | AL15: ND14 | AM15: OH14 | AN15: OK14 | AO15: OR14 | AP15: PA14 | AR15: RI14 | AS15: SC14 | AT15: SD14 | AU15: TN14 | AV15: TX14 | AW15: UT14 | AX15: VT14 | AY15: VI14 | AZ15: VA14 | BA15: WA14 | BB15: WV14 | BC15: WI14 | BD15: WY14 | BH15: Multi Specialty
A16: 15 | C16: AL15 | D16: AK15 | E16: AR15 | F16: AZ15 | G16: CA15 | H16: CO15 | I16: CT15 | J16: DE15 | K16: DC15 | L16: FL15 | M16: GA15 | O16: HI15 | P16: ID15 | Q16: IL15 | R16: IN15 | S16: IA15 | T16: KS15 | U16: KY15 | V16: LA15 | W16: ME15 | X16: MD15 | Y16: MA15 | Z16: MI15 | AA16: MN15 | AB16: MS15 | AC16: MO15 | AD16: MT15 | AE16: NE15 | AF16: NV15 | AG16: NH15 | AH16: NJ15 | AI16: NM15 | AJ16: NY15 | AK16: NC15 | AL16: ND15 | AM16: OH15 | AN16: OK15 | AO16: OR15 | AP16: PA15 | AR16: RI15 | AS16: SC15 | AT16: SD15 | AU16: TN15 | AV16: TX15 | AW16: UT15 | AX16: VT15 | AY16: VI15 | AZ16: VA15 | BA16: WA15 | BB16: WV15 | BC16: WI15 | BD16: WY15 | BH16: OBGYN
A17: 16 | C17: AL16 | D17: AK16 | E17: AR16 | F17: AZ16 | G17: CA16 | H17: CO16 | I17: CT16 | J17: DE16 | K17: DC16 | L17: FL16 | M17: GA16 | O17: HI16 | P17: ID16 | Q17: IL16 | R17: IN16 | S17: IA16 | T17: KS16 | U17: KY16 | V17: LA16 | W17: ME16 | X17: MD16 | Y17: MA16 | Z17: MI16 | AA17: MN16 | AB17: MS16 | AC17: MO16 | AD17: MT16 | AE17: NE16 | AF17: NV16 | AG17: NH16 | AH17: NJ16 | AI17: NM16 | AJ17: NY16 | AK17: NC16 | AL17: ND16 | AM17: OH16 | AN17: OK16 | AO17: OR16 | AP17: PA16 | AR17: RI16 | AS17: SC16 | AT17: SD16 | AU17: TN16 | AV17: TX16 | AW17: UT16 | AX17: VT16 | AY17: VI16 | AZ17: VA16 | BA17: WA16 | BB17: WV16 | BC17: WI16 | BD17: WY16 | BH17: Opthalmology Retina
A18: 17 | C18: AL17 | D18: AK17 | E18: AR17 | F18: AZ17 | G18: CA17 | H18: CO17 | I18: CT17 | J18: DE17 | K18: DC17 | L18: FL17 | M18: GA17 | O18: HI17 | P18: ID17 | Q18: IL17 | R18: IN17 | S18: IA17 | T18: KS17 | U18: KY17 | V18: LA17 | W18: ME17 | X18: MD17 | Y18: MA17 | Z18: MI17 | AA18: MN17 | AB18: MS17 | AC18: MO17 | AD18: MT17 | AE18: NE17 | AF18: NV17 | AG18: NH17 | AH18: NJ17 | AI18: NM17 | AJ18: NY17 | AK18: NC17 | AL18: ND17 | AM18: OH17 | AN18: OK17 | AO18: OR17 | AP18: PA17 | AR18: RI17 | AS18: SC17 | AT18: SD17 | AU18: TN17 | AV18: TX17 | AW18: UT17 | AX18: VT17 | AY18: VI17 | AZ18: VA17 | BA18: WA17 | BB18: WV17 | BC18: WI17 | BD18: WY17 | BH18: Pediatrics
A19: 18 | C19: AL18 | D19: AK18 | E19: AR18 | F19: AZ18 | G19: CA18 | H19: CO18 | I19: CT18 | J19: DE18 | K19: DC18 | L19: FL18 | M19: GA18 | O19: HI18 | P19: ID18 | Q19: IL18 | R19: IN18 | S19: IA18 | T19: KS18 | U19: KY18 | V19: LA18 | W19: ME18 | X19: MD18 | Y19: MA18 | Z19: MI18 | AA19: MN18 | AB19: MS18 | AC19: MO18 | AD19: MT18 | AE19: NE18 | AF19: NV18 | AG19: NH18 | AH19: NJ18 | AI19: NM18 | AJ19: NY18 | AK19: NC18 | AL19: ND18 | AM19: OH18 | AN19: OK18 | AO19: OR18 | AP19: PA18 | AR19: RI18 | AS19: SC18 | AT19: SD18 | AU19: TN18 | AV19: TX18 | AW19: UT18 | AX19: VT18 | AY19: VI18 | AZ19: VA18 | BA19: WA18 | BB19: WV18 | BC19: WI18 | BD19: WY18 | BH19: Physical Therapy
A20: 19 | C20: AL19 | D20: AK19 | E20: AR19 | F20: AZ19 | G20: CA19 | H20: CO19 | I20: CT19 | J20: DE19 | K20: DC19 | L20: FL19 | M20: GA19 | O20: HI19 | P20: ID19 | Q20: IL19 | R20: IN19 | S20: IA19 | T20: KS19 | U20: KY19 | V20: LA19 | W20: ME19 | X20: MD19 | Y20: MA19 | Z20: MI19 | AA20: MN19 | AB20: MS19 | AC20: MO19 | AD20: MT19 | AE20: NE19 | AF20: NV19 | AG20: NH19 | AH20: NJ19 | AI20: NM19 | AJ20: NY19 | AK20: NC19 | AL20: ND19 | AM20: OH19 | AN20: OK19 | AO20: OR19 | AP20: PA19 | AR20: RI19 | AS20: SC19 | AT20: SD19 | AU20: TN19 | AV20: TX19 | AW20: UT19 | AX20: VT19 | AY20: VI19 | AZ20: VA19 | BA20: WA19 | BB20: WV19 | BC20: WI19 | BD20: WY19
A21: 20 | C21: AL20 | D21: AK20 | E21: AR20 | F21: AZ20 | G21: CA20 | H21: CO20 | I21: CT20 | J21: DE20 | K21: DC20 | L21: FL20 | M21: GA20 | O21: HI20 | P21: ID20 | Q21: IL20 | R21: IN20 | S21: IA20 | T21: KS20 | U21: KY20 | V21: LA20 | W21: ME20 | X21: MD20 | Y21: MA20 | Z21: MI20 | AA21: MN20 | AB21: MS20 | AC21: MO20 | AD21: MT20 | AE21: NE20 | AF21: NV20 | AG21: NH20 | AH21: NJ20 | AI21: NM20 | AJ21: NY20 | AK21: NC20 | AL21: ND20 | AM21: OH20 | AN21: OK20 | AO21: OR20 | AP21: PA20 | AR21: RI20 | AS21: SC20 | AT21: SD20 | AU21: TN20 | AV21: TX20 | AW21: UT20 | AX21: VT20 | AY21: VI20 | AZ21: VA20 | BA21: WA20 | BB21: WV20 | BC21: WI20 | BD21: WY20
A22: 21 | C22: AL21 | D22: AK21 | E22: AR21 | F22: AZ21 | G22: CA21 | H22: CO21 | I22: CT21 | J22: DE21 | K22: DC21 | L22: FL21 | M22: GA21 | O22: HI21 | P22: ID21 | Q22: IL21 | R22: IN21 | S22: IA21 | T22: KS21 | U22: KY21 | V22: LA21 | W22: ME21 | X22: MD21 | Y22: MA21 | Z22: MI21 | AA22: MN21 | AB22: MS21 | AC22: MO21 | AD22: MT21 | AE22: NE21 | AF22: NV21 | AG22: NH21 | AH22: NJ21 | AI22: NM21 | AJ22: NY21 | AK22: NC21 | AL22: ND21 | AM22: OH21 | AN22: OK21 | AO22: OR21 | AP22: PA21 | AR22: RI21 | AS22: SC21 | AT22: SD21 | AU22: TN21 | AV22: TX21 | AW22: UT21 | AX22: VT21 | AY22: VI21 | AZ22: VA21 | BA22: WA21 | BB22: WV21 | BC22: WI21 | BD22: WY21
A23: 22 | C23: AL22 | D23: AK22 | E23: AR22 | F23: AZ22 | G23: CA22 | H23: CO22 | I23: CT22 | J23: DE22 | K23: DC22 | L23: FL22 | M23: GA22 | O23: HI22 | P23: ID22 | Q23: IL22 | R23: IN22 | S23: IA22 | T23: KS22 | U23: KY22 | V23: LA22 | W23: ME23 | X23: MD22 | Y23: MA22 | Z23: MI22 | AA23: MN22 | AB23: MS22 | AC23: MO22 | AD23: MT22 | AE23: NE22 | AF23: NV22 | AG23: NH22 | AH23: NJ22 | AI23: NM22 | AJ23: NY22 | AK23: NC22 | AL23: ND22 | AM23: OH22 | AN23: OK22 | AO23: OR22 | AP23: PA22 | AR23: RI22 | AS23: SC22 | AT23: SD22 | AU23: TN22 | AV23: TX22 | AW23: UT22 | AX23: VT22 | AY23: VI22 | AZ23: VA22 | BA23: WA22 | BB23: WV22 | BC23: WI22 | BD23: WY22 | BH23: No CC
A24: 23 | C24: AL23 | D24: AK23 | E24: AR23 | F24: AZ23 | G24: CA23 | H24: CO23 | I24: CT23 | J24: DE23 | K24: DC23 | L24: FL23 | M24: GA23 | O24: HI23 | P24: ID23 | Q24: IL23 | R24: IN23 | S24: IA23 | T24: KS23 | U24: KY23 | V24: LA23 | W24: ME22 | X24: MD23 | Y24: MA23 | Z24: MI23 | AA24: MN23 | AB24: MS23 | AC24: MO23 | AD24: MT23 | AE24: NE23 | AF24: NV23 | AG24: NH23 | AH24: NJ23 | AI24: NM23 | AJ24: NY23 | AK24: NC23 | AL24: ND23 | AM24: OH23 | AN24: OK23 | AO24: OR23 | AP24: PA23 | AR24: RI23 | AS24: SC23 | AT24: SD23 | AU24: TN23 | AV24: TX23 | AW24: UT23 | AX24: VT23 | AZ24: VA23 | BA24: WA23 | BB24: WV23 | BC24: WI23 | BD24: WY23 | BH24: MC, VISA
A25: 24 | C25: AL24 | D25: AK24 | E25: AR24 | F25: AZ24 | G25: CA24 | H25: CO24 | I25: CT24 | J25: DE24 | K25: DC24 | L25: FL24 | M25: GA24 | O25: HI24 | P25: ID24 | Q25: IL24 | R25: IN24 | S25: IA24 | T25: KS24 | U25: KY24 | V25: LA24 | W25: ME24 | X25: MD24 | Y25: MA24 | Z25: MI24 | AA25: MN24 | AB25: MS24 | AC25: MO24 | AD25: MT24 | AE25: NE24 | AF25: NV24 | AG25: NH24 | AH25: NJ24 | AI25: NM24 | AJ25: NY24 | AK25: NC24 | AL25: ND24 | AM25: OH24 | AN25: OK24 | AO25: OR24 | AP25: PA24 | AR25: RI24 | AS25: SC24 | AT25: SD24 | AU25: TN24 | AV25: TX24 | AW25: UT24 | AX25: VT24 | AZ25: VA24 | BA25: WA24 | BB25: WV24 | BC25: WI24 | BD25: WY24 | BH25: MC, VISA, DISC
A26: 25 | C26: AL25 | D26: AK25 | E26: AR25 | F26: AZ25 | G26: CA25 | H26: CO25 | I26: CT25 | J26: DE25 | K26: DC25 | L26: FL25 | M26: GA25 | O26: HI25 | P26: ID25 | Q26: IL25 | R26: IN25 | S26: IA25 | T26: KS25 | U26: KY25 | V26: LA25 | W26: ME25 | X26: MD25 | Y26: MA25 | Z26: MI25 | AA26: MN25 | AB26: MS25 | AC26: MO25 | AD26: MT25 | AE26: NE25 | AF26: NV25 | AG26: NH25 | AH26: NJ25 | AI26: NM25 | AJ26: NY25 | AK26: NC25 | AL26: ND25 | AM26: OH25 | AN26: OK25 | AO26: OR25 | AP26: PA25 | AR26: RI25 | AS26: SC25 | AT26: SD25 | AU26: TN25 | AV26: TX25 | AW26: UT25 | AX26: VT25 | AZ26: VA25 | BA26: WA25 | BB26: WV25 | BC26: WI25 | BD26: WY25 | BH26: MC,VISA,AMEX
A27: 26 | C27: AL26 | D27: AK26 | E27: AR26 | F27: AZ26 | G27: CA26 | H27: CO26 | I27: CT26 | J27: DE26 | K27: DC26 | L27: FL26 | M27: GA26 | O27: HI26 | P27: ID26 | Q27: IL26 | R27: IN26 | S27: IA26 | T27: KS26 | U27: KY26 | V27: LA26 | W27: ME26 | X27: MD26 | Y27: MA26 | Z27: MI26 | AA27: MN26 | AB27: MS26 | AC27: MO26 | AD27: MT26 | AE27: NE26 | AF27: NV26 | AG27: NH26 | AH27: NJ26 | AI27: NM26 | AJ27: NY26 | AK27: NC26 | AL27: ND26 | AM27: OH26 | AN27: OK26 | AO27: OR26 | AP27: PA26 | AR27: RI26 | AS27: SC26 | AT27: SD26 | AU27: TN26 | AV27: TX26 | AW27: UT26 | AX27: VT26 | AZ27: VA26 | BA27: WA26 | BB27: WV26 | BC27: WI26 | BD27: WY26 | BH27: MC, VISA, DISC, AMEX
A28: 27 | C28: AL27 | D28: AK27 | E28: AR27 | F28: AZ27 | G28: CA27 | H28: CO27 | I28: CT27 | J28: DE27 | K28: DC27 | L28: FL27 | M28: GA27 | O28: HI27 | P28: ID27 | Q28: IL27 | R28: IN27 | S28: IA27 | T28: KS27 | U28: KY27 | V28: LA27 | W28: ME27 | X28: MD27 | Y28: MA27 | Z28: MI27 | AA28: MN27 | AB28: MS27 | AC28: MO27 | AD28: MT27 | AE28: NE27 | AF28: NV27 | AG28: NH27 | AH28: NJ27 | AI28: NM27 | AJ28: NY27 | AK28: NC27 | AL28: ND27 | AM28: OH27 | AN28: OK27 | AO28: OR27 | AP28: PA27 | AR28: RI27 | AS28: SC27 | AT28: SD27 | AU28: TN27 | AV28: TX27 | AW28: UT27 | AX28: VT27 | AZ28: VA27 | BA28: WA27 | BB28: WV27 | BC28: WI27 | BD28: WY27
A29: 28 | C29: AL28 | D29: AK28 | E29: AR28 | F29: AZ28 | G29: CA28 | H29: CO28 | I29: CT28 | J29: DE28 | K29: DC28 | L29: FL28 | M29: GA28 | O29: HI28 | P29: ID28 | Q29: IL28 | R29: IN28 | S29: IA28 | T29: KS28 | U29: KY28 | V29: LA28 | W29: ME28 | X29: MD28 | Y29: MA28 | Z29: MI28 | AA29: MN28 | AB29: MS28 | AC29: MO28 | AD29: MT28 | AE29: NE28 | AF29: NV28 | AG29: NH28 | AH29: NJ28 | AI29: NM28 | AJ29: NY28 | AK29: NC28 | AL29: ND28 | AM29: OH28 | AN29: OK28 | AO29: OR28 | AP29: PA28 | AR29: RI28 | AS29: SC28 | AT29: SD28 | AU29: TN28 | AV29: TX28 | AW29: UT28 | AX29: VT28 | AZ29: VA28 | BA29: WA28 | BB29: WV28 | BC29: WI28 | BD29: WY28 | BH29: Live
A30: 29 | C30: AL29 | D30: AK29 | E30: AR29 | F30: AZ29 | G30: CA29 | H30: CO29 | I30: CT29 | J30: DE29 | K30: DC29 | L30: FL29 | M30: GA29 | O30: HI29 | P30: ID29 | Q30: IL29 | R30: IN29 | S30: IA29 | T30: KS29 | U30: KY29 | V30: LA29 | W30: ME29 | X30: MD29 | Y30: MA29 | Z30: MI29 | AA30: MN29 | AB30: MS29 | AC30: MO29 | AD30: MT29 | AE30: NE29 | AF30: NV29 | AG30: NH29 | AH30: NJ29 | AI30: NM29 | AJ30: NY29 | AK30: NC29 | AL30: ND29 | AM30: OH29 | AN30: OK29 | AO30: OR29 | AP30: PA29 | AR30: RI29 | AS30: SC29 | AT30: SD29 | AU30: TN29 | AV30: TX29 | AW30: UT29 | AX30: VT29 | AZ30: VA29 | BA30: WA29 | BB30: WV29 | BC30: WI29 | BD30: WY29 | BH30: Test
A31: 30 | C31: AL30 | D31: AK30 | E31: AR30 | F31: AZ30 | G31: CA30 | H31: CO30 | I31: CT30 | J31: DE30 | K31: DC30 | L31: FL30 | M31: GA30 | O31: HI30 | P31: ID30 | Q31: IL30 | R31: IN30 | S31: IA30 | T31: KS30 | U31: KY30 | V31: LA30 | W31: ME30 | X31: MD30 | Y31: MA30 | Z31: MI30 | AA31: MN30 | AB31: MS30 | AC31: MO30 | AD31: MT30 | AE31: NE30 | AF31: NV30 | AG31: NH30 | AH31: NJ30 | AI31: NM30 | AJ31: NY30 | AK31: NC30 | AL31: ND30 | AM31: OH30 | AN31: OK30 | AO31: OR30 | AP31: PA30 | AR31: RI30 | AS31: SC30 | AT31: SD30 | AU31: TN30 | AV31: TX30 | AW31: UT30 | AX31: VT30 | AZ31: VA30 | BA31: WA30 | BB31: WV30 | BC31: WI30 | BD31: WY30
A32: 31 | C32: AL31 | D32: AK31 | E32: AR31 | F32: AZ31 | G32: CA31 | H32: CO31 | I32: CT31 | J32: DE31 | K32: DC31 | L32: FL31 | M32: GA31 | O32: HI31 | P32: ID31 | Q32: IL31 | R32: IN31 | S32: IA31 | T32: KS31 | U32: KY31 | V32: LA31 | W32: ME31 | X32: MD31 | Y32: MA31 | Z32: MI31 | AA32: MN31 | AB32: MS31 | AC32: MO31 | AD32: MT31 | AE32: NE31 | AF32: NV31 | AG32: NH31 | AH32: NJ31 | AI32: NM31 | AJ32: NY31 | AK32: NC31 | AL32: ND31 | AM32: OH31 | AN32: OK31 | AO32: OR31 | AP32: PA31 | AR32: RI31 | AS32: SC31 | AT32: SD31 | AU32: TN31 | AV32: TX31 | AW32: UT31 | AX32: VT31 | AZ32: VA31 | BA32: WA31 | BB32: WV31 | BC32: WI31 | BD32: WY31
A33: 32 | C33: AL32 | D33: AK32 | E33: AR32 | F33: AZ32 | G33: CA32 | H33: CO32 | I33: CT32 | J33: DE32 | K33: DC32 | L33: FL32 | M33: GA32 | O33: HI32 | P33: ID32 | Q33: IL32 | R33: IN32 | S33: IA32 | T33: KS32 | U33: KY32 | V33: LA32 | W33: ME32 | X33: MD32 | Y33: MA32 | Z33: MI32 | AA33: MN32 | AB33: MS32 | AC33: MO32 | AD33: MT32 | AE33: NE32 | AF33: NV32 | AG33: NH32 | AH33: NJ32 | AI33: NM32 | AJ33: NY32 | AK33: NC32 | AL33: ND32 | AM33: OH32 | AN33: OK32 | AO33: OR32 | AP33: PA32 | AR33: RI32 | AS33: SC32 | AT33: SD32 | AU33: TN32 | AV33: TX32 | AW33: UT32 | AX33: VT32 | AZ33: VA32 | BA33: WA32 | BB33: WV32 | BC33: WI32 | BD33: WY32
A34: 33 | C34: AL33 | D34: AK33 | E34: AR33 | F34: AZ33 | G34: CA33 | H34: CO33 | I34: CT33 | J34: DE33 | K34: DC33 | L34: FL33 | M34: GA33 | O34: HI33 | P34: ID33 | Q34: IL33 | R34: IN33 | S34: IA33 | T34: KS33 | U34: KY33 | V34: LA33 | W34: ME33 | X34: MD33 | Y34: MA33 | Z34: MI33 | AA34: MN33 | AB34: MS33 | AC34: MO33 | AD34: MT33 | AE34: NE33 | AF34: NV33 | AG34: NH33 | AH34: NJ33 | AI34: NM33 | AJ34: NY33 | AK34: NC33 | AL34: ND33 | AM34: OH33 | AN34: OK33 | AO34: OR33 | AP34: PA33 | AR34: RI33 | AS34: SC33 | AT34: SD33 | AU34: TN33 | AV34: TX33 | AW34: UT33 | AX34: VT33 | AZ34: VA33 | BA34: WA33 | BB34: WV33 | BC34: WI33 | BD34: WY33
A35: 34 | C35: AL34 | D35: AK34 | E35: AR34 | F35: AZ34 | G35: CA34 | H35: CO34 | I35: CT34 | J35: DE34 | K35: DC34 | L35: FL34 | M35: GA34 | O35: HI34 | P35: ID34 | Q35: IL34 | R35: IN34 | S35: IA34 | T35: KS34 | U35: KY34 | V35: LA34 | W35: ME34 | X35: MD34 | Y35: MA34 | Z35: MI34 | AA35: MN34 | AB35: MS34 | AC35: MO34 | AD35: MT34 | AE35: NE34 | AF35: NV34 | AG35: NH34 | AH35: NJ34 | AI35: NM34 | AJ35: NY34 | AK35: NC34 | AL35: ND34 | AM35: OH34 | AN35: OK34 | AO35: OR34 | AP35: PA34 | AR35: RI34 | AS35: SC34 | AT35: SD34 | AU35: TN34 | AV35: TX34 | AW35: UT34 | AX35: VT34 | AZ35: VA34 | BA35: WA34 | BB35: WV34 | BC35: WI34 | BD35: WY34
A36: 35 | C36: AL35 | D36: AK35 | E36: AR35 | F36: AZ35 | G36: CA35 | H36: CO35 | I36: CT35 | J36: DE35 | K36: DC35 | L36: FL35 | M36: GA35 | O36: HI35 | P36: ID35 | Q36: IL35 | R36: IN35 | S36: IA35 | T36: KS35 | U36: KY35 | V36: LA35 | W36: ME35 | X36: MD35 | Y36: MA35 | Z36: MI35 | AA36: MN35 | AB36: MS35 | AC36: MO35 | AD36: MT35 | AE36: NE35 | AF36: NV35 | AG36: NH35 | AH36: NJ35 | AI36: NM35 | AJ36: NY35 | AK36: NC35 | AL36: ND35 | AM36: OH35 | AN36: OK35 | AO36: OR35 | AP36: PA35 | AR36: RI35 | AS36: SC35 | AT36: SD35 | AU36: TN35 | AV36: TX35 | AW36: UT35 | AX36: VT35 | AZ36: VA35 | BA36: WA35 | BB36: WV35 | BC36: WI35 | BD36: WY35
A37: 36 | C37: AL36 | D37: AK36 | E37: AR36 | F37: AZ36 | G37: CA36 | H37: CO36 | I37: CT36 | J37: DE36 | K37: DC36 | L37: FL36 | M37: GA36 | O37: HI36 | P37: ID36 | Q37: IL36 | R37: IN36 | S37: IA36 | T37: KS36 | U37: KY36 | V37: LA36 | W37: ME36 | X37: MD36 | Y37: MA36 | Z37: MI36 | AA37: MN36 | AB37: MS36 | AC37: MO36 | AD37: MT36 | AE37: NE36 | AF37: NV36 | AG37: NH36 | AH37: NJ36 | AI37: NM36 | AJ37: NY36 | AK37: NC36 | AL37: ND36 | AM37: OH36 | AN37: OK36 | AO37: OR36 | AP37: PA36 | AR37: RI36 | AS37: SC36 | AT37: SD36 | AU37: TN36 | AV37: TX36 | AW37: UT36 | AX37: VT36 | AZ37: VA36 | BA37: WA36 | BB37: WV36 | BC37: WI36 | BD37: WY36
A38: 37 | C38: AL37 | D38: AK37 | E38: AR37 | F38: AZ37 | G38: CA37 | H38: CO37 | I38: CT37 | J38: DE37 | K38: DC37 | L38: FL37 | M38: GA37 | O38: HI37 | P38: ID37 | Q38: IL37 | R38: IN37 | S38: IA37 | T38: KS37 | U38: KY37 | V38: LA37 | W38: ME37 | X38: MD37 | Y38: MA37 | Z38: MI37 | AA38: MN37 | AB38: MS37 | AC38: MO37 | AD38: MT37 | AE38: NE37 | AF38: NV37 | AG38: NH37 | AH38: NJ37 | AI38: NM37 | AJ38: NY37 | AK38: NC37 | AL38: ND37 | AM38: OH37 | AN38: OK37 | AO38: OR37 | AP38: PA37 | AR38: RI37 | AS38: SC37 | AT38: SD37 | AU38: TN40 | AV38: TX37 | AW38: UT37 | AX38: VT37 | AZ38: VA38 | BA38: WA37 | BB38: WV37 | BC38: WI37 | BD38: WY37
A39: 38 | C39: AL38 | D39: AK38 | E39: AR38 | F39: AZ38 | G39: CA38 | H39: CO38 | I39: CT38 | J39: DE38 | K39: DC38 | L39: FL38 | M39: GA38 | O39: HI38 | P39: ID38 | Q39: IL38 | R39: IN38 | S39: IA38 | T39: KS38 | U39: KY38 | V39: LA38 | W39: ME38 | X39: MD38 | Y39: MA38 | Z39: MI38 | AA39: MN38 | AB39: MS38 | AC39: MO38 | AD39: MT38 | AE39: NE38 | AF39: NV38 | AG39: NH38 | AH39: NJ38 | AI39: NM38 | AJ39: NY38 | AK39: NC38 | AL39: ND38 | AM39: OH38 | AN39: OK38 | AO39: OR38 | AP39: PA38 | AR39: RI38 | AS39: SC38 | AT39: SD38 | AU39: TN37 | AV39: TX38 | AW39: UT38 | AX39: VT38 | AZ39: VA37 | BA39: WA38 | BB39: WV38 | BC39: WI38 | BD39: WY38
A40: 39 | C40: AL39 | D40: AK39 | E40: AR39 | F40: AZ39 | G40: CA39 | H40: CO39 | I40: CT39 | J40: DE39 | K40: DC39 | L40: FL39 | M40: GA39 | O40: HI39 | P40: ID39 | Q40: IL39 | R40: IN39 | S40: IA39 | T40: KS39 | U40: KY39 | V40: LA39 | W40: ME39 | X40: MD39 | Y40: MA39 | Z40: MI39 | AA40: MN39 | AB40: MS39 | AC40: MO39 | AD40: MT39 | AE40: NE39 | AF40: NV39 | AG40: NH39 | AH40: NJ39 | AI40: NM39 | AJ40: NY39 | AK40: NC39 | AL40: ND39 | AM40: OH39 | AN40: OK39 | AO40: OR39 | AP40: PA39 | AR40: RI39 | AS40: SC39 | AT40: SD39 | AU40: TN38 | AV40: TX39 | AW40: UT39 | AX40: VT39 | AZ40: VA39 | BA40: WA39 | BB40: WV39 | BC40: WI39 | BD40: WY39
A41: 40 | C41: AL40 | D41: AK40 | E41: AR40 | F41: AZ40 | G41: CA40 | H41: CO40 | I41: CT40 | J41: DE40 | K41: DC40 | L41: FL40 | M41: GA40 | O41: HI40 | P41: ID40 | Q41: IL40 | R41: IN40 | S41: IA40 | T41: KS40 | U41: KY40 | V41: LA40 | W41: ME40 | X41: MD40 | Y41: MA40 | Z41: MI40 | AA41: MN40 | AB41: MS40 | AC41: MO40 | AD41: MT40 | AE41: NE40 | AF41: NV40 | AG41: NH40 | AH41: NJ40 | AI41: NM40 | AJ41: NY40 | AK41: NC40 | AL41: ND40 | AM41: OH40 | AN41: OK40 | AO41: OR40 | AP41: PA40 | AR41: RI40 | AS41: SC40 | AT41: SD40 | AU41: TN39 | AV41: TX40 | AW41: UT40 | AX41: VT40 | AZ41: VA40 | BA41: WA40 | BB41: WV40 | BC41: WI40 | BD41: WY40
A42: 41 | G42: CA41 | AJ42: NY41
A43: 42 | G43: CA42 | AJ43: NY42
A44: 43 | G44: CA43 | AJ44: NY43
A45: 44 | G45: CA44 | AJ45: NY44
A46: 45 | G46: CA45 | AJ46: NY45
A47: 46 | AJ47: NY46
A48: 47 | AJ48: NY47
A49: 48 | AJ49: NY48
A50: 49 | AJ50: NY49
A51: 50 | AJ51: NY50
A52: 51 | AJ52: NY51
A53: 52 | AJ53: NY52
A54: 53 | AJ54: NY53
A55: 54 | AJ55: NY54

Sheet Relay 01.02.2024
A1: CPID | B1: Eligibility RealtimePayer ID | C1: Payer ID | D1: Payer Name | E1: Claim Type | F1: State | G1: Claims | H1: Remittance | I1: Eligibility | J1: ClaimStatus | K1: Attachments | L1: Enrollment Required
A2: 1101 | C2: PAS01 | D2: PROVIDENCE ADMINISTRATIVE SERVICES | E2: Professional | G2: Yes | H2: Yes | I2: No | J2: No | L2: R | N2: =C2 -> PAS01 | O2: =A2 -> 1101
A3: 1102 | C3: KGA15 | D3: KG ADMINISTRATIVE SERVICES | E3: Professional | G3: Yes | H3: No | I3: No | J3: No | N3: =C3 -> KGA15 | O3: =A3 -> 1102
A4: 1103 | C4: 35115 | D4: INTOTAL HEALTH | E4: Professional | G4: Yes | H4: No | I4: No | J4: No | N4: =C4 -> 35115 | O4: =A4 -> 1103
A5: 1104 | C5: 61115 | D5: HUMANA LONG TERM CARE | E5: Professional | G5: Yes | H5: Yes | I5: No | J5: No | L5: R | N5: =C5 -> 61115 | O5: =A5 -> 1104
A6: 1105 | C6: RP034 | D6: HALCYON BEHAVIORAL HEALTH | E6: Professional | G6: Yes | H6: No | I6: No | J6: No | N6: =C6 -> RP034 | O6: =A6 -> 1105
A7: 1106 | C7: 95271 | D7: PINNACLE MEDICAL GROUP | E7: Professional | G7: Yes | H7: Yes | I7: No | J7: No | L7: R | N7: =C7 -> 95271 | O7: =A7 -> 1106
A8: 1107 | C8: MPM26 | D8: INTEGRATED HEALTH PARTNERS (IHP) | E8: Professional | G8: Yes | H8: No | I8: No | J8: No | N8: =C8 -> MPM26 | O8: =A8 -> 1107
A9: 1108 | C9: 76079 | D9: MIDWEST HEALTH PARTNERS | E9: Professional | G9: Yes | H9: No | I9: No | J9: No | N9: =C9 -> 76079 | O9: =A9 -> 1108
A10: 1109 | C10: MP340 | D10: THREE RIVERS PREFERRED | E10: Professional | G10: Yes | H10: No | I10: No | J10: No | N10: =C10 -> MP340 | O10: =A10 -> 1109
A11: 1110 | C11: 99660 | D11: FRESNO PACE | E11: Professional | G11: No | H11: No | I11: No | J11: No | N11: =C11 -> 99660 | O11: =A11 -> 1110
A12: 1111 | C12: 14966 | D12: PARTNERS HEALTH PLAN | E12: Professional | G12: Yes | H12: No | I12: Yes | J12: No | N12: =C12 -> 14966 | O12: =A12 -> 1111
A13: 1112 | C13: 53226 | D13: PENN BEHAVIORAL HEALTH | E13: Professional | G13: Yes | H13: No | I13: No | J13: No | N13: =C13 -> 53226 | O13: =A13 -> 1112
A14: 1113 | C14: EC999 | D14: EXCLUSIVE CARE | E14: Professional | G14: Yes | H14: No | I14: No | J14: No | L14: C | N14: =C14 -> EC999 | O14: =A14 -> 1113
A15: 1113 | C15: EC999 | D15: EXCLUSIVE CARE - COUNTY OF RIVERSIDE | E15: Professional | G15: Yes | H15: No | I15: No | J15: No | L15: C | N15: =C15 -> EC999 | O15: =A15 -> 1113
A16: 1114 | C16: 86083 | D16: SUMMIT ADMINISTRATION SERVICES, INC. | E16: Professional | G16: Yes | H16: Yes | I16: Yes | J16: No | L16: C,R | N16: =C16 -> 86083 | O16: =A16 -> 1114
A17: 1115 | C17: 76031 | D17: NEW ERA EMPLOYEE WELFARE BENEFIT TRUST | E17: Professional | G17: Yes | H17: No | I17: No | J17: No | N17: =C17 -> 76031 | O17: =A17 -> 1115
A18: 1117 | C18: 45302 | D18: HEALTHPLUS MANAGED LONG TERM CARE | E18: Professional | G18: Yes | H18: No | I18: No | J18: No | N18: =C18 -> 45302 | O18: =A18 -> 1117
A19: 1118 | C19: 89890 | D19: KERN LEGACY HEALTH PLAN | E19: Professional | G19: Yes | H19: No | I19: No | J19: No | N19: =C19 -> 89890 | O19: =A19 -> 1118
A20: 1119 | C20: 14163 | D20: EASY CHOICE HEALTH PLAN OF CA | E20: Professional | G20: Yes | H20: No | I20: No | J20: No | N20: =C20 -> 14163 | O20: =A20 -> 1119
A21: 1120 | C21: CEC | D21: COMMUNITY EYE CARE | E21: Professional | G21: Yes | H21: No | I21: No | J21: No | N21: =C21 -> CEC | O21: =A21 -> 1120
A22: 1122 | C22: SAMG1 | D22: SOUTH ATLANTIC MEDICAL GROUP | E22: Professional | G22: Yes | H22: Yes | I22: No | J22: No | L22: R | N22: =C22 -> SAMG1 | O22: =A22 -> 1122
A23: 1123 | C23: SWPG1 | D23: SOUTHWEST PHYSICIANS GROUP LTD | E23: Professional | G23: Yes | H23: No | I23: No | J23: No | N23: =C23 -> SWPG1 | O23: =A23 -> 1123
A24: 1124 | C24: AAMG1 | D24: ALL AMERICAN MEDICAL GROUP | E24: Professional | G24: Yes | H24: Yes | I24: No | J24: No | L24: R | N24: =C24 -> AAMG1 | O24: =A24 -> 1124
A25: 1125 | C25: ECMSO | D25: ANGEL MEDICAL GROUP | E25: Professional | G25: Yes | H25: No | I25: No | J25: No | N25: =C25 -> ECMSO | O25: =A25 -> 1125
A26: 1125 | C26: ECMSO | D26: SOUTHERN CALIFORNIA CHILDRENS HEALTH CARE NETWORK | E26: Professional | G26: Yes | H26: No | I26: No | J26: No | N26: =C26 -> ECMSO | O26: =A26 -> 1125
A27: 1125 | C27: ECMSO | D27: EASY CARE MSO LLC | E27: Professional | G27: Yes | H27: No | I27: No | J27: No | N27: =C27 -> ECMSO | O27: =A27 -> 1125
A28: 1125 | C28: ECMSO | D28: UNITED PHYSICIANS INTERNATIONAL (UPI) | E28: Professional | G28: Yes | H28: No | I28: No | J28: No | N28: =C28 -> ECMSO | O28: =A28 -> 1125
A29: 1125 | C29: ECMSO | D29: BEVERLY HOSPITAL - IMPERIAL HEALTH HOLDINGS | E29: Professional | G29: Yes | H29: No | I29: No | J29: No | N29: =C29 -> ECMSO | O29: =A29 -> 1125
A30: 1125 | C30: ECMSO | D30: SUPERIOR CHOICE MEDICAL GROUP | E30: Professional | G30: Yes | H30: No | I30: No | J30: No | N30: =C30 -> ECMSO | O30: =A30 -> 1125
A31: 1126 | C31: WHLTH | D31: WILLOW HEALTH | E31: Professional | G31: Yes | H31: No | I31: No | J31: No | L31: C | N31: =C31 -> WHLTH | O31: =A31 -> 1126
A32: 1127 | C32: 11889 | D32: INSURANCE SYSTEMS, INC. | E32: Professional | G32: Yes | H32: No | I32: No | J32: No | N32: =C32 -> 11889 | O32: =A32 -> 1127
A33: 1128 | C33: 63240 | D33: ALTERNATIVE RISK MANAGEMENT (ARM, LTD) | E33: Professional | G33: Yes | H33: No | I33: No | J33: No | N33: =C33 -> 63240 | O33: =A33 -> 1128
A34: 1129 | C34: PCU01 | D34: POINT COMFORT UNDERWRITERS | E34: Professional | G34: Yes | H34: No | I34: No | J34: No | N34: =C34 -> PCU01 | O34: =A34 -> 1129
A35: 1131 | C35: 48123 | D35: VALIR PACE | E35: Professional | G35: Yes | H35: No | I35: No | J35: No | N35: =C35 -> 48123 | O35: =A35 -> 1131
A36: 1132 | C36: 56001 | D36: UCS (THE CITY OF EAST CHICAGO) | E36: Professional | G36: Yes | H36: No | I36: No | J36: No | N36: =C36 -> 56001 | O36: =A36 -> 1132
A37: 1133 | C37: 33070 | D37: CHIROMETRICS | E37: Professional | G37: Yes | H37: No | I37: No | J37: No | N37: =C37 -> 33070 | O37: =A37 -> 1133
A38: 1134 | C38: SNTMC | D38: SANTE COMMUNITY PHYSICIANS MEDICAL GROUP CORP | E38: Professional | G38: Yes | H38: No | I38: No | J38: No | N38: =C38 -> SNTMC | O38: =A38 -> 1134
A39: 1135 | C39: TRSEL | D39: SELMAN TRICARE SUPPLEMENT | E39: Professional | G39: Yes | H39: Yes | I39: No | J39: No | L39: R | N39: =C39 -> TRSEL | O39: =A39 -> 1135
A40: 1136 | C40: 91171 | D40: PHYSICIANS OF SOUTHWEST WASHINGTON | E40: Professional | G40: Yes | H40: Yes | I40: No | J40: No | L40: R | N40: =C40 -> 91171 | O40: =A40 -> 1136
A41: 1137 | C41: 6294 | D41: SOUTH FLORIDA MUSCULOSKELETAL CARE | E41: Professional | G41: Yes | H41: No | I41: No | J41: No | N41: =C41 -> 6294 | O41: =A41 -> 1137
A42: 1141 | C42: PROV1 | D42: PROVIDENCE CARE NETWORK | E42: Professional | G42: Yes | H42: No | I42: No | J42: No | N42: =C42 -> PROV1 | O42: =A42 -> 1141
A43: 1142 | C43: PCMSO | D43: PREMIER CARE IPA | E43: Professional | G43: Yes | H43: No | I43: No | J43: No | N43: =C43 -> PCMSO | O43: =A43 -> 1142
A44: 1145 | C44: RCHN1 | D44: RADY CHILDRENS HEALTH NETWORK | E44: Professional | G44: Yes | H44: No | I44: No | J44: No | N44: =C44 -> RCHN1 | O44: =A44 -> 1145
A45: 1145 | C45: RCHN1 | D45: PHYSICIANS MANAGEMENT GROUP | E45: Professional | G45: Yes | H45: No | I45: No | J45: No | N45: =C45 -> RCHN1 | O45: =A45 -> 1145
A46: 1145 | C46: RCHN1 | D46: CHILDRENS PHYSICIANS MEDICAL GROUP | E46: Professional | G46: Yes | H46: No | I46: No | J46: No | N46: =C46 -> RCHN1 | O46: =A46 -> 1145
A47: 1146 | C47: 97691 | D47: SILVER STAR PACE | E47: Professional | G47: Yes | H47: No | I47: No | J47: No | N47: =C47 -> 97691 | O47: =A47 -> 1146
A48: 1148 | C48: 74256 | D48: NORTH CAROLINA DEPARTMENT OF PUBLIC SAFETY | E48: Professional | G48: Yes | H48: No | I48: No | J48: No | L48: C | N48: =C48 -> 74256 | O48: =A48 -> 1148
A49: 1149 | C49: 251CC | D49: CHILDREN'S COMMUNITY HEALTH PLAN | E49: Professional | G49: Yes | H49: Yes | I49: No | J49: No | L49: R | N49: =C49 -> 251CC | O49: =A49 -> 1149
A50: 1150 | C50: 45114 | D50: PACE OF SOUTHWEST MICHIGAN | E50: Professional | G50: Yes | H50: No | I50: No | J50: No | N50: =C50 -> 45114 | O50: =A50 -> 1150
A51: 1153 | C51: LWMC1 | D51: LEISURE WORLD MANAGED CARE | E51: Professional | G51: Yes | H51: No | I51: No | J51: No | N51: =C51 -> LWMC1 | O51: =A51 -> 1153
A52: 1154 | C52: PA331 | D52: PAYER COMPASS | E52: Professional | G52: Yes | H52: No | I52: No | J52: No | N52: =C52 -> PA331 | O52: =A52 -> 1154
A53: 1155 | C53: CPNAV | D53: CHOICE PHYSICIANS NETWORK (ANTELOPE VALLEY MEDICAL | E53: Professional | G53: Yes | H53: No | I53: No | J53: No | N53: =C53 -> CPNAV | O53: =A53 -> 1155
A54: 1156 | C54: 64270 | D54: CORPORATE PLAN MANAGEMENT | E54: Professional | G54: Yes | H54: No | I54: No | J54: No | N54: =C54 -> 64270 | O54: =A54 -> 1156
A55: 1159 | C55: NSIPA | D55: NETWORK SOLUTIONS IPA | E55: Professional | G55: Yes | H55: No | I55: No | J55: No | N55: =C55 -> NSIPA | O55: =A55 -> 1159
A56: 1162 | C56: MP001 | D56: MEDPAY FIRST ONE | E56: Professional | G56: Yes | H56: No | I56: No | J56: No | N56: =C56 -> MP001 | O56: =A56 -> 1162
A57: 1168 | C57: 90210 | D57: KEMPTON GROUP ADMINISTRATORS (USC) | E57: Professional | G57: Yes | H57: No | I57: No | J57: No | N57: =C57 -> 90210 | O57: =A57 -> 1168
A58: 1170 | C58: 53534 | D58: PACE SOUTHWEST IOWA | E58: Professional | G58: Yes | H58: No | I58: No | J58: No | N58: =C58 -> 53534 | O58: =A58 -> 1170
A59: 1171 | C59: 72436 | D59: PACE CENTRAL IOWA | E59: Professional | G59: Yes | H59: No | I59: No | J59: No | N59: =C59 -> 72436 | O59: =A59 -> 1171
A60: 1172 | C60: 35416 | D60: PACE NEBRASKA | E60: Professional | G60: Yes | H60: No | I60: No | J60: No | N60: =C60 -> 35416 | O60: =A60 -> 1172
A61: 1173 | C61: CX045 | D61: NATIONAL ELEVATOR INDUSTRY BENEFIT PLAN (NEIB) | E61: Professional | G61: No | H61: Yes | I61: No | J61: No | L61: R | N61: =C61 -> CX045 | O61: =A61 -> 1173
A62: 1183 | C62: LA-DHH-MEDICAID | D62: LOUISIANA MEDICAID MEDICARE ADVANTAGE CROSSOVERS | E62: Professional | G62: Yes | H62: Yes | I62: No | J62: No | L62: C,R | N62: =C62 -> LA-DHH-MEDICAID | O62: =A62 -> 1183
A63: 1184 | C63: CX100 | D63: SOUTHWEST SERVICE ADMINISTRATORS, INC. | E63: Professional | G63: Yes | H63: No | I63: Yes | J63: No | N63: =C63 -> CX100 | O63: =A63 -> 1184
A64: 1186 | C64: 26097 | D64: ML HEALTHCARE | E64: Professional | G64: Yes | H64: No | I64: No | J64: No | N64: =C64 -> 26097 | O64: =A64 -> 1186
A65: 1188 | C65: CB457 | D65: WELLSPAN EMPLOYEE ASSISTANCE PROGRAM | E65: Professional | G65: Yes | H65: No | I65: No | J65: No | N65: =C65 -> CB457 | O65: =A65 -> 1188
A66: 1189 | C66: CB231 | D66: INDEPENDENCE AMERICAN INSURANCE COMPANY | E66: Professional | G66: Yes | H66: No | I66: No | J66: No | N66: =C66 -> CB231 | O66: =A66 -> 1189
A67: 1193 | C67: 30031 | D67: PHP TPA SERVICES | E67: Professional | G67: Yes | H67: Yes | I67: No | J67: No | L67: R | N67: =C67 -> 30031 | O67: =A67 -> 1193
A68: 1101 | B68: PRASI | C68: PAS01 | D68: PROVIDENCE ADMINISTRATIVE SERVICES | E68: Professional | G68: Yes | H68: Yes | I68: Yes | J68: No | K68: No | L68: R | N68: =C68 -> PAS01 | O68: =A68 -> 1101
A69: 1102 | C69: KGA15 | D69: KG ADMINISTRATIVE SERVICES | E69: Professional | G69: Yes | H69: No | I69: No | J69: No | K69: No | N69: =C69 -> KGA15 | O69: =A69 -> 1102
A70: 1103 | C70: 35115 | D70: INTOTAL HEALTH | E70: Professional | G70: Yes | H70: No | I70: No | J70: No | K70: No | N70: =C70 -> 35115 | O70: =A70 -> 1103
A71: 1104 | C71: 61115 | D71: HUMANA LONG TERM CARE | E71: Professional | G71: Yes | H71: Yes | I71: No | J71: No | K71: No | L71: R | N71: =C71 -> 61115 | O71: =A71 -> 1104
A72: 1105 | C72: RP034 | D72: HALCYON BEHAVIORAL HEALTH | E72: Professional | G72: Yes | H72: No | I72: No | J72: No | K72: No | N72: =C72 -> RP034 | O72: =A72 -> 1105
A73: 1106 | C73: 95271 | D73: PINNACLE MEDICAL GROUP | E73: Professional | G73: Yes | H73: Yes | I73: No | J73: No | K73: No | L73: R | N73: =C73 -> 95271 | O73: =A73 -> 1106
A74: 1107 | C74: MPM26 | D74: INTEGRATED HEALTH PARTNERS (IHP) | E74: Professional | G74: Yes | H74: No | I74: No | J74: No | K74: No | N74: =C74 -> MPM26 | O74: =A74 -> 1107
A75: 1108 | C75: 76079 | D75: MIDWEST HEALTH PARTNERS | E75: Professional | G75: Yes | H75: No | I75: No | J75: No | K75: No | N75: =C75 -> 76079 | O75: =A75 -> 1108
A76: 1109 | C76: MP340 | D76: THREE RIVERS PREFERRED | E76: Professional | G76: Yes | H76: No | I76: No | J76: No | K76: No | N76: =C76 -> MP340 | O76: =A76 -> 1109
A77: 1110 | C77: 99660 | D77: INNOVATIVE INTEGRATED HEALTH | E77: Professional | G77: Yes | H77: No | I77: No | J77: No | K77: No | N77: =C77 -> 99660 | O77: =A77 -> 1110
A78: 1110 | C78: 99660 | D78: FRESNO PACE | E78: Professional | G78: Yes | H78: No | I78: No | J78: No | K78: No | N78: =C78 -> 99660 | O78: =A78 -> 1110
A79: 1111 | C79: 14966 | D79: PARTNERS HEALTH PLAN | E79: Professional | G79: Yes | H79: No | I79: Yes | J79: No | K79: No | N79: =C79 -> 14966 | O79: =A79 -> 1111
A80: 1112 | C80: 53226 | D80: PENN BEHAVIORAL HEALTH | E80: Professional | G80: Yes | H80: No | I80: No | J80: No | K80: No | N80: =C80 -> 53226 | O80: =A80 -> 1112
A81: 1113 | C81: EC999 | D81: EXCLUSIVE CARE - COUNTY OF RIVERSIDE | E81: Professional | G81: Yes | H81: No | I81: No | J81: No | K81: No | L81: C | N81: =C81 -> EC999 | O81: =A81 -> 1113
A82: 1113 | C82: EC999 | D82: EXCLUSIVE CARE | E82: Professional | G82: Yes | H82: No | I82: No | J82: No | K82: No | L82: C | N82: =C82 -> EC999 | O82: =A82 -> 1113
A83: 1114 | C83: 86083 | D83: SUMMIT ADMINISTRATION SERVICES, INC. | E83: Professional | G83: Yes | H83: Yes | I83: Yes | J83: No | K83: No | L83: C,R | N83: =C83 -> 86083 | O83: =A83 -> 1114
A84: 1115 | C84: 76031 | D84: NEW ERA EMPLOYEE WELFARE BENEFIT TRUST | E84: Professional | G84: Yes | H84: No | I84: No | J84: No | K84: No | N84: =C84 -> 76031 | O84: =A84 -> 1115
A85: 1117 | C85: 45302 | D85: HEALTHPLUS MANAGED LONG TERM CARE | E85: Professional | G85: Yes | H85: No | I85: No | J85: No | K85: No | N85: =C85 -> 45302 | O85: =A85 -> 1117
A86: 1118 | C86: 89890 | D86: KERN LEGACY HEALTH PLAN | E86: Professional | G86: Yes | H86: No | I86: No | J86: No | K86: No | N86: =C86 -> 89890 | O86: =A86 -> 1118
A87: 1119 | C87: 14163 | D87: EASY CHOICE HEALTH PLAN OF CA | E87: Professional | G87: Yes | H87: No | I87: No | J87: No | K87: No | N87: =C87 -> 14163 | O87: =A87 -> 1119
A88: 1120 | C88: CEC | D88: COMMUNITY EYE CARE | E88: Professional | G88: Yes | H88: No | I88: No | J88: No | K88: No | N88: =C88 -> CEC | O88: =A88 -> 1120
A89: 1122 | C89: SAMG1 | D89: SOUTH ATLANTIC MEDICAL GROUP | E89: Professional | G89: Yes | H89: Yes | I89: No | J89: No | K89: No | L89: R | N89: =C89 -> SAMG1 | O89: =A89 -> 1122
A90: 1123 | C90: SWPG1 | D90: SOUTHWEST PHYSICIANS GROUP LTD | E90: Professional | G90: Yes | H90: No | I90: No | J90: No | K90: No | N90: =C90 -> SWPG1 | O90: =A90 -> 1123
A91: 1124 | C91: AAMG1 | D91: ALL AMERICAN MEDICAL GROUP | E91: Professional | G91: Yes | H91: Yes | I91: No | J91: No | K91: No | L91: R | N91: =C91 -> AAMG1 | O91: =A91 -> 1124
A92: 1125 | C92: ECMSO | D92: ANGEL MEDICAL GROUP | E92: Professional | G92: Yes | H92: No | I92: No | J92: No | K92: No | N92: =C92 -> ECMSO | O92: =A92 -> 1125
A93: 1125 | C93: ECMSO | D93: EASY CARE MSO LLC | E93: Professional | G93: Yes | H93: No | I93: No | J93: No | K93: No | N93: =C93 -> ECMSO | O93: =A93 -> 1125
A94: 1125 | C94: ECMSO | D94: BEVERLY HOSPITAL - IMPERIAL HEALTH HOLDINGS | E94: Professional | G94: Yes | H94: No | I94: No | J94: No | K94: No | N94: =C94 -> ECMSO | O94: =A94 -> 1125
A95: 1125 | C95: ECMSO | D95: UNITED PHYSICIANS INTERNATIONAL (UPI) | E95: Professional | G95: Yes | H95: No | I95: No | J95: No | K95: No | N95: =C95 -> ECMSO | O95: =A95 -> 1125
A96: 1125 | C96: ECMSO | D96: SUPERIOR CHOICE MEDICAL GROUP | E96: Professional | G96: Yes | H96: No | I96: No | J96: No | K96: No | N96: =C96 -> ECMSO | O96: =A96 -> 1125
A97: 1125 | C97: ECMSO | D97: SOUTHERN CALIFORNIA CHILDRENS HEALTH CARE NETWORK | E97: Professional | G97: Yes | H97: No | I97: No | J97: No | K97: No | N97: =C97 -> ECMSO | O97: =A97 -> 1125
A98: 1126 | C98: WHLTH | D98: WILLOW HEALTH | E98: Professional | G98: Yes | H98: No | I98: No | J98: No | K98: No | N98: =C98 -> WHLTH | O98: =A98 -> 1126
A99: 1127 | C99: 11889 | D99: INSURANCE SYSTEMS, INC. | E99: Professional | G99: Yes | H99: No | I99: No | J99: No | K99: No | N99: =C99 -> 11889 | O99: =A99 -> 1127
A100: 1128 | C100: 63240 | D100: ALTERNATIVE RISK MANAGEMENT (ARM, LTD) | E100: Professional | G100: Yes | H100: No | I100: No | J100: No | K100: No | N100: =C100 -> 63240 | O100: =A100 -> 1128
...

Sheet Relay INST 10.12.2023
A1: CPID | B1: Eligibility RealtimePayer ID | C1: Payer ID | D1: Payer Name | E1: Claim Type | F1: State | G1: Claims | H1: Remittance | I1: Eligibility | J1: ClaimStatus | K1: Attachment | L1: Enrollment Required
A2: 1000 | C2: SVIPA | D2: SEAVIEW IPA | E2: Institutional | G2: Yes | H2: Yes | I2: No | J2: No | K2: No | L2: R | N2: =C2 -> SVIPA | O2: =A2 -> 1000
A3: 1000 | C3: SVIPA | D3: OJAI VALLEY COMMUNITY MEDICAL GROUP\t | E3: Institutional | G3: Yes | H3: Yes | I3: No | J3: No | K3: No | L3: R | N3: =C3 -> SVIPA | O3: =A3 -> 1000
A4: 1002 | C4: 00010BC | D4: ALABAMA BLUE CROSS MEDICARE ADVANTAGE | E4: Institutional | G4: Yes | H4: No | I4: No | J4: No | K4: No | N4: =C4 -> 00010BC | O4: =A4 -> 1002
A5: 1003 | C5: VAPRM | D5: VIRGINIA PREMIER ELITE | E5: Institutional | G5: Yes | H5: Yes | I5: No | J5: No | K5: No | L5: C,R | N5: =C5 -> VAPRM | O5: =A5 -> 1003
A6: 1003 | C6: VAPRM | D6: VIRGINIA PREMIER COMPLETE CARE | E6: Institutional | G6: Yes | H6: Yes | I6: No | J6: No | K6: No | L6: C,R | N6: =C6 -> VAPRM | O6: =A6 -> 1003
A7: 1003 | C7: VAPRM | D7: VIRGINIA PREMIER ELITE PLUS (MLTSS) | E7: Institutional | G7: Yes | H7: Yes | I7: No | J7: No | K7: No | L7: C,R | N7: =C7 -> VAPRM | O7: =A7 -> 1003
A8: 1003 | C8: VAPRM | D8: VIRGINIA PREMIER HEALTH PLANS | E8: Institutional | G8: Yes | H8: Yes | I8: No | J8: No | K8: No | L8: C,R | N8: =C8 -> VAPRM | O8: =A8 -> 1003
A9: 1003 | C9: VAPRM | D9: VIRGINIA PREMIER MEDICARE ADVANTAGE (MAPD) | E9: Institutional | G9: Yes | H9: Yes | I9: No | J9: No | K9: No | L9: C,R | N9: =C9 -> VAPRM | O9: =A9 -> 1003
A10: 1003 | C10: VAPRM | D10: VIRGINIA PREMIER MEDALLION 3 | E10: Institutional | G10: Yes | H10: Yes | I10: No | J10: No | K10: No | L10: C,R | N10: =C10 -> VAPRM | O10: =A10 -> 1003
A11: 1003 | C11: VAPRM | D11: VIRGINIA PREMIER MEDALLION 4 | E11: Institutional | G11: Yes | H11: Yes | I11: No | J11: No | K11: No | L11: C,R | N11: =C11 -> VAPRM | O11: =A11 -> 1003
A12: 1005 | C12: MPM39 | D12: ALVARADO IPA | E12: Institutional | G12: Yes | H12: No | I12: No | J12: No | K12: No | N12: =C12 -> MPM39 | O12: =A12 -> 1005
A13: 1007 | C13: 23626 | D13: CENTRAL PENNSYLVANIA TEAMSTERS FUND | E13: Institutional | G13: Yes | H13: Yes | I13: No | J13: No | K13: No | L13: R | N13: =C13 -> 23626 | O13: =A13 -> 1007
A14: 1008 | C14: MWELT | D14: DIST 9 INTL ASSOC MACH & AERO WORKERS WEL & PEN | E14: Institutional | G14: No | H14: Yes | I14: No | J14: No | K14: No | L14: R | N14: =C14 -> MWELT | O14: =A14 -> 1008
A15: 1009 | C15: 21524 | D15: PREFERRED MEDICAL CLAIMS SERVICES | E15: Institutional | G15: No | H15: Yes | I15: No | J15: No | K15: No | L15: R | N15: =C15 -> 21524 | O15: =A15 -> 1009
A16: 1010 | C16: 13788 | D16: ASSOCIATED ADMINISTRATORS, LLC. | E16: Institutional | G16: No | H16: Yes | I16: No | J16: No | K16: No | L16: R | N16: =C16 -> 13788 | O16: =A16 -> 1010
A17: 1014 | C17: TRP1E | D17: TRANSAMERICA LIFE INSURANCE COMPANY IA, MD, PA | E17: Institutional | G17: Yes | H17: Yes | I17: No | J17: No | K17: No | L17: R | N17: =C17 -> TRP1E | O17: =A17 -> 1014
A18: 1016 | C18: 11346 | D18: CARECENTRIX CIGNA | E18: Institutional | G18: Yes | H18: No | I18: No | J18: No | K18: No | N18: =C18 -> 11346 | O18: =A18 -> 1016
A19: 1017 | C19: 11348 | D19: CARECENTRIX HORIZON | E19: Institutional | G19: Yes | H19: No | I19: No | J19: No | K19: No | N19: =C19 -> 11348 | O19: =A19 -> 1017
A20: 1019 | C20: 33373 | D20: MOLINA HEALTHCARE OF CALIFORNIA (ENCOUNTERS ONLY) | E20: Institutional | G20: Yes | H20: No | I20: No | J20: No | K20: No | N20: =C20 -> 33373 | O20: =A20 -> 1019
A21: 1020 | C21: 95937 | D21: WPS OPTUM HEALTH | E21: Institutional | G21: Yes | H21: No | I21: No | J21: No | K21: No | N21: =C21 -> 95937 | O21: =A21 -> 1020
A22: 1023 | C22: 88250 | D22: HEALTHTEAM ADVANTAGE | E22: Institutional | G22: Yes | H22: Yes | I22: Yes | J22: No | K22: No | L22: R | N22: =C22 -> 88250 | O22: =A22 -> 1023
A23: 1024 | C23: LCM10 | D23: LITTLE COMPANY OF MARY HEALTH PROVIDERS | E23: Institutional | G23: Yes | H23: Yes | I23: No | J23: No | K23: No | L23: R | N23: =C23 -> LCM10 | O23: =A23 -> 1024
A24: 1025 | C24: 55544 | D24: CONVERSION PLAN - APWU | E24: Institutional | G24: Yes | H24: No | I24: No | J24: No | K24: No | N24: =C24 -> 55544 | O24: =A24 -> 1025
A25: 1026 | C25: 36397 | D25: TRELLIS HEALTH PARTNERS | E25: Institutional | G25: Yes | H25: No | I25: No | J25: No | K25: No | N25: =C25 -> 36397 | O25: =A25 -> 1026
A26: 1027 | C26: 31125 | D26: AMERICAN HEALTH ADVANTAGE OF OKLAHOMA | E26: Institutional | G26: Yes | H26: Yes | I26: No | J26: No | K26: No | L26: R | N26: =C26 -> 31125 | O26: =A26 -> 1027
A27: 1029 | C27: 37136 | D27: PHYSICIANS HEALTH ASSOCIATES / MIDLAND MGMT | E27: Institutional | G27: Yes | H27: No | I27: No | J27: No | K27: No | N27: =C27 -> 37136 | O27: =A27 -> 1029
A28: 1030 | C28: 30360 | D28: INDIVIDUAL ASSURANCE COMPANY | E28: Institutional | G28: Yes | H28: Yes | I28: Yes | J28: No | K28: No | L28: R | N28: =C28 -> 30360 | O28: =A28 -> 1030
A29: 1036 | C29: COCHA | D29: COLORADO COMMUNITY HEALTH ALLIANCE | E29: Institutional | G29: Yes | H29: Yes | I29: No | J29: No | K29: No | L29: R | N29: =C29 -> COCHA | O29: =A29 -> 1036
A30: 1037 | C30: 71498 | D30: LIFECIRCLES PACE | E30: Institutional | G30: Yes | H30: Yes | I30: No | J30: No | K30: No | L30: R | N30: =C30 -> 71498 | O30: =A30 -> 1037
A31: 1039 | C31: 81600 | D31: SOUTH COUNTRY HEALTH ALLIANCE | E31: Institutional | G31: Yes | H31: Yes | I31: Yes | J31: No | K31: No | L31: R | N31: =C31 -> 81600 | O31: =A31 -> 1039
A32: 1040 | C32: 72091 | D32: INSURANCE MANAGEMENT ADMINISTRATORS | E32: Institutional | G32: Yes | H32: No | I32: Yes | J32: No | K32: No | N32: =C32 -> 72091 | O32: =A32 -> 1040
A33: 1041 | C33: 85664 | D33: GMR HEALTH | E33: Institutional | G33: Yes | H33: No | I33: No | J33: No | K33: No | N33: =C33 -> 85664 | O33: =A33 -> 1041
A34: 1042 | C34: 93658 | D34: ALLIANCE COAL HEALTH PLAN | E34: Institutional | G34: Yes | H34: Yes | I34: No | J34: No | K34: No | L34: R | N34: =C34 -> 93658 | O34: =A34 -> 1042
A35: 1043 | C35: 68063 | D35: CELTIC INSURANCE | E35: Institutional | G35: Yes | H35: Yes | I35: No | J35: No | K35: No | L35: R | N35: =C35 -> 68063 | O35: =A35 -> 1043
A36: 1044 | C36: UC001 | D36: BRAND NEW DAY | E36: Institutional | G36: Yes | H36: No | I36: Yes | J36: No | K36: No | N36: =C36 -> UC001 | O36: =A36 -> 1044
A37: 1047 | C37: 20572 | D37: MSA CAREGUARD | E37: Institutional | G37: Yes | H37: No | I37: No | J37: No | K37: No | N37: =C37 -> 20572 | O37: =A37 -> 1047
A38: 1048 | C38: 30862 | D38: HERITAGE VICTOR VALLEY MEDICAL GROUP | E38: Institutional | G38: Yes | H38: No | I38: No | J38: No | K38: No | N38: =C38 -> 30862 | O38: =A38 -> 1048
A39: 1049 | C39: OSFC9 | D39: OSF HEALTHCARE CENTRAL | E39: Institutional | G39: Yes | H39: No | I39: No | J39: No | K39: No | N39: =C39 -> OSFC9 | O39: =A39 -> 1049
A40: 1050 | C40: 37050 | D40: MENTAL HEALTH CONSULTANTS INC. | E40: Institutional | G40: Yes | H40: No | I40: No | J40: No | K40: No | N40: =C40 -> 37050 | O40: =A40 -> 1050
A41: 1052 | C41: 95167 | D41: CEDARS SINAI MEDICAL ENCOUNTER | E41: Institutional | G41: Yes | H41: No | I41: No | J41: No | K41: No | N41: =C41 -> 95167 | O41: =A41 -> 1052
A42: 1053 | C42: 77010 | D42: MOLINA HEALTHCARE OF MISSISSIPPI | E42: Institutional | G42: Yes | H42: Yes | I42: No | J42: Yes | K42: No | L42: R | N42: =C42 -> 77010 | O42: =A42 -> 1053
A43: 1057 | C43: MPM19 | D43: LACH HEALTHNET BY MEDPOINT | E43: Institutional | G43: Yes | H43: No | I43: No | J43: No | K43: No | N43: =C43 -> MPM19 | O43: =A43 -> 1057
A44: 1058 | C44: 60818 | D44: FENIX MEDICAL GROUP | E44: Institutional | G44: Yes | H44: No | I44: No | J44: No | K44: No | N44: =C44 -> 60818 | O44: =A44 -> 1058
A45: 1059 | C45: MPM30 | D45: ST. FRANCIS - HCLA BY MEDPOINT | E45: Institutional | G45: Yes | H45: No | I45: No | J45: No | K45: No | N45: =C45 -> MPM30 | O45: =A45 -> 1059
A46: 1060 | C46: MPM20 | D46: SOUTHERN CA HEALTHCARE SYSTEM ALTA POD BY MEDPOINT | E46: Institutional | G46: Yes | H46: No | I46: No | J46: No | K46: No | N46: =C46 -> MPM20 | O46: =A46 -> 1060
A47: 1061 | C47: MPM33 | D47: ADVENTIST WHITE MEMORIAL-CROWN CITY MEDICAL GROUP | E47: Institutional | G47: Yes | H47: No | I47: No | J47: No | K47: No | N47: =C47 -> MPM33 | O47: =A47 -> 1061
A48: 1062 | C48: 77946 | D48: YAMHILL COUNTY CCO (PHYSICAL HEALTH) | E48: Institutional | G48: Yes | H48: Yes | I48: No | J48: No | K48: No | L48: R | N48: =C48 -> 77946 | O48: =A48 -> 1062
A49: 1063 | C49: UCMAP | D49: MEDIVIEW TRAVIS COUNTY MAP | E49: Institutional | G49: Yes | H49: Yes | I49: No | J49: No | K49: No | L49: R | N49: =C49 -> UCMAP | O49: =A49 -> 1063
A50: 1065 | C50: 61184 | D50: SUPERIOR SELECT HEALTH PLAN | E50: Institutional | G50: Yes | H50: No | I50: No | J50: No | K50: No | N50: =C50 -> 61184 | O50: =A50 -> 1065
A51: 1066 | C51: ICRCL | D51: ICIRCLE CARE OF NEW YORK | E51: Institutional | G51: Yes | H51: Yes | I51: No | J51: No | K51: No | L51: R | N51: =C51 -> ICRCL | O51: =A51 -> 1066
A52: 1068 | C52: E3287 | D52: OPTUMCARE NETWORK OF CONNECTICUT | E52: Institutional | G52: Yes | H52: Yes | I52: No | J52: No | K52: No | L52: R | N52: =C52 -> E3287 | O52: =A52 -> 1068
A53: 1069 | C53: 44423 | D53: ALEXIAN BROTHERS COMMUNITY SERVICES OF TENNESSEE | E53: Institutional | G53: Yes | H53: Yes | I53: No | J53: No | K53: No | L53: R | N53: =C53 -> 44423 | O53: =A53 -> 1069
A54: 1071 | C54: 3964 | D54: ELDERWOOD HEALTH | E54: Institutional | G54: Yes | H54: No | I54: No | J54: No | K54: No | N54: =C54 -> 3964 | O54: =A54 -> 1071
A55: 1072 | C55: OSFE9 | D55: OSF HEALTHCARE EAST | E55: Institutional | G55: Yes | H55: No | I55: No | J55: No | K55: No | N55: =C55 -> OSFE9 | O55: =A55 -> 1072
A56: 1077 | C56: UV440 | D56: IDEALCARE | E56: Institutional | G56: Yes | H56: Yes | I56: No | J56: No | K56: No | L56: R | N56: =C56 -> UV440 | O56: =A56 -> 1077
A57: 1083 | C57: TRTLC | D57: TRANSAMERICA LIFE INSURANCE COMPANY - PLANO AND HU | E57: Institutional | F57: TX | G57: Yes | H57: Yes | I57: No | J57: No | K57: No | L57: R | N57: =C57 -> TRTLC | O57: =A57 -> 1083
A58: 1087 | C58: SH777 | D58: SOLIDARITY HEALTHSHARE | E58: Institutional | F58: OH | G58: Yes | H58: Yes | I58: No | J58: No | K58: No | L58: R | N58: =C58 -> SH777 | O58: =A58 -> 1087
A59: 1088 | C59: 60221 | D59: EMPLOYEE BENEFIT SERVICES, INC. (EBSI) | E59: Institutional | G59: Yes | H59: Yes | I59: No | J59: No | K59: No | L59: R | N59: =C59 -> 60221 | O59: =A59 -> 1088
A60: 1089 | C60: PROGY | D60: PROGYNY | E60: Institutional | G60: Yes | H60: No | I60: No | J60: No | K60: No | N60: =C60 -> PROGY | O60: =A60 -> 1089
A61: 1091 | C61: 11789 | D61: SGIC | E61: Institutional | G61: Yes | H61: No | I61: No | J61: No | K61: No | N61: =C61 -> 11789 | O61: =A61 -> 1091
A62: 1092 | C62: CB951 | D62: GROUP BENEFIT SERVICES - MARYLAND | E62: Institutional | G62: Yes | H62: No | I62: No | J62: No | K62: No | N62: =C62 -> CB951 | O62: =A62 -> 1092
A63: 1094 | C63: UTMBU | D63: UTMB CORRECTIONAL MANAGED CARE | E63: Institutional | G63: Yes | H63: Yes | I63: No | J63: No | K63: No | L63: R | N63: =C63 -> UTMBU | O63: =A63 -> 1094
A64: 1097 | C64: 40043 | D64: FIRE DEPARTMENT CITY OF NEW YORK | E64: Institutional | G64: Yes | H64: No | I64: No | J64: No | K64: No | N64: =C64 -> 40043 | O64: =A64 -> 1097
A65: 1099 | C65: FLCCR | D65: FLORIDA COMMUNITY CARE | E65: Institutional | G65: Yes | H65: Yes | I65: Yes | J65: No | K65: No | L65: R | N65: =C65 -> FLCCR | O65: =A65 -> 1099
A66: 1504 | C66: 56001 | D66: UCS (THE CITY OF EAST CHICAGO) | E66: Institutional | G66: Yes | H66: No | I66: No | J66: No | K66: No | N66: =C66 -> 56001 | O66: =A66 -> 1504
A67: 1505 | C67: 6001 | D67: FEDERALLY QUALIFIED HEALTHCARE CLINICS | E67: Institutional | G67: Yes | H67: Yes | I67: No | J67: Yes | K67: Yes | L67: C,R,CS | N67: =C67 -> 6001 | O67: =A67 -> 1505
A68: 1511 | C68: 33070 | D68: CHIROMETRICS | E68: Institutional | G68: Yes | H68: No | I68: No | J68: No | K68: No | N68: =C68 -> 33070 | O68: =A68 -> 1511
A69: 1515 | C69: IHS14 | D69: ASSERTA HEALTH | E69: Institutional | G69: Yes | H69: No | I69: No | J69: No | K69: No | N69: =C69 -> IHS14 | O69: =A69 -> 1515
A70: 1516 | C70: 37105 | D70: SAGE TECHNOLOGIES | E70: Institutional | G70: Yes | H70: Yes | I70: No | J70: No | K70: No | L70: R | N70: =C70 -> 37105 | O70: =A70 -> 1516
A71: 1516 | C71: 37105 | D71: UNIFIED PHYSICIANS NETWORK DOS AFTER 12/31/2021 | E71: Institutional | G71: Yes | H71: Yes | I71: No | J71: No | K71: No | L71: R | N71: =C71 -> 37105 | O71: =A71 -> 1516
A72: 1516 | C72: 37105 | D72: ARCADIA HEALTHCARE SOLUTIONS | E72: Institutional | G72: Yes | H72: Yes | I72: No | J72: No | K72: No | L72: R | N72: =C72 -> 37105 | O72: =A72 -> 1516
A73: 1516 | C73: 37105 | D73: PROGRESS HEALTH HMO | E73: Institutional | G73: Yes | H73: Yes | I73: No | J73: No | K73: No | L73: R | N73: =C73 -> 37105 | O73: =A73 -> 1516
A74: 1517 | C74: 75250 | D74: HEALTHSMART PREFERRED CARE, INC. | E74: Institutional | G74: Yes | H74: No | I74: No | J74: No | K74: No | N74: =C74 -> 75250 | O74: =A74 -> 1517
A75: 1518 | C75: 990040115 | D75: HAWAII BLUE CROSS | E75: Institutional | F75: HI | G75: Yes | H75: Yes | I75: No | J75: Yes | K75: No | L75: C,R,CS | N75: =C75 -> 990040115 | O75: =A75 -> 1518
A76: 1518 | C76: 990040115 | D76: AKAMAI ADVANTAGE (MEDICARE ADVANTAGE PLAN) | E76: Institutional | F76: HI | G76: Yes | H76: Yes | I76: No | J76: Yes | K76: No | L76: C,R,CS | N76: =C76 -> 990040115 | O76: =A76 -> 1518
A77: 1524 | C77: IHS15 | D77: YUZU HEALTH | E77: Institutional | G77: Yes | H77: No | I77: No | J77: No | K77: No | N77: =C77 -> IHS15 | O77: =A77 -> 1524
A78: 1537 | C78: SNTMC | D78: SANTE COMMUNITY PHYSICIANS MEDICAL GROUP CORP | E78: Institutional | G78: Yes | H78: No | I78: No | J78: No | K78: No | N78: =C78 -> SNTMC | O78: =A78 -> 1537
A79: 1538 | C79: TRSEL | D79: SELMAN TRICARE SUPPLEMENT | E79: Institutional | G79: Yes | H79: Yes | I79: No | J79: No | K79: No | L79: R | N79: =C79 -> TRSEL | O79: =A79 -> 1538
A80: 1539 | C80: 6294 | D80: SOUTH FLORIDA MUSCULOSKELETAL CARE | E80: Institutional | G80: Yes | H80: No | I80: No | J80: No | K80: No | N80: =C80 -> 6294 | O80: =A80 -> 1539
A81: 1550 | C81: SAMG1 | D81: SOUTH ATLANTIC MEDICAL GROUP | E81: Institutional | G81: Yes | H81: Yes | I81: No | J81: No | K81: No | L81: R | N81: =C81 -> SAMG1 | O81: =A81 -> 1550
A82: 1551 | C82: PROV1 | D82: PROVIDENCE CARE NETWORK | E82: Institutional | G82: Yes | H82: No | I82: No | J82: No | K82: No | N82: =C82 -> PROV1 | O82: =A82 -> 1551
A83: 1554 | C83: SWPG1 | D83: SOUTHWEST PHYSICIANS GROUP LTD | E83: Institutional | G83: Yes | H83: No | I83: No | J83: No | K83: No | N83: =C83 -> SWPG1 | O83: =A83 -> 1554
A84: 1555 | C84: 990040115 | D84: HAWAII QUEST | E84: Institutional | G84: Yes | H84: Yes | I84: No | J84: Yes | K84: No | L84: C,R | N84: =C84 -> 990040115 | O84: =A84 -> 1555
A85: 1561 | C85: RCHN1 | D85: CHILDRENS PHYSICIANS MEDICAL GROUP | E85: Institutional | G85: Yes | H85: No | I85: No | J85: No | K85: No | N85: =C85 -> RCHN1 | O85: =A85 -> 1561
A86: 1561 | C86: RCHN1 | D86: PHYSICIANS MANAGEMENT GROUP | E86: Institutional | G86: Yes | H86: No | I86: No | J86: No | K86: No | N86: =C86 -> RCHN1 | O86: =A86 -> 1561
A87: 1561 | C87: RCHN1 | D87: RADY CHILDRENS HEALTH NETWORK | E87: Institutional | G87: Yes | H87: No | I87: No | J87: No | K87: No | N87: =C87 -> RCHN1 | O87: =A87 -> 1561
A88: 1564 | C88: 46 | D88: HILL PHYSICIANS MEDICAL GROUP | E88: Institutional | G88: Yes | H88: Yes | I88: No | J88: No | K88: No | L88: R | N88: =C88 -> 46 | O88: =A88 -> 1564
A89: 1571 | C89: 97691 | D89: SILVER STAR PACE | E89: Institutional | G89: Yes | H89: No | I89: No | J89: No | K89: No | N89: =C89 -> 97691 | O89: =A89 -> 1571
A90: 1572 | C90: AAMG1 | D90: ALL AMERICAN MEDICAL GROUP | E90: Institutional | G90: Yes | H90: Yes | I90: No | J90: No | K90: No | L90: R | N90: =C90 -> AAMG1 | O90: =A90 -> 1572
A91: 1574 | C91: ECMSO | D91: BEVERLY HOSPITAL - IMPERIAL HEALTH HOLDINGS | E91: Institutional | G91: Yes | H91: No | I91: No | J91: No | K91: No | N91: =C91 -> ECMSO | O91: =A91 -> 1574
A92: 1574 | C92: ECMSO | D92: UNITED PHYSICIANS INTERNATIONAL (UPI) | E92: Institutional | G92: Yes | H92: No | I92: No | J92: No | K92: No | N92: =C92 -> ECMSO | O92: =A92 -> 1574
A93: 1574 | C93: ECMSO | D93: ANGEL MEDICAL GROUP | E93: Institutional | G93: Yes | H93: No | I93: No | J93: No | K93: No | N93: =C93 -> ECMSO | O93: =A93 -> 1574
A94: 1574 | C94: ECMSO | D94: SUPERIOR CHOICE MEDICAL GROUP | E94: Institutional | G94: Yes | H94: No | I94: No | J94: No | K94: No | N94: =C94 -> ECMSO | O94: =A94 -> 1574
A95: 1574 | C95: ECMSO | D95: EASY CARE MSO LLC | E95: Institutional | G95: Yes | H95: No | I95: No | J95: No | K95: No | N95: =C95 -> ECMSO | O95: =A95 -> 1574
A96: 1574 | C96: ECMSO | D96: SOUTHERN CALIFORNIA CHILDRENS HEALTH CARE NETWORK | E96: Institutional | G96: Yes | H96: No | I96: No | J96: No | K96: No | N96: =C96 -> ECMSO | O96: =A96 -> 1574
A97: 1580 | C97: 74256 | D97: NORTH CAROLINA DEPARTMENT OF PUBLIC SAFETY | E97: Institutional | G97: Yes | H97: No | I97: No | J97: No | K97: No | L97: C | N97: =C97 -> 74256 | O97: =A97 -> 1580
A98: 1581 | C98: 251CC | D98: CHILDREN'S COMMUNITY HEALTH PLAN | E98: Institutional | G98: Yes | H98: Yes | I98: No | J98: No | K98: No | L98: R | N98: =C98 -> 251CC | O98: =A98 -> 1581
A99: 1586 | C99: 45114 | D99: PACE OF SOUTHWEST MICHIGAN | E99: Institutional | G99: Yes | H99: No | I99: No | J99: No | K99: No | N99: =C99 -> 45114 | O99: =A99 -> 1586
A100: 1594 | C100: MAI58 | D100: VITALCORE MILLETTE | E100: Institutional | G100: Yes | H100: No | I100: No | J100: No | K100: No | N100: =C100 -> MAI58 | O100: =A100 -> 1594
...
